Workbook

Sheet 封面与目录
B1: 游戏赛季通行证系统设计案 | C1: 游戏赛季通行证系统设计案 | D1: 游戏赛季通行证系统设计案 | E1: 游戏赛季通行证系统设计案 | F1: 游戏赛季通行证系统设计案 | G1: 游戏赛季通行证系统设计案 | H1: 游戏赛季通行证系统设计案 | I1: 游戏赛季通行证系统设计案 | J1: 游戏赛季通行证系统设计案 | K1: 游戏赛季通行证系统设计案 | L1: 游戏赛季通行证系统设计案
B2: 系统策划作品 2026-10-06 | C2: 系统策划作品 / V8.0 / 2026-10-06 | D2: 系统策划作品 / V8.0 / 2026-10-06 | E2: 系统策划作品 / V8.0 / 2026-10-06 | F2: 系统策划作品 / V8.0 / 2026-10-06 | G2: 系统策划作品 / V8.0 / 2026-10-06 | H2: 系统策划作品 / V8.0 / 2026-10-06 | I2: 系统策划作品 / V8.0 / 2026-10-06 | J2: 系统策划作品 / V8.0 / 2026-10-06 | K2: 系统策划作品 / V8.0 / 2026-10-06 | L2: 系统策划作品 / V8.0 / 2026-10-06
B24: 完整主界面白模 | C24: 完整主界面白模 | D24: 完整主界面白模 | E24: 完整主界面白模 | F24: 完整主界面白模 | G24: 完整主界面白模 | H24: 完整主界面白模 | I24: 完整主界面白模 | J24: 完整主界面白模 | K24: 完整主界面白模 | L24: 完整主界面白模
B25: 面向短时参与的赛季成长系统。以白模呈现页面和操作关系，结合参与画像说明数值节奏、奖励层次与设计取舍。 | C25: 面向短时参与的赛季成长系统。以白模呈现页面和操作关系，结合参与画像说明数值节奏、奖励层次与设计取舍。 | D25: 面向短时参与的赛季成长系统。以白模呈现页面和操作关系，结合参与画像说明数值节奏、奖励层次与设计取舍。 | E25: 面向短时参与的赛季成长系统。以白模呈现页面和操作关系，结合参与画像说明数值节奏、奖励层次与设计取舍。 | F25: 面向短时参与的赛季成长系统。以白模呈现页面和操作关系，结合参与画像说明数值节奏、奖励层次与设计取舍。 | G25: 面向短时参与的赛季成长系统。以白模呈现页面和操作关系，结合参与画像说明数值节奏、奖励层次与设计取舍。 | H25: 面向短时参与的赛季成长系统。以白模呈现页面和操作关系，结合参与画像说明数值节奏、奖励层次与设计取舍。 | I25: 面向短时参与的赛季成长系统。以白模呈现页面和操作关系，结合参与画像说明数值节奏、奖励层次与设计取舍。 | J25: 面向短时参与的赛季成长系统。以白模呈现页面和操作关系，结合参与画像说明数值节奏、奖励层次与设计取舍。 | K25: 面向短时参与的赛季成长系统。以白模呈现页面和操作关系，结合参与画像说明数值节奏、奖励层次与设计取舍。 | L25: 面向短时参与的赛季成长系统。以白模呈现页面和操作关系，结合参与画像说明数值节奏、奖励层次与设计取舍。
B26: 面向短时参与的赛季成长系统。以白模呈现页面和操作关系，结合参与画像说明数值节奏、奖励层次与设计取舍。 | C26: 面向短时参与的赛季成长系统。以白模呈现页面和操作关系，结合参与画像说明数值节奏、奖励层次与设计取舍。 | D26: 面向短时参与的赛季成长系统。以白模呈现页面和操作关系，结合参与画像说明数值节奏、奖励层次与设计取舍。 | E26: 面向短时参与的赛季成长系统。以白模呈现页面和操作关系，结合参与画像说明数值节奏、奖励层次与设计取舍。 | F26: 面向短时参与的赛季成长系统。以白模呈现页面和操作关系，结合参与画像说明数值节奏、奖励层次与设计取舍。 | G26: 面向短时参与的赛季成长系统。以白模呈现页面和操作关系，结合参与画像说明数值节奏、奖励层次与设计取舍。 | H26: 面向短时参与的赛季成长系统。以白模呈现页面和操作关系，结合参与画像说明数值节奏、奖励层次与设计取舍。 | I26: 面向短时参与的赛季成长系统。以白模呈现页面和操作关系，结合参与画像说明数值节奏、奖励层次与设计取舍。 | J26: 面向短时参与的赛季成长系统。以白模呈现页面和操作关系，结合参与画像说明数值节奏、奖励层次与设计取舍。 | K26: 面向短时参与的赛季成长系统。以白模呈现页面和操作关系，结合参与画像说明数值节奏、奖励层次与设计取舍。 | L26: 面向短时参与的赛季成长系统。以白模呈现页面和操作关系，结合参与画像说明数值节奏、奖励层次与设计取舍。
B28: 成长与任务 | C28: 成长与任务 | D28: 成长与任务 | E28: 成长与任务 | G28: 正文目录 | H28: 正文目录 | I28: 正文目录 | J28: 正文目录 | K28: 正文目录 | L28: 正文目录
B29: 正常对局每场100经验，无上限 每日任务3项，各200经验 每周5项内容挑战，各1200经验 历史任务可补做 50级后每1000经验获得资源A50 | C29: 正常对局每场100经验，无上限 每日3项，各200经验 每周5项内容挑战，各1200经验 两段内容尝试，历史任务可补做 50级后每1000经验获得资源A50 | D29: 正常对局每场100经验，无上限 每日3项，各200经验 每周5项内容挑战，各1200经验 两段内容尝试，历史任务可补做 50级后每1000经验获得资源A50 | E29: 正常对局每场100经验，无上限 每日3项，各200经验 每周5项内容挑战，各1200经验 两段内容尝试，历史任务可补做 50级后每1000经验获得资源A50 | G29: 1. 系统概述 在正常游玩中积累成长，用适量内容尝试与分层奖励维持赛季目标。 | H29: 1. 系统概述 在正常游玩中积累成长，用适量内容尝试与分层奖励维持赛季目标。 | I29: 1. 系统概述 在正常游玩中积累成长，用适量内容尝试与分层奖励维持赛季目标。 | J29: 1. 系统概述 在正常游玩中积累成长，用适量内容尝试与分层奖励维持赛季目标。 | K29: 1. 系统概述 在正常游玩中积累成长，用适量内容尝试与分层奖励维持赛季目标。 | L29: 1. 系统概述 在正常游玩中积累成长，用适量内容尝试与分层奖励维持赛季目标。
B30: 正常对局每场100经验，无上限 每日3项，各200经验 每周5项内容挑战，各1200经验 两段内容尝试，历史任务可补做 50级后每1000经验获得资源A50 | C30: 正常对局每场100经验，无上限 每日3项，各200经验 每周5项内容挑战，各1200经验 两段内容尝试，历史任务可补做 50级后每1000经验获得资源A50 | D30: 正常对局每场100经验，无上限 每日3项，各200经验 每周5项内容挑战，各1200经验 两段内容尝试，历史任务可补做 50级后每1000经验获得资源A50 | E30: 正常对局每场100经验，无上限 每日3项，各200经验 每周5项内容挑战，各1200经验 两段内容尝试，历史任务可补做 50级后每1000经验获得资源A50 | G30: 1. 系统概述 在正常游玩中积累成长，用适量内容尝试与分层奖励维持赛季目标。 | H30: 1. 系统概述 在正常游玩中积累成长，用适量内容尝试与分层奖励维持赛季目标。 | I30: 1. 系统概述 在正常游玩中积累成长，用适量内容尝试与分层奖励维持赛季目标。 | J30: 1. 系统概述 在正常游玩中积累成长，用适量内容尝试与分层奖励维持赛季目标。 | K30: 1. 系统概述 在正常游玩中积累成长，用适量内容尝试与分层奖励维持赛季目标。 | L30: 1. 系统概述 在正常游玩中积累成长，用适量内容尝试与分层奖励维持赛季目标。
B31: 正常对局每场100经验，无上限 每日3项，各200经验 每周5项内容挑战，各1200经验 两段内容尝试，历史任务可补做 50级后每1000经验获得资源A50 | C31: 正常对局每场100经验，无上限 每日3项，各200经验 每周5项内容挑战，各1200经验 两段内容尝试，历史任务可补做 50级后每1000经验获得资源A50 | D31: 正常对局每场100经验，无上限 每日3项，各200经验 每周5项内容挑战，各1200经验 两段内容尝试，历史任务可补做 50级后每1000经验获得资源A50 | E31: 正常对局每场100经验，无上限 每日3项，各200经验 每周5项内容挑战，各1200经验 两段内容尝试，历史任务可补做 50级后每1000经验获得资源A50 | G31: 2. 成长与任务 五项周任务按两段内容安排，明确参与负担、历史补做与满级后的成长。 | H31: 2. 成长与任务 五项周任务按两段内容安排，明确参与负担、历史补做与满级后的成长。 | I31: 2. 成长与任务 五项周任务按两段内容安排，明确参与负担、历史补做与满级后的成长。 | J31: 2. 成长与任务 五项周任务按两段内容安排，明确参与负担、历史补做与满级后的成长。 | K31: 2. 成长与任务 五项周任务按两段内容安排，明确参与负担、历史补做与满级后的成长。 | L31: 2. 成长与任务 五项周任务按两段内容安排，明确参与负担、历史补做与满级后的成长。
B32: 正常对局每场100经验，无上限 每日3项，各200经验 每周5项内容挑战，各1200经验 两段内容尝试，历史任务可补做 50级后每1000经验获得资源A50 | C32: 正常对局每场100经验，无上限 每日3项，各200经验 每周5项内容挑战，各1200经验 两段内容尝试，历史任务可补做 50级后每1000经验获得资源A50 | D32: 正常对局每场100经验，无上限 每日3项，各200经验 每周5项内容挑战，各1200经验 两段内容尝试，历史任务可补做 50级后每1000经验获得资源A50 | E32: 正常对局每场100经验，无上限 每日3项，各200经验 每周5项内容挑战，各1200经验 两段内容尝试，历史任务可补做 50级后每1000经验获得资源A50 | G32: 2. 成长与任务 五项周任务按两段内容安排，明确参与负担、历史补做与满级后的成长。 | H32: 2. 成长与任务 五项周任务按两段内容安排，明确参与负担、历史补做与满级后的成长。 | I32: 2. 成长与任务 五项周任务按两段内容安排，明确参与负担、历史补做与满级后的成长。 | J32: 2. 成长与任务 五项周任务按两段内容安排，明确参与负担、历史补做与满级后的成长。 | K32: 2. 成长与任务 五项周任务按两段内容安排，明确参与负担、历史补做与满级后的成长。 | L32: 2. 成长与任务 五项周任务按两段内容安排，明确参与负担、历史补做与满级后的成长。
B33: 正常对局每场100经验，无上限 每日3项，各200经验 每周5项内容挑战，各1200经验 两段内容尝试，历史任务可补做 50级后每1000经验获得资源A50 | C33: 正常对局每场100经验，无上限 每日3项，各200经验 每周5项内容挑战，各1200经验 两段内容尝试，历史任务可补做 50级后每1000经验获得资源A50 | D33: 正常对局每场100经验，无上限 每日3项，各200经验 每周5项内容挑战，各1200经验 两段内容尝试，历史任务可补做 50级后每1000经验获得资源A50 | E33: 正常对局每场100经验，无上限 每日3项，各200经验 每周5项内容挑战，各1200经验 两段内容尝试，历史任务可补做 50级后每1000经验获得资源A50 | G33: 3. 奖励规则 购买即时皮肤、普通资源、阶段装饰和核心皮肤共同形成奖励节奏。 | H33: 3. 奖励规则 购买即时皮肤、普通资源、阶段装饰和核心皮肤共同形成奖励节奏。 | I33: 3. 奖励规则 购买即时皮肤、普通资源、阶段装饰和核心皮肤共同形成奖励节奏。 | J33: 3. 奖励规则 购买即时皮肤、普通资源、阶段装饰和核心皮肤共同形成奖励节奏。 | K33: 3. 奖励规则 购买即时皮肤、普通资源、阶段装饰和核心皮肤共同形成奖励节奏。 | L33: 3. 奖励规则 购买即时皮肤、普通资源、阶段装饰和核心皮肤共同形成奖励节奏。
G34: 3. 奖励规则 购买即时皮肤、普通资源、阶段装饰和核心皮肤共同形成奖励节奏。 | H34: 3. 奖励规则 购买即时皮肤、普通资源、阶段装饰和核心皮肤共同形成奖励节奏。 | I34: 3. 奖励规则 购买即时皮肤、普通资源、阶段装饰和核心皮肤共同形成奖励节奏。 | J34: 3. 奖励规则 购买即时皮肤、普通资源、阶段装饰和核心皮肤共同形成奖励节奏。 | K34: 3. 奖励规则 购买即时皮肤、普通资源、阶段装饰和核心皮肤共同形成奖励节奏。 | L34: 3. 奖励规则 购买即时皮肤、普通资源、阶段装饰和核心皮肤共同形成奖励节奏。
B35: 奖励结构 | C35: 奖励结构 | D35: 奖励结构 | E35: 奖励结构 | G35: 4. 购买与权益 通过外观回报建立购买价值，免费与付费玩家保持相同的正常成长规则。 | H35: 4. 购买与权益 通过外观回报建立购买价值，免费与付费玩家保持相同的正常成长规则。 | I35: 4. 购买与权益 通过外观回报建立购买价值，免费与付费玩家保持相同的正常成长规则。 | J35: 4. 购买与权益 通过外观回报建立购买价值，免费与付费玩家保持相同的正常成长规则。 | K35: 4. 购买与权益 通过外观回报建立购买价值，免费与付费玩家保持相同的正常成长规则。 | L35: 4. 购买与权益 通过外观回报建立购买价值，免费与付费玩家保持相同的正常成长规则。
B36: 购买即得皮肤S0 普通等级：资源A/资源B 阶段等级：装饰A/装饰B 付费30级S1、50级S2 100节点+2种购买即时奖励 | C36: 购买即得皮肤S0 普通等级：资源A/资源B 阶段等级：装饰A/装饰B 付费30级S1、50级S2 100节点+2种购买即时奖励 | D36: 购买即得皮肤S0 普通等级：资源A/资源B 阶段等级：装饰A/装饰B 付费30级S1、50级S2 100节点+2种购买即时奖励 | E36: 购买即得皮肤S0 普通等级：资源A/资源B 阶段等级：装饰A/装饰B 付费30级S1、50级S2 100节点+2种购买即时奖励 | G36: 4. 购买与权益 通过外观回报建立购买价值，免费与付费玩家保持相同的正常成长规则。 | H36: 4. 购买与权益 通过外观回报建立购买价值，免费与付费玩家保持相同的正常成长规则。 | I36: 4. 购买与权益 通过外观回报建立购买价值，免费与付费玩家保持相同的正常成长规则。 | J36: 4. 购买与权益 通过外观回报建立购买价值，免费与付费玩家保持相同的正常成长规则。 | K36: 4. 购买与权益 通过外观回报建立购买价值，免费与付费玩家保持相同的正常成长规则。 | L36: 4. 购买与权益 通过外观回报建立购买价值，免费与付费玩家保持相同的正常成长规则。
B37: 购买即得皮肤S0 普通等级：资源A/资源B 阶段等级：装饰A/装饰B 付费30级S1、50级S2 100节点+2种购买即时奖励 | C37: 购买即得皮肤S0 普通等级：资源A/资源B 阶段等级：装饰A/装饰B 付费30级S1、50级S2 100节点+2种购买即时奖励 | D37: 购买即得皮肤S0 普通等级：资源A/资源B 阶段等级：装饰A/装饰B 付费30级S1、50级S2 100节点+2种购买即时奖励 | E37: 购买即得皮肤S0 普通等级：资源A/资源B 阶段等级：装饰A/装饰B 付费30级S1、50级S2 100节点+2种购买即时奖励 | G37: 5. 界面与交互 每个状态使用一张独立白模，说明图中信息、触发条件和操作结果。 | H37: 5. 界面与交互 每个状态使用一张独立白模，说明图中信息、触发条件和操作结果。 | I37: 5. 界面与交互 每个状态使用一张独立白模，说明图中信息、触发条件和操作结果。 | J37: 5. 界面与交互 每个状态使用一张独立白模，说明图中信息、触发条件和操作结果。 | K37: 5. 界面与交互 每个状态使用一张独立白模，说明图中信息、触发条件和操作结果。 | L37: 5. 界面与交互 每个状态使用一张独立白模，说明图中信息、触发条件和操作结果。
B38: 购买即得皮肤S0 普通等级：资源A/资源B 阶段等级：装饰A/装饰B 付费30级S1、50级S2 100节点+2种购买即时奖励 | C38: 购买即得皮肤S0 普通等级：资源A/资源B 阶段等级：装饰A/装饰B 付费30级S1、50级S2 100节点+2种购买即时奖励 | D38: 购买即得皮肤S0 普通等级：资源A/资源B 阶段等级：装饰A/装饰B 付费30级S1、50级S2 100节点+2种购买即时奖励 | E38: 购买即得皮肤S0 普通等级：资源A/资源B 阶段等级：装饰A/装饰B 付费30级S1、50级S2 100节点+2种购买即时奖励 | G38: 5. 界面与交互 每个状态使用一张独立白模，说明图中信息、触发条件和操作结果。 | H38: 5. 界面与交互 每个状态使用一张独立白模，说明图中信息、触发条件和操作结果。 | I38: 5. 界面与交互 每个状态使用一张独立白模，说明图中信息、触发条件和操作结果。 | J38: 5. 界面与交互 每个状态使用一张独立白模，说明图中信息、触发条件和操作结果。 | K38: 5. 界面与交互 每个状态使用一张独立白模，说明图中信息、触发条件和操作结果。 | L38: 5. 界面与交互 每个状态使用一张独立白模，说明图中信息、触发条件和操作结果。
B39: 购买即得皮肤S0 普通等级：资源A/资源B 阶段等级：装饰A/装饰B 付费30级S1、50级S2 100节点+2种购买即时奖励 | C39: 购买即得皮肤S0 普通等级：资源A/资源B 阶段等级：装饰A/装饰B 付费30级S1、50级S2 100节点+2种购买即时奖励 | D39: 购买即得皮肤S0 普通等级：资源A/资源B 阶段等级：装饰A/装饰B 付费30级S1、50级S2 100节点+2种购买即时奖励 | E39: 购买即得皮肤S0 普通等级：资源A/资源B 阶段等级：装饰A/装饰B 付费30级S1、50级S2 100节点+2种购买即时奖励
B40: 购买即得皮肤S0 普通等级：资源A/资源B 阶段等级：装饰A/装饰B 付费30级S1、50级S2 100节点+2种购买即时奖励 | C40: 购买即得皮肤S0 普通等级：资源A/资源B 阶段等级：装饰A/装饰B 付费30级S1、50级S2 100节点+2种购买即时奖励 | D40: 购买即得皮肤S0 普通等级：资源A/资源B 阶段等级：装饰A/装饰B 付费30级S1、50级S2 100节点+2种购买即时奖励 | E40: 购买即得皮肤S0 普通等级：资源A/资源B 阶段等级：装饰A/装饰B 付费30级S1、50级S2 100节点+2种购买即时奖励 | G40: 数值与奖励附表 | H40: 数值与奖励附表 | I40: 数值与奖励附表 | J40: 数值与奖励附表 | K40: 数值与奖励附表 | L40: 数值与奖励附表
G41: A 数值设定、参与画像与耗时 B 等级门槛与逐周预测；C 任务原则 D 奖励类型与数量；E 商品比较 | H41: A 数值设定、参与画像与耗时 B 等级门槛与逐周预测；C 任务原则 D 奖励类型与数量；E 商品比较 | I41: A 数值设定、参与画像与耗时 B 等级门槛与逐周预测；C 任务原则 D 奖励类型与数量；E 商品比较 | J41: A 数值设定、参与画像与耗时 B 等级门槛与逐周预测；C 任务原则 D 奖励类型与数量；E 商品比较 | K41: A 数值设定、参与画像与耗时 B 等级门槛与逐周预测；C 任务原则 D 奖励类型与数量；E 商品比较 | L41: A 数值设定、参与画像与耗时 B 等级门槛与逐周预测；C 任务原则 D 奖励类型与数量；E 商品比较
G42: A 数值设定、参与画像与耗时 B 等级门槛与逐周预测；C 任务原则 D 奖励类型与数量；E 商品比较 | H42: A 数值设定、参与画像与耗时 B 等级门槛与逐周预测；C 任务原则 D 奖励类型与数量；E 商品比较 | I42: A 数值设定、参与画像与耗时 B 等级门槛与逐周预测；C 任务原则 D 奖励类型与数量；E 商品比较 | J42: A 数值设定、参与画像与耗时 B 等级门槛与逐周预测；C 任务原则 D 奖励类型与数量；E 商品比较 | K42: A 数值设定、参与画像与耗时 B 等级门槛与逐周预测；C 任务原则 D 奖励类型与数量；E 商品比较 | L42: A 数值设定、参与画像与耗时 B 等级门槛与逐周预测；C 任务原则 D 奖励类型与数量；E 商品比较
G43: A 数值设定、参与画像与耗时 B 等级门槛与逐周预测；C 任务原则 D 奖励类型与数量；E 商品比较 | H43: A 数值设定、参与画像与耗时 B 等级门槛与逐周预测；C 任务原则 D 奖励类型与数量；E 商品比较 | I43: A 数值设定、参与画像与耗时 B 等级门槛与逐周预测；C 任务原则 D 奖励类型与数量；E 商品比较 | J43: A 数值设定、参与画像与耗时 B 等级门槛与逐周预测；C 任务原则 D 奖励类型与数量；E 商品比较 | K43: A 数值设定、参与画像与耗时 B 等级门槛与逐周预测；C 任务原则 D 奖励类型与数量；E 商品比较 | L43: A 数值设定、参与画像与耗时 B 等级门槛与逐周预测；C 任务原则 D 奖励类型与数量；E 商品比较
B45: 黄色数值可调整，蓝色结果由公式计算。参与画像使用单场10–15分钟的假设，数值和价格均为本案设定。 | C45: 黄色数值可调整，蓝色结果由公式计算。参与画像使用单场10–15分钟的假设，数值和价格均为本案设定。 | D45: 黄色数值可调整，蓝色结果由公式计算。参与画像使用单场10–15分钟的假设，数值和价格均为本案设定。 | E45: 黄色数值可调整，蓝色结果由公式计算。参与画像使用单场10–15分钟的假设，数值和价格均为本案设定。 | F45: 黄色数值可调整，蓝色结果由公式计算。参与画像使用单场10–15分钟的假设，数值和价格均为本案设定。 | G45: 黄色数值可调整，蓝色结果由公式计算。参与画像使用单场10–15分钟的假设，数值和价格均为本案设定。 | H45: 黄色数值可调整，蓝色结果由公式计算。参与画像使用单场10–15分钟的假设，数值和价格均为本案设定。 | I45: 黄色数值可调整，蓝色结果由公式计算。参与画像使用单场10–15分钟的假设，数值和价格均为本案设定。 | J45: 黄色数值可调整，蓝色结果由公式计算。参与画像使用单场10–15分钟的假设，数值和价格均为本案设定。 | K45: 黄色数值可调整，蓝色结果由公式计算。参与画像使用单场10–15分钟的假设，数值和价格均为本案设定。 | L45: 黄色数值可调整，蓝色结果由公式计算。参与画像使用单场10–15分钟的假设，数值和价格均为本案设定。
B46: 黄色数值可调整，蓝色结果由公式计算。参与画像使用单场10–15分钟的假设，数值和价格均为本案设定。 | C46: 黄色数值可调整，蓝色结果由公式计算。参与画像使用单场10–15分钟的假设，数值和价格均为本案设定。 | D46: 黄色数值可调整，蓝色结果由公式计算。参与画像使用单场10–15分钟的假设，数值和价格均为本案设定。 | E46: 黄色数值可调整，蓝色结果由公式计算。参与画像使用单场10–15分钟的假设，数值和价格均为本案设定。 | F46: 黄色数值可调整，蓝色结果由公式计算。参与画像使用单场10–15分钟的假设，数值和价格均为本案设定。 | G46: 黄色数值可调整，蓝色结果由公式计算。参与画像使用单场10–15分钟的假设，数值和价格均为本案设定。 | H46: 黄色数值可调整，蓝色结果由公式计算。参与画像使用单场10–15分钟的假设，数值和价格均为本案设定。 | I46: 黄色数值可调整，蓝色结果由公式计算。参与画像使用单场10–15分钟的假设，数值和价格均为本案设定。 | J46: 黄色数值可调整，蓝色结果由公式计算。参与画像使用单场10–15分钟的假设，数值和价格均为本案设定。 | K46: 黄色数值可调整，蓝色结果由公式计算。参与画像使用单场10–15分钟的假设，数值和价格均为本案设定。 | L46: 黄色数值可调整，蓝色结果由公式计算。参与画像使用单场10–15分钟的假设，数值和价格均为本案设定。

Sheet 1 系统概述
B1: 1. 系统概述 | C1: 1. 系统概述 | D1: 1. 系统概述 | E1: 1. 系统概述 | F1: 1. 系统概述 | G1: 1. 系统概述 | H1: 1. 系统概述 | I1: 1. 系统概述 | J1: 1. 系统概述 | K1: 1. 系统概述 | L1: 1. 系统概述
B2: 在正常游玩中积累成长，用适量内容尝试与分层奖励维持赛季目标。 | C2: 在正常游玩中积累成长，用适量内容尝试与分层奖励维持赛季目标。 | D2: 在正常游玩中积累成长，用适量内容尝试与分层奖励维持赛季目标。 | E2: 在正常游玩中积累成长，用适量内容尝试与分层奖励维持赛季目标。 | F2: 在正常游玩中积累成长，用适量内容尝试与分层奖励维持赛季目标。 | G2: 在正常游玩中积累成长，用适量内容尝试与分层奖励维持赛季目标。 | H2: 在正常游玩中积累成长，用适量内容尝试与分层奖励维持赛季目标。 | I2: 在正常游玩中积累成长，用适量内容尝试与分层奖励维持赛季目标。 | J2: 在正常游玩中积累成长，用适量内容尝试与分层奖励维持赛季目标。 | K2: 在正常游玩中积累成长，用适量内容尝试与分层奖励维持赛季目标。 | L2: 在正常游玩中积累成长，用适量内容尝试与分层奖励维持赛季目标。
B4: 1.1 设计定位 | C4: 1.1 设计定位 | D4: 1.1 设计定位 | E4: 1.1 设计定位 | F4: 1.1 设计定位 | G4: 1.1 设计定位 | H4: 1.1 设计定位 | I4: 1.1 设计定位 | J4: 1.1 设计定位 | K4: 1.1 设计定位 | L4: 1.1 设计定位
G5: 1.1.1 系统定位 | H5: 1.1.1 系统定位 | I5: 1.1.1 系统定位 | J5: 1.1.1 系统定位 | K5: 1.1.1 系统定位 | L5: 1.1.1 系统定位
G6: 通行证是围绕赛季周期组织成长与奖励的系统：玩家正常游玩获取经验，升级后取得奖励资格。方案使用抽象任务和奖励类别，适用于拥有重复游玩内容的游戏。 | H6: 通行证是围绕赛季周期组织成长与奖励的系统：玩家正常游玩获取经验，升级后取得奖励资格。方案使用抽象任务和奖励类别，适用于拥有重复游玩内容的游戏。 | I6: 通行证是围绕赛季周期组织成长与奖励的系统：玩家正常游玩获取经验，升级后取得奖励资格。方案使用抽象任务和奖励类别，适用于拥有重复游玩内容的游戏。 | J6: 通行证是围绕赛季周期组织成长与奖励的系统：玩家正常游玩获取经验，升级后取得奖励资格。方案使用抽象任务和奖励类别，适用于拥有重复游玩内容的游戏。 | K6: 通行证是围绕赛季周期组织成长与奖励的系统：玩家正常游玩获取经验，升级后取得奖励资格。方案使用抽象任务和奖励类别，适用于拥有重复游玩内容的游戏。 | L6: 通行证是围绕赛季周期组织成长与奖励的系统：玩家正常游玩获取经验，升级后取得奖励资格。方案使用抽象任务和奖励类别，适用于拥有重复游玩内容的游戏。
G7: 通行证是围绕赛季周期组织成长与奖励的系统：玩家正常游玩获取经验，升级后取得奖励资格。方案使用抽象任务和奖励类别，适用于拥有重复游玩内容的游戏。 | H7: 通行证是围绕赛季周期组织成长与奖励的系统：玩家正常游玩获取经验，升级后取得奖励资格。方案使用抽象任务和奖励类别，适用于拥有重复游玩内容的游戏。 | I7: 通行证是围绕赛季周期组织成长与奖励的系统：玩家正常游玩获取经验，升级后取得奖励资格。方案使用抽象任务和奖励类别，适用于拥有重复游玩内容的游戏。 | J7: 通行证是围绕赛季周期组织成长与奖励的系统：玩家正常游玩获取经验，升级后取得奖励资格。方案使用抽象任务和奖励类别，适用于拥有重复游玩内容的游戏。 | K7: 通行证是围绕赛季周期组织成长与奖励的系统：玩家正常游玩获取经验，升级后取得奖励资格。方案使用抽象任务和奖励类别，适用于拥有重复游玩内容的游戏。 | L7: 通行证是围绕赛季周期组织成长与奖励的系统：玩家正常游玩获取经验，升级后取得奖励资格。方案使用抽象任务和奖励类别，适用于拥有重复游玩内容的游戏。
G8: 1.1.2 目标玩家 | H8: 1.1.2 目标玩家 | I8: 1.1.2 目标玩家 | J8: 1.1.2 目标玩家 | K8: 1.1.2 目标玩家 | L8: 1.1.2 目标玩家
G9: 面向愿意持续参与、但无法每日长时间上线的玩家。把原有游玩成果转化为可见成长，为短时参与建立下一项奖励目标。 | H9: 面向愿意持续参与、但无法每日长时间上线的玩家。把原有游玩成果转化为可见成长，为短时参与建立下一项奖励目标。 | I9: 面向愿意持续参与、但无法每日长时间上线的玩家。把原有游玩成果转化为可见成长，为短时参与建立下一项奖励目标。 | J9: 面向愿意持续参与、但无法每日长时间上线的玩家。把原有游玩成果转化为可见成长，为短时参与建立下一项奖励目标。 | K9: 面向愿意持续参与、但无法每日长时间上线的玩家。把原有游玩成果转化为可见成长，为短时参与建立下一项奖励目标。 | L9: 面向愿意持续参与、但无法每日长时间上线的玩家。把原有游玩成果转化为可见成长，为短时参与建立下一项奖励目标。
G10: 面向愿意持续参与、但无法每日长时间上线的玩家。把原有游玩成果转化为可见成长，为短时参与建立下一项奖励目标。 | H10: 面向愿意持续参与、但无法每日长时间上线的玩家。把原有游玩成果转化为可见成长，为短时参与建立下一项奖励目标。 | I10: 面向愿意持续参与、但无法每日长时间上线的玩家。把原有游玩成果转化为可见成长，为短时参与建立下一项奖励目标。 | J10: 面向愿意持续参与、但无法每日长时间上线的玩家。把原有游玩成果转化为可见成长，为短时参与建立下一项奖励目标。 | K10: 面向愿意持续参与、但无法每日长时间上线的玩家。把原有游玩成果转化为可见成长，为短时参与建立下一项奖励目标。 | L10: 面向愿意持续参与、但无法每日长时间上线的玩家。把原有游玩成果转化为可见成长，为短时参与建立下一项奖励目标。
G11: 1.1.3 体验目标 | H11: 1.1.3 体验目标 | I11: 1.1.3 体验目标 | J11: 1.1.3 体验目标 | K11: 1.1.3 体验目标 | L11: 1.1.3 体验目标
G12: 每场有进度，每阶段有不同收获。每日任务顺路完成，周任务引导尝试不同内容，兼顾低负担与适度变化，不依赖连胜、排名或高难操作。 | H12: 每场有进度，每阶段有不同收获。每日任务顺路完成，周任务引导尝试不同内容，兼顾低负担与适度变化，不依赖连胜、排名或高难操作。 | I12: 每场有进度，每阶段有不同收获。每日任务顺路完成，周任务引导尝试不同内容，兼顾低负担与适度变化，不依赖连胜、排名或高难操作。 | J12: 每场有进度，每阶段有不同收获。每日任务顺路完成，周任务引导尝试不同内容，兼顾低负担与适度变化，不依赖连胜、排名或高难操作。 | K12: 每场有进度，每阶段有不同收获。每日任务顺路完成，周任务引导尝试不同内容，兼顾低负担与适度变化，不依赖连胜、排名或高难操作。 | L12: 每场有进度，每阶段有不同收获。每日任务顺路完成，周任务引导尝试不同内容，兼顾低负担与适度变化，不依赖连胜、排名或高难操作。
G13: 每场有进度，每阶段有不同收获。每日任务顺路完成，周任务引导尝试不同内容，兼顾低负担与适度变化，不依赖连胜、排名或高难操作。 | H13: 每场有进度，每阶段有不同收获。每日任务顺路完成，周任务引导尝试不同内容，兼顾低负担与适度变化，不依赖连胜、排名或高难操作。 | I13: 每场有进度，每阶段有不同收获。每日任务顺路完成，周任务引导尝试不同内容，兼顾低负担与适度变化，不依赖连胜、排名或高难操作。 | J13: 每场有进度，每阶段有不同收获。每日任务顺路完成，周任务引导尝试不同内容，兼顾低负担与适度变化，不依赖连胜、排名或高难操作。 | K13: 每场有进度，每阶段有不同收获。每日任务顺路完成，周任务引导尝试不同内容，兼顾低负担与适度变化，不依赖连胜、排名或高难操作。 | L13: 每场有进度，每阶段有不同收获。每日任务顺路完成，周任务引导尝试不同内容，兼顾低负担与适度变化，不依赖连胜、排名或高难操作。
G14: 1.1.4 内容前提 | H14: 1.1.4 内容前提 | I14: 1.1.4 内容前提 | J14: 1.1.4 内容前提 | K14: 1.1.4 内容前提 | L14: 1.1.4 内容前提
G15: 周任务具体对象、玩法、行为与达标门槛根据游戏内容确定。本案只说明五项的设计原理、耗时和并行关系；所需内容须可正常进入，不以额外付费或稀缺消耗作为条件。 | H15: 周任务具体对象、玩法、行为与达标门槛根据游戏内容确定。本案只说明五项的设计原理、耗时和并行关系；所需内容须可正常进入，不以额外付费或稀缺消耗作为条件。 | I15: 周任务具体对象、玩法、行为与达标门槛根据游戏内容确定。本案只说明五项的设计原理、耗时和并行关系；所需内容须可正常进入，不以额外付费或稀缺消耗作为条件。 | J15: 周任务具体对象、玩法、行为与达标门槛根据游戏内容确定。本案只说明五项的设计原理、耗时和并行关系；所需内容须可正常进入，不以额外付费或稀缺消耗作为条件。 | K15: 周任务具体对象、玩法、行为与达标门槛根据游戏内容确定。本案只说明五项的设计原理、耗时和并行关系；所需内容须可正常进入，不以额外付费或稀缺消耗作为条件。 | L15: 周任务具体对象、玩法、行为与达标门槛根据游戏内容确定。本案只说明五项的设计原理、耗时和并行关系；所需内容须可正常进入，不以额外付费或稀缺消耗作为条件。
G16: 周任务具体对象、玩法、行为与达标门槛根据游戏内容确定。本案只说明五项的设计原理、耗时和并行关系；所需内容须可正常进入，不以额外付费或稀缺消耗作为条件。 | H16: 周任务具体对象、玩法、行为与达标门槛根据游戏内容确定。本案只说明五项的设计原理、耗时和并行关系；所需内容须可正常进入，不以额外付费或稀缺消耗作为条件。 | I16: 周任务具体对象、玩法、行为与达标门槛根据游戏内容确定。本案只说明五项的设计原理、耗时和并行关系；所需内容须可正常进入，不以额外付费或稀缺消耗作为条件。 | J16: 周任务具体对象、玩法、行为与达标门槛根据游戏内容确定。本案只说明五项的设计原理、耗时和并行关系；所需内容须可正常进入，不以额外付费或稀缺消耗作为条件。 | K16: 周任务具体对象、玩法、行为与达标门槛根据游戏内容确定。本案只说明五项的设计原理、耗时和并行关系；所需内容须可正常进入，不以额外付费或稀缺消耗作为条件。 | L16: 周任务具体对象、玩法、行为与达标门槛根据游戏内容确定。本案只说明五项的设计原理、耗时和并行关系；所需内容须可正常进入，不以额外付费或稀缺消耗作为条件。
... G19: 用合理的同时完成关系降低任务负担，用内容差异避免单调。历史任务保留并限制同类跨周重复计数；满级后每级继续发基础资源，让持续参与仍有回报。 | H19: 用合理的同时完成关系降低任务负担，用内容差异避免单调。历史任务保留并限制同类跨周重复计数；满级后每级继续发基础资源，让持续参与仍有回报。 | I19: 用合理的同时完成关系降低任务负担，用内容差异避免单调。历史任务保留并限制同类跨周重复计数；满级后每级继续发基础资源，让持续参与仍有回报。 | J19: 用合理的同时完成关系降低任务负担，用内容差异避免单调。历史任务保留并限制同类跨周重复计数；满级后每级继续发基础资源，让持续参与仍有回报。 | K19: 用合理的同时完成关系降低任务负担，用内容差异避免单调。历史任务保留并限制同类跨周重复计数；满级后每级继续发基础资源，让持续参与仍有回报。 | L19: 用合理的同时完成关系降低任务负担，用内容差异避免单调。历史任务保留并限制同类跨周重复计数；满级后每级继续发基础资源，让持续参与仍有回报。
B21: 1.2 核心体验 | C21: 1.2 核心体验 | D21: 1.2 核心体验 | E21: 1.2 核心体验 | F21: 1.2 核心体验 | G21: 1.2 核心体验 | H21: 1.2 核心体验 | I21: 1.2 核心体验 | J21: 1.2 核心体验 | K21: 1.2 核心体验 | L21: 1.2 核心体验
G22: 1.2.1 查看目标 | H22: 1.2.1 查看目标 | I22: 1.2.1 查看目标 | J22: 1.2.1 查看目标 | K22: 1.2.1 查看目标 | L22: 1.2.1 查看目标
G23: 进入通行证先看到当前等级、下一关键奖励与核心皮肤预览。任务页默认显示当前周，也可查看已开放的历史任务。 | H23: 进入通行证先看到当前等级、下一关键奖励与核心皮肤预览。任务页默认显示当前周，也可查看已开放的历史任务。 | I23: 进入通行证先看到当前等级、下一关键奖励与核心皮肤预览。任务页默认显示当前周，也可查看已开放的历史任务。 | J23: 进入通行证先看到当前等级、下一关键奖励与核心皮肤预览。任务页默认显示当前周，也可查看已开放的历史任务。 | K23: 进入通行证先看到当前等级、下一关键奖励与核心皮肤预览。任务页默认显示当前周，也可查看已开放的历史任务。 | L23: 进入通行证先看到当前等级、下一关键奖励与核心皮肤预览。任务页默认显示当前周，也可查看已开放的历史任务。
G24: 进入通行证先看到当前等级、下一关键奖励与核心皮肤预览。任务页默认显示当前周，也可查看已开放的历史任务。 | H24: 进入通行证先看到当前等级、下一关键奖励与核心皮肤预览。任务页默认显示当前周，也可查看已开放的历史任务。 | I24: 进入通行证先看到当前等级、下一关键奖励与核心皮肤预览。任务页默认显示当前周，也可查看已开放的历史任务。 | J24: 进入通行证先看到当前等级、下一关键奖励与核心皮肤预览。任务页默认显示当前周，也可查看已开放的历史任务。 | K24: 进入通行证先看到当前等级、下一关键奖励与核心皮肤预览。任务页默认显示当前周，也可查看已开放的历史任务。 | L24: 进入通行证先看到当前等级、下一关键奖励与核心皮肤预览。任务页默认显示当前周，也可查看已开放的历史任务。
G25: 1.2.2 正常游玩 | H25: 1.2.2 正常游玩 | I25: 1.2.2 正常游玩 | J25: 1.2.2 正常游玩 | K25: 1.2.2 正常游玩 | L25: 1.2.2 正常游玩
G26: 正常完成对局后自动获得经验。每日目标提供短反馈，周任务按五类原理组织内容尝试；具体游戏内容由项目本身决定。 | H26: 正常完成对局后自动获得经验。每日目标提供短反馈，周任务按五类原理组织内容尝试；具体游戏内容由项目本身决定。 | I26: 正常完成对局后自动获得经验。每日目标提供短反馈，周任务按五类原理组织内容尝试；具体游戏内容由项目本身决定。 | J26: 正常完成对局后自动获得经验。每日目标提供短反馈，周任务按五类原理组织内容尝试；具体游戏内容由项目本身决定。 | K26: 正常完成对局后自动获得经验。每日目标提供短反馈，周任务按五类原理组织内容尝试；具体游戏内容由项目本身决定。 | L26: 正常完成对局后自动获得经验。每日目标提供短反馈，周任务按五类原理组织内容尝试；具体游戏内容由项目本身决定。
G27: 正常完成对局后自动获得经验。每日目标提供短反馈，周任务按五类原理组织内容尝试；具体游戏内容由项目本身决定。 | H27: 正常完成对局后自动获得经验。每日目标提供短反馈，周任务按五类原理组织内容尝试；具体游戏内容由项目本身决定。 | I27: 正常完成对局后自动获得经验。每日目标提供短反馈，周任务按五类原理组织内容尝试；具体游戏内容由项目本身决定。 | J27: 正常完成对局后自动获得经验。每日目标提供短反馈，周任务按五类原理组织内容尝试；具体游戏内容由项目本身决定。 | K27: 正常完成对局后自动获得经验。每日目标提供短反馈，周任务按五类原理组织内容尝试；具体游戏内容由项目本身决定。 | L27: 正常完成对局后自动获得经验。每日目标提供短反馈，周任务按五类原理组织内容尝试；具体游戏内容由项目本身决定。
G28: 1.2.3 推进任务 | H28: 1.2.3 推进任务 | I28: 1.2.3 推进任务 | J28: 1.2.3 推进任务 | K28: 1.2.3 推进任务 | L28: 1.2.3 推进任务
G29: 五项分成两段游玩内容：第1项承接整体参与，第2、3项可以一起做，第4、5项可以一起做。已开放旧任务继续有效，同类行为跨周只计一个未完成任务。 | H29: 五项分成两段游玩内容：第1项承接整体参与，第2、3项可以一起做，第4、5项可以一起做。已开放旧任务继续有效，同类行为跨周只计一个未完成任务。 | I29: 五项分成两段游玩内容：第1项承接整体参与，第2、3项可以一起做，第4、5项可以一起做。已开放旧任务继续有效，同类行为跨周只计一个未完成任务。 | J29: 五项分成两段游玩内容：第1项承接整体参与，第2、3项可以一起做，第4、5项可以一起做。已开放旧任务继续有效，同类行为跨周只计一个未完成任务。 | K29: 五项分成两段游玩内容：第1项承接整体参与，第2、3项可以一起做，第4、5项可以一起做。已开放旧任务继续有效，同类行为跨周只计一个未完成任务。 | L29: 五项分成两段游玩内容：第1项承接整体参与，第2、3项可以一起做，第4、5项可以一起做。已开放旧任务继续有效，同类行为跨周只计一个未完成任务。
G30: 五项分成两段游玩内容：第1项承接整体参与，第2、3项可以一起做，第4、5项可以一起做。已开放旧任务继续有效，同类行为跨周只计一个未完成任务。 | H30: 五项分成两段游玩内容：第1项承接整体参与，第2、3项可以一起做，第4、5项可以一起做。已开放旧任务继续有效，同类行为跨周只计一个未完成任务。 | I30: 五项分成两段游玩内容：第1项承接整体参与，第2、3项可以一起做，第4、5项可以一起做。已开放旧任务继续有效，同类行为跨周只计一个未完成任务。 | J30: 五项分成两段游玩内容：第1项承接整体参与，第2、3项可以一起做，第4、5项可以一起做。已开放旧任务继续有效，同类行为跨周只计一个未完成任务。 | K30: 五项分成两段游玩内容：第1项承接整体参与，第2、3项可以一起做，第4、5项可以一起做。已开放旧任务继续有效，同类行为跨周只计一个未完成任务。 | L30: 五项分成两段游玩内容：第1项承接整体参与，第2、3项可以一起做，第4、5项可以一起做。已开放旧任务继续有效，同类行为跨周只计一个未完成任务。
G31: 1.2.4 升级与领取 | H31: 1.2.4 升级与领取 | I31: 1.2.4 升级与领取 | J31: 1.2.4 升级与领取 | K31: 1.2.4 升级与领取 | L31: 1.2.4 升级与领取
G32: 经验自动到账并升级，达标节点由玩家主动领取。资源用于日常积累，装饰形成阶段变化，皮肤建立中期与赛季终点目标。 | H32: 经验自动到账并升级，达标节点由玩家主动领取。资源用于日常积累，装饰形成阶段变化，皮肤建立中期与赛季终点目标。 | I32: 经验自动到账并升级，达标节点由玩家主动领取。资源用于日常积累，装饰形成阶段变化，皮肤建立中期与赛季终点目标。 | J32: 经验自动到账并升级，达标节点由玩家主动领取。资源用于日常积累，装饰形成阶段变化，皮肤建立中期与赛季终点目标。 | K32: 经验自动到账并升级，达标节点由玩家主动领取。资源用于日常积累，装饰形成阶段变化，皮肤建立中期与赛季终点目标。 | L32: 经验自动到账并升级，达标节点由玩家主动领取。资源用于日常积累，装饰形成阶段变化，皮肤建立中期与赛季终点目标。
G33: 经验自动到账并升级，达标节点由玩家主动领取。资源用于日常积累，装饰形成阶段变化，皮肤建立中期与赛季终点目标。 | H33: 经验自动到账并升级，达标节点由玩家主动领取。资源用于日常积累，装饰形成阶段变化，皮肤建立中期与赛季终点目标。 | I33: 经验自动到账并升级，达标节点由玩家主动领取。资源用于日常积累，装饰形成阶段变化，皮肤建立中期与赛季终点目标。 | J33: 经验自动到账并升级，达标节点由玩家主动领取。资源用于日常积累，装饰形成阶段变化，皮肤建立中期与赛季终点目标。 | K33: 经验自动到账并升级，达标节点由玩家主动领取。资源用于日常积累，装饰形成阶段变化，皮肤建立中期与赛季终点目标。 | L33: 经验自动到账并升级，达标节点由玩家主动领取。资源用于日常积累，装饰形成阶段变化，皮肤建立中期与赛季终点目标。
... G39: 主路线完成后进入满级补给，经验持续换取基础资源。下文按成长、奖励、购买、界面顺序展开；各数值只在所属规则详细说明，附表提供对应测算。 | H39: 主路线完成后进入满级补给，经验持续换取基础资源。下文按成长、奖励、购买、界面顺序展开；各数值只在所属规则详细说明，附表提供对应测算。 | I39: 主路线完成后进入满级补给，经验持续换取基础资源。下文按成长、奖励、购买、界面顺序展开；各数值只在所属规则详细说明，附表提供对应测算。 | J39: 主路线完成后进入满级补给，经验持续换取基础资源。下文按成长、奖励、购买、界面顺序展开；各数值只在所属规则详细说明，附表提供对应测算。 | K39: 主路线完成后进入满级补给，经验持续换取基础资源。下文按成长、奖励、购买、界面顺序展开；各数值只在所属规则详细说明，附表提供对应测算。 | L39: 主路线完成后进入满级补给，经验持续换取基础资源。下文按成长、奖励、购买、界面顺序展开；各数值只在所属规则详细说明，附表提供对应测算。

Sheet 2 成长与任务
B1: 2. 成长与任务 | C1: 2. 成长与任务 | D1: 2. 成长与任务 | E1: 2. 成长与任务 | F1: 2. 成长与任务 | G1: 2. 成长与任务 | H1: 2. 成长与任务 | I1: 2. 成长与任务 | J1: 2. 成长与任务 | K1: 2. 成长与任务 | L1: 2. 成长与任务
B2: 五项周任务按两段内容安排，明确参与负担、历史补做与满级后的成长。 | C2: 五项周任务按两段内容安排，明确参与负担、历史补做与满级后的成长。 | D2: 五项周任务按两段内容安排，明确参与负担、历史补做与满级后的成长。 | E2: 五项周任务按两段内容安排，明确参与负担、历史补做与满级后的成长。 | F2: 五项周任务按两段内容安排，明确参与负担、历史补做与满级后的成长。 | G2: 五项周任务按两段内容安排，明确参与负担、历史补做与满级后的成长。 | H2: 五项周任务按两段内容安排，明确参与负担、历史补做与满级后的成长。 | I2: 五项周任务按两段内容安排，明确参与负担、历史补做与满级后的成长。 | J2: 五项周任务按两段内容安排，明确参与负担、历史补做与满级后的成长。 | K2: 五项周任务按两段内容安排，明确参与负担、历史补做与满级后的成长。 | L2: 五项周任务按两段内容安排，明确参与负担、历史补做与满级后的成长。
B4: 2.1 等级与经验 | C4: 2.1 等级与经验 | D4: 2.1 等级与经验 | E4: 2.1 等级与经验 | F4: 2.1 等级与经验 | G4: 2.1 等级与经验 | H4: 2.1 等级与经验 | I4: 2.1 等级与经验 | J4: 2.1 等级与经验 | K4: 2.1 等级与经验 | L4: 2.1 等级与经验
G5: 2.1.1 基础设定 | H5: 2.1.1 基础设定 | I5: 2.1.1 基础设定 | J5: 2.1.1 基础设定 | K5: 2.1.1 基础设定 | L5: 2.1.1 基础设定
G6: 赛季持续56天，共8周。账号完成新手引导后开放。初始1级，上限50级，每级1000经验；达到50级共需49000经验。固定门槛便于玩家判断距离下一奖励还有多少。 | H6: 赛季持续56天，共8周。账号5级且完成新手引导后开放。初始1级，上限50级，每级1000经验；达到50级共需49000经验。固定门槛便于玩家判断距离下一奖励还有多少。 | I6: 赛季持续56天，共8周。账号5级且完成新手引导后开放。初始1级，上限50级，每级1000经验；达到50级共需49000经验。固定门槛便于玩家判断距离下一奖励还有多少。 | J6: 赛季持续56天，共8周。账号5级且完成新手引导后开放。初始1级，上限50级，每级1000经验；达到50级共需49000经验。固定门槛便于玩家判断距离下一奖励还有多少。 | K6: 赛季持续56天，共8周。账号5级且完成新手引导后开放。初始1级，上限50级，每级1000经验；达到50级共需49000经验。固定门槛便于玩家判断距离下一奖励还有多少。 | L6: 赛季持续56天，共8周。账号5级且完成新手引导后开放。初始1级，上限50级，每级1000经验；达到50级共需49000经验。固定门槛便于玩家判断距离下一奖励还有多少。
G7: 赛季持续56天，共8周。账号5级且完成新手引导后开放。初始1级，上限50级，每级1000经验；达到50级共需49000经验。固定门槛便于玩家判断距离下一奖励还有多少。 | H7: 赛季持续56天，共8周。账号5级且完成新手引导后开放。初始1级，上限50级，每级1000经验；达到50级共需49000经验。固定门槛便于玩家判断距离下一奖励还有多少。 | I7: 赛季持续56天，共8周。账号5级且完成新手引导后开放。初始1级，上限50级，每级1000经验；达到50级共需49000经验。固定门槛便于玩家判断距离下一奖励还有多少。 | J7: 赛季持续56天，共8周。账号5级且完成新手引导后开放。初始1级，上限50级，每级1000经验；达到50级共需49000经验。固定门槛便于玩家判断距离下一奖励还有多少。 | K7: 赛季持续56天，共8周。账号5级且完成新手引导后开放。初始1级，上限50级，每级1000经验；达到50级共需49000经验。固定门槛便于玩家判断距离下一奖励还有多少。 | L7: 赛季持续56天，共8周。账号5级且完成新手引导后开放。初始1级，上限50级，每级1000经验；达到50级共需49000经验。固定门槛便于玩家判断距离下一奖励还有多少。
G8: 2.1.2 对局经验 | H8: 2.1.2 对局经验 | I8: 2.1.2 对局经验 | J8: 2.1.2 对局经验 | K8: 2.1.2 对局经验 | L8: 2.1.2 对局经验
G9: 正常参与并完成结算，每场获得100经验，不随胜负或场数折减，不设每日或每周上限。提前退出且未正常结算、违规挂机不计有效参与。 | H9: 正常参与并完成结算，每场获得100经验，不随胜负或场数折减，不设每日或每周上限。提前退出且未正常结算、违规挂机不计有效参与。 | I9: 正常参与并完成结算，每场获得100经验，不随胜负或场数折减，不设每日或每周上限。提前退出且未正常结算、违规挂机不计有效参与。 | J9: 正常参与并完成结算，每场获得100经验，不随胜负或场数折减，不设每日或每周上限。提前退出且未正常结算、违规挂机不计有效参与。 | K9: 正常参与并完成结算，每场获得100经验，不随胜负或场数折减，不设每日或每周上限。提前退出且未正常结算、违规挂机不计有效参与。 | L9: 正常参与并完成结算，每场获得100经验，不随胜负或场数折减，不设每日或每周上限。提前退出且未正常结算、违规挂机不计有效参与。
G10: 正常参与并完成结算，每场获得100经验，不随胜负或场数折减，不设每日或每周上限。提前退出且未正常结算、违规挂机不计有效参与。 | H10: 正常参与并完成结算，每场获得100经验，不随胜负或场数折减，不设每日或每周上限。提前退出且未正常结算、违规挂机不计有效参与。 | I10: 正常参与并完成结算，每场获得100经验，不随胜负或场数折减，不设每日或每周上限。提前退出且未正常结算、违规挂机不计有效参与。 | J10: 正常参与并完成结算，每场获得100经验，不随胜负或场数折减，不设每日或每周上限。提前退出且未正常结算、违规挂机不计有效参与。 | K10: 正常参与并完成结算，每场获得100经验，不随胜负或场数折减，不设每日或每周上限。提前退出且未正常结算、违规挂机不计有效参与。 | L10: 正常参与并完成结算，每场获得100经验，不随胜负或场数折减，不设每日或每周上限。提前退出且未正常结算、违规挂机不计有效参与。
G11: 2.1.3 升级与余量 | H11: 2.1.3 升级与余量 | I11: 2.1.3 升级与余量 | J11: 2.1.3 升级与余量 | K11: 2.1.3 升级与余量 | L11: 2.1.3 升级与余量
G12: 达到本级门槛后自动升级，剩余经验进入下一级。一次获得多项经验可连升多级，合并显示结果。购买赠级只改变等级，不作为对局或任务经验。 | H12: 达到本级门槛后自动升级，剩余经验进入下一级。一次获得多项经验可连升多级，合并显示结果。购买赠级只改变等级，不作为对局或任务经验。 | I12: 达到本级门槛后自动升级，剩余经验进入下一级。一次获得多项经验可连升多级，合并显示结果。购买赠级只改变等级，不作为对局或任务经验。 | J12: 达到本级门槛后自动升级，剩余经验进入下一级。一次获得多项经验可连升多级，合并显示结果。购买赠级只改变等级，不作为对局或任务经验。 | K12: 达到本级门槛后自动升级，剩余经验进入下一级。一次获得多项经验可连升多级，合并显示结果。购买赠级只改变等级，不作为对局或任务经验。 | L12: 达到本级门槛后自动升级，剩余经验进入下一级。一次获得多项经验可连升多级，合并显示结果。购买赠级只改变等级，不作为对局或任务经验。
G13: 达到本级门槛后自动升级，剩余经验进入下一级。一次获得多项经验可连升多级，合并显示结果。购买赠级只改变等级，不作为对局或任务经验。 | H13: 达到本级门槛后自动升级，剩余经验进入下一级。一次获得多项经验可连升多级，合并显示结果。购买赠级只改变等级，不作为对局或任务经验。 | I13: 达到本级门槛后自动升级，剩余经验进入下一级。一次获得多项经验可连升多级，合并显示结果。购买赠级只改变等级，不作为对局或任务经验。 | J13: 达到本级门槛后自动升级，剩余经验进入下一级。一次获得多项经验可连升多级，合并显示结果。购买赠级只改变等级，不作为对局或任务经验。 | K13: 达到本级门槛后自动升级，剩余经验进入下一级。一次获得多项经验可连升多级，合并显示结果。购买赠级只改变等级，不作为对局或任务经验。 | L13: 达到本级门槛后自动升级，剩余经验进入下一级。一次获得多项经验可连升多级，合并显示结果。购买赠级只改变等级，不作为对局或任务经验。
G14: 2.1.4 任务经验到账 | H14: 2.1.4 任务经验到账 | I14: 2.1.4 任务经验到账 | J14: 2.1.4 任务经验到账 | K14: 2.1.4 任务经验到账 | L14: 2.1.4 任务经验到账
G15: 任务完成时自动获得经验，无需点击领取；同一场可以同时推进本日和本周的不同目标。等级奖励使用主动领取，避免把任务完成与领取奖励混为一件事。 | H15: 任务完成时自动获得经验，无需点击领取；同一场可以同时推进本日和本周的不同目标。等级奖励使用主动领取，避免把任务完成与领取奖励混为一件事。 | I15: 任务完成时自动获得经验，无需点击领取；同一场可以同时推进本日和本周的不同目标。等级奖励使用主动领取，避免把任务完成与领取奖励混为一件事。 | J15: 任务完成时自动获得经验，无需点击领取；同一场可以同时推进本日和本周的不同目标。等级奖励使用主动领取，避免把任务完成与领取奖励混为一件事。 | K15: 任务完成时自动获得经验，无需点击领取；同一场可以同时推进本日和本周的不同目标。等级奖励使用主动领取，避免把任务完成与领取奖励混为一件事。 | L15: 任务完成时自动获得经验，无需点击领取；同一场可以同时推进本日和本周的不同目标。等级奖励使用主动领取，避免把任务完成与领取奖励混为一件事。
G16: 任务完成时自动获得经验，无需点击领取；同一场可以同时推进本日和本周的不同目标。等级奖励使用主动领取，避免把任务完成与领取奖励混为一件事。 | H16: 任务完成时自动获得经验，无需点击领取；同一场可以同时推进本日和本周的不同目标。等级奖励使用主动领取，避免把任务完成与领取奖励混为一件事。 | I16: 任务完成时自动获得经验，无需点击领取；同一场可以同时推进本日和本周的不同目标。等级奖励使用主动领取，避免把任务完成与领取奖励混为一件事。 | J16: 任务完成时自动获得经验，无需点击领取；同一场可以同时推进本日和本周的不同目标。等级奖励使用主动领取，避免把任务完成与领取奖励混为一件事。 | K16: 任务完成时自动获得经验，无需点击领取；同一场可以同时推进本日和本周的不同目标。等级奖励使用主动领取，避免把任务完成与领取奖励混为一件事。 | L16: 任务完成时自动获得经验，无需点击领取；同一场可以同时推进本日和本周的不同目标。等级奖励使用主动领取，避免把任务完成与领取奖励混为一件事。
... G22: 成长区左侧显示等级，中间显示级内经验条，条下显示下一关键奖励，右侧提供查看任务。具体状态与结算示例见第5章；逐级需求见附表B。 | H22: 成长区左侧显示等级，中间显示级内经验条，条下显示下一关键奖励，右侧提供查看任务。具体状态与结算示例见第5章；逐级需求见附表B。 | I22: 成长区左侧显示等级，中间显示级内经验条，条下显示下一关键奖励，右侧提供查看任务。具体状态与结算示例见第5章；逐级需求见附表B。 | J22: 成长区左侧显示等级，中间显示级内经验条，条下显示下一关键奖励，右侧提供查看任务。具体状态与结算示例见第5章；逐级需求见附表B。 | K22: 成长区左侧显示等级，中间显示级内经验条，条下显示下一关键奖励，右侧提供查看任务。具体状态与结算示例见第5章；逐级需求见附表B。 | L22: 成长区左侧显示等级，中间显示级内经验条，条下显示下一关键奖励，右侧提供查看任务。具体状态与结算示例见第5章；逐级需求见附表B。
B24: 2.2 每日与每周任务规则 | C24: 2.2 每日与每周任务规则 | D24: 2.2 每日与每周任务规则 | E24: 2.2 每日与每周任务规则 | F24: 2.2 每日与每周任务规则 | G24: 2.2 每日与每周任务规则 | H24: 2.2 每日与每周任务规则 | I24: 2.2 每日与每周任务规则 | J24: 2.2 每日与每周任务规则 | K24: 2.2 每日与每周任务规则 | L24: 2.2 每日与每周任务规则
G25: 2.2.1 每日目标 | H25: 2.2.1 每日目标 | I25: 2.2.1 每日目标 | J25: 2.2.1 每日目标 | K25: 2.2.1 每日目标 | L25: 2.2.1 每日目标
G26: 每日3项：完成1场正常对局、累计参与10分钟、完成2场正常对局，各200经验，共600。北京时间05:00刷新未完成进度，已得经验保留。正常两场通常顺路完成，不限定具体游戏内容。 | H26: 每日3项：完成1场正常对局、累计参与10分钟、完成2场正常对局，各200经验，共600。北京时间05:00刷新未完成进度，已得经验保留。正常两场通常顺路完成，不限定具体游戏内容。 | I26: 每日3项：完成1场正常对局、累计参与10分钟、完成2场正常对局，各200经验，共600。北京时间05:00刷新未完成进度，已得经验保留。正常两场通常顺路完成，不限定具体游戏内容。 | J26: 每日3项：完成1场正常对局、累计参与10分钟、完成2场正常对局，各200经验，共600。北京时间05:00刷新未完成进度，已得经验保留。正常两场通常顺路完成，不限定具体游戏内容。 | K26: 每日3项：完成1场正常对局、累计参与10分钟、完成2场正常对局，各200经验，共600。北京时间05:00刷新未完成进度，已得经验保留。正常两场通常顺路完成，不限定具体游戏内容。 | L26: 每日3项：完成1场正常对局、累计参与10分钟、完成2场正常对局，各200经验，共600。北京时间05:00刷新未完成进度，已得经验保留。正常两场通常顺路完成，不限定具体游戏内容。
G27: 每日3项：完成1场正常对局、累计参与10分钟、完成2场正常对局，各200经验，共600。北京时间05:00刷新未完成进度，已得经验保留。正常两场通常顺路完成，不限定具体游戏内容。 | H27: 每日3项：完成1场正常对局、累计参与10分钟、完成2场正常对局，各200经验，共600。北京时间05:00刷新未完成进度，已得经验保留。正常两场通常顺路完成，不限定具体游戏内容。 | I27: 每日3项：完成1场正常对局、累计参与10分钟、完成2场正常对局，各200经验，共600。北京时间05:00刷新未完成进度，已得经验保留。正常两场通常顺路完成，不限定具体游戏内容。 | J27: 每日3项：完成1场正常对局、累计参与10分钟、完成2场正常对局，各200经验，共600。北京时间05:00刷新未完成进度，已得经验保留。正常两场通常顺路完成，不限定具体游戏内容。 | K27: 每日3项：完成1场正常对局、累计参与10分钟、完成2场正常对局，各200经验，共600。北京时间05:00刷新未完成进度，已得经验保留。正常两场通常顺路完成，不限定具体游戏内容。 | L27: 每日3项：完成1场正常对局、累计参与10分钟、完成2场正常对局，各200经验，共600。北京时间05:00刷新未完成进度，已得经验保留。正常两场通常顺路完成，不限定具体游戏内容。
G28: 2.2.2 周任务组成 | H28: 2.2.2 周任务组成 | I28: 2.2.2 周任务组成 | J28: 2.2.2 周任务组成 | K28: 2.2.2 周任务组成 | L28: 2.2.2 周任务组成
G29: 每周开放一组五项，每项1200经验，整组6000。五项分别承担基础参与、玩法体验、机制应用、操作拓展、赛季主题的作用，具体目标根据游戏内容确定。8周共40项、48000经验。 | H29: 每周开放一组五项，每项1200经验，整组6000。五项分别承担基础参与、玩法体验、机制应用、操作拓展、赛季主题的作用，具体目标根据游戏内容确定。8周共40项、48000经验。 | I29: 每周开放一组五项，每项1200经验，整组6000。五项分别承担基础参与、玩法体验、机制应用、操作拓展、赛季主题的作用，具体目标根据游戏内容确定。8周共40项、48000经验。 | J29: 每周开放一组五项，每项1200经验，整组6000。五项分别承担基础参与、玩法体验、机制应用、操作拓展、赛季主题的作用，具体目标根据游戏内容确定。8周共40项、48000经验。 | K29: 每周开放一组五项，每项1200经验，整组6000。五项分别承担基础参与、玩法体验、机制应用、操作拓展、赛季主题的作用，具体目标根据游戏内容确定。8周共40项、48000经验。 | L29: 每周开放一组五项，每项1200经验，整组6000。五项分别承担基础参与、玩法体验、机制应用、操作拓展、赛季主题的作用，具体目标根据游戏内容确定。8周共40项、48000经验。
G30: 每周开放一组五项，每项1200经验，整组6000。五项分别承担基础参与、玩法体验、机制应用、操作拓展、赛季主题的作用，具体目标根据游戏内容确定。8周共40项、48000经验。 | H30: 每周开放一组五项，每项1200经验，整组6000。五项分别承担基础参与、玩法体验、机制应用、操作拓展、赛季主题的作用，具体目标根据游戏内容确定。8周共40项、48000经验。 | I30: 每周开放一组五项，每项1200经验，整组6000。五项分别承担基础参与、玩法体验、机制应用、操作拓展、赛季主题的作用，具体目标根据游戏内容确定。8周共40项、48000经验。 | J30: 每周开放一组五项，每项1200经验，整组6000。五项分别承担基础参与、玩法体验、机制应用、操作拓展、赛季主题的作用，具体目标根据游戏内容确定。8周共40项、48000经验。 | K30: 每周开放一组五项，每项1200经验，整组6000。五项分别承担基础参与、玩法体验、机制应用、操作拓展、赛季主题的作用，具体目标根据游戏内容确定。8周共40项、48000经验。 | L30: 每周开放一组五项，每项1200经验，整组6000。五项分别承担基础参与、玩法体验、机制应用、操作拓展、赛季主题的作用，具体目标根据游戏内容确定。8周共40项、48000经验。
G31: 2.2.3 计数口径 | H31: 2.2.3 计数口径 | I31: 2.2.3 计数口径 | J31: 2.2.3 计数口径 | K31: 2.2.3 计数口径 | L31: 2.2.3 计数口径
G32: 基础参与累计4场正常结算；其他四项各累计2场达标对局。行为项须在本场满足对应门槛才记1场，单场反复操作只记1次；不足条件仍可获得正常对局经验。具体行为门槛按游戏内容与上手难度确定。 | H32: 基础参与累计4场正常结算；其他四项各累计2场达标对局。行为项须在本场满足对应门槛才记1场，单场反复操作只记1次；不足条件仍可获得正常对局经验。具体行为门槛按游戏内容与上手难度确定。 | I32: 基础参与累计4场正常结算；其他四项各累计2场达标对局。行为项须在本场满足对应门槛才记1场，单场反复操作只记1次；不足条件仍可获得正常对局经验。具体行为门槛按游戏内容与上手难度确定。 | J32: 基础参与累计4场正常结算；其他四项各累计2场达标对局。行为项须在本场满足对应门槛才记1场，单场反复操作只记1次；不足条件仍可获得正常对局经验。具体行为门槛按游戏内容与上手难度确定。 | K32: 基础参与累计4场正常结算；其他四项各累计2场达标对局。行为项须在本场满足对应门槛才记1场，单场反复操作只记1次；不足条件仍可获得正常对局经验。具体行为门槛按游戏内容与上手难度确定。 | L32: 基础参与累计4场正常结算；其他四项各累计2场达标对局。行为项须在本场满足对应门槛才记1场，单场反复操作只记1次；不足条件仍可获得正常对局经验。具体行为门槛按游戏内容与上手难度确定。
G33: 基础参与累计4场正常结算；其他四项各累计2场达标对局。行为项须在本场满足对应门槛才记1场，单场反复操作只记1次；不足条件仍可获得正常对局经验。具体行为门槛按游戏内容与上手难度确定。 | H33: 基础参与累计4场正常结算；其他四项各累计2场达标对局。行为项须在本场满足对应门槛才记1场，单场反复操作只记1次；不足条件仍可获得正常对局经验。具体行为门槛按游戏内容与上手难度确定。 | I33: 基础参与累计4场正常结算；其他四项各累计2场达标对局。行为项须在本场满足对应门槛才记1场，单场反复操作只记1次；不足条件仍可获得正常对局经验。具体行为门槛按游戏内容与上手难度确定。 | J33: 基础参与累计4场正常结算；其他四项各累计2场达标对局。行为项须在本场满足对应门槛才记1场，单场反复操作只记1次；不足条件仍可获得正常对局经验。具体行为门槛按游戏内容与上手难度确定。 | K33: 基础参与累计4场正常结算；其他四项各累计2场达标对局。行为项须在本场满足对应门槛才记1场，单场反复操作只记1次；不足条件仍可获得正常对局经验。具体行为门槛按游戏内容与上手难度确定。 | L33: 基础参与累计4场正常结算；其他四项各累计2场达标对局。行为项须在本场满足对应门槛才记1场，单场反复操作只记1次；不足条件仍可获得正常对局经验。具体行为门槛按游戏内容与上手难度确定。
G34: 2.2.4 有效范围 | H34: 2.2.4 有效范围 | I34: 2.2.4 有效范围 | J34: 2.2.4 有效范围 | K34: 2.2.4 有效范围 | L34: 2.2.4 有效范围
G35: 计数范围根据游戏实际内容统一说明，选用可正常参与且有有效结算的内容。等待、违规挂机、提前退出未结算和无效果的重复操作不计任务进度。 | H35: 计数范围根据游戏实际内容统一说明，选用可正常参与且有有效结算的内容。等待、违规挂机、提前退出未结算和无效果的重复操作不计任务进度；不要求胜利或稀有成果。 | I35: 计数范围根据游戏实际内容统一说明，选用可正常参与且有有效结算的内容。等待、违规挂机、提前退出未结算和无效果的重复操作不计任务进度；不要求胜利或稀有成果。 | J35: 计数范围根据游戏实际内容统一说明，选用可正常参与且有有效结算的内容。等待、违规挂机、提前退出未结算和无效果的重复操作不计任务进度；不要求胜利或稀有成果。 | K35: 计数范围根据游戏实际内容统一说明，选用可正常参与且有有效结算的内容。等待、违规挂机、提前退出未结算和无效果的重复操作不计任务进度；不要求胜利或稀有成果。 | L35: 计数范围根据游戏实际内容统一说明，选用可正常参与且有有效结算的内容。等待、违规挂机、提前退出未结算和无效果的重复操作不计任务进度；不要求胜利或稀有成果。
G36: 计数范围根据游戏实际内容统一说明，选用可正常参与且有有效结算的内容。等待、违规挂机、提前退出未结算和无效果的重复操作不计任务进度；不要求胜利或稀有成果。 | H36: 计数范围根据游戏实际内容统一说明，选用可正常参与且有有效结算的内容。等待、违规挂机、提前退出未结算和无效果的重复操作不计任务进度；不要求胜利或稀有成果。 | I36: 计数范围根据游戏实际内容统一说明，选用可正常参与且有有效结算的内容。等待、违规挂机、提前退出未结算和无效果的重复操作不计任务进度；不要求胜利或稀有成果。 | J36: 计数范围根据游戏实际内容统一说明，选用可正常参与且有有效结算的内容。等待、违规挂机、提前退出未结算和无效果的重复操作不计任务进度；不要求胜利或稀有成果。 | K36: 计数范围根据游戏实际内容统一说明，选用可正常参与且有有效结算的内容。等待、违规挂机、提前退出未结算和无效果的重复操作不计任务进度；不要求胜利或稀有成果。 | L36: 计数范围根据游戏实际内容统一说明，选用可正常参与且有有效结算的内容。等待、违规挂机、提前退出未结算和无效果的重复操作不计任务进度；不要求胜利或稀有成果。
... G42: 完成即自动加经验，卡片左侧方框显示勾、进度满格、右侧灰色按钮写“经验已到账”。任务不加入奖励领取数量；具体勾与提醒的白模见第5章。 | H42: 完成即自动加经验，卡片左侧方框显示勾、进度满格、右侧灰色按钮写“经验已到账”。任务不加入奖励领取数量；具体勾与提醒的白模见第5章。 | I42: 完成即自动加经验，卡片左侧方框显示勾、进度满格、右侧灰色按钮写“经验已到账”。任务不加入奖励领取数量；具体勾与提醒的白模见第5章。 | J42: 完成即自动加经验，卡片左侧方框显示勾、进度满格、右侧灰色按钮写“经验已到账”。任务不加入奖励领取数量；具体勾与提醒的白模见第5章。 | K42: 完成即自动加经验，卡片左侧方框显示勾、进度满格、右侧灰色按钮写“经验已到账”。任务不加入奖励领取数量；具体勾与提醒的白模见第5章。 | L42: 完成即自动加经验，卡片左侧方框显示勾、进度满格、右侧灰色按钮写“经验已到账”。任务不加入奖励领取数量；具体勾与提醒的白模见第5章。
B44: 2.3 五项周任务设计原理 | C44: 2.3 五项周任务设计原理 | D44: 2.3 五项周任务设计原理 | E44: 2.3 五项周任务设计原理 | F44: 2.3 五项周任务设计原理 | G44: 2.3 五项周任务设计原理 | H44: 2.3 五项周任务设计原理 | I44: 2.3 五项周任务设计原理 | J44: 2.3 五项周任务设计原理 | K44: 2.3 五项周任务设计原理 | L44: 2.3 五项周任务设计原理
G45: 2.3.1 第1项：基础参与 | H45: 2.3.1 第1项：基础参与 | I45: 2.3.1 第1项：基础参与 | J45: 2.3.1 第1项：基础参与 | K45: 2.3.1 第1项：基础参与 | L45: 2.3.1 第1项：基础参与
G46: 目的：承接正常游玩，建立容易理解的起点。累计4场正常结算，整组约40–60分钟；它与其余四项顺路推进，不额外占一段时间，不附加胜率和排名门槛。 | H46: 目的：承接正常游玩，建立容易理解的起点。累计4场正常结算，整组约40–60分钟；它与其余四项顺路推进，不额外占一段时间，不附加胜率和排名门槛。 | I46: 目的：承接正常游玩，建立容易理解的起点。累计4场正常结算，整组约40–60分钟；它与其余四项顺路推进，不额外占一段时间，不附加胜率和排名门槛。 | J46: 目的：承接正常游玩，建立容易理解的起点。累计4场正常结算，整组约40–60分钟；它与其余四项顺路推进，不额外占一段时间，不附加胜率和排名门槛。 | K46: 目的：承接正常游玩，建立容易理解的起点。累计4场正常结算，整组约40–60分钟；它与其余四项顺路推进，不额外占一段时间，不附加胜率和排名门槛。 | L46: 目的：承接正常游玩，建立容易理解的起点。累计4场正常结算，整组约40–60分钟；它与其余四项顺路推进，不额外占一段时间，不附加胜率和排名门槛。
G47: 目的：承接正常游玩，建立容易理解的起点。累计4场正常结算，整组约40–60分钟；它与其余四项顺路推进，不额外占一段时间，不附加胜率和排名门槛。 | H47: 目的：承接正常游玩，建立容易理解的起点。累计4场正常结算，整组约40–60分钟；它与其余四项顺路推进，不额外占一段时间，不附加胜率和排名门槛。 | I47: 目的：承接正常游玩，建立容易理解的起点。累计4场正常结算，整组约40–60分钟；它与其余四项顺路推进，不额外占一段时间，不附加胜率和排名门槛。 | J47: 目的：承接正常游玩，建立容易理解的起点。累计4场正常结算，整组约40–60分钟；它与其余四项顺路推进，不额外占一段时间，不附加胜率和排名门槛。 | K47: 目的：承接正常游玩，建立容易理解的起点。累计4场正常结算，整组约40–60分钟；它与其余四项顺路推进，不额外占一段时间，不附加胜率和排名门槛。 | L47: 目的：承接正常游玩，建立容易理解的起点。累计4场正常结算，整组约40–60分钟；它与其余四项顺路推进，不额外占一段时间，不附加胜率和排名门槛。
G48: 2.3.2 第2项：玩法体验 | H48: 2.3.2 第2项：玩法体验 | I48: 2.3.2 第2项：玩法体验 | J48: 2.3.2 第2项：玩法体验 | K48: 2.3.2 第2项：玩法体验 | L48: 2.3.2 第2项：玩法体验
G49: 目的：引导体验本周情境A，避免只反复做泛用时长目标。累计2场达标对局，预计20–30分钟；与第1、3项一起做。情境A对应的具体玩法或内容范围根据游戏内容确定。 | H49: 目的：引导体验本周情境A，避免只反复做泛用时长目标。累计2场达标对局，预计20–30分钟；与第1、3项一起做。情境A对应的具体玩法或内容范围根据游戏内容确定。 | I49: 目的：引导体验本周情境A，避免只反复做泛用时长目标。累计2场达标对局，预计20–30分钟；与第1、3项一起做。情境A对应的具体玩法或内容范围根据游戏内容确定。 | J49: 目的：引导体验本周情境A，避免只反复做泛用时长目标。累计2场达标对局，预计20–30分钟；与第1、3项一起做。情境A对应的具体玩法或内容范围根据游戏内容确定。 | K49: 目的：引导体验本周情境A，避免只反复做泛用时长目标。累计2场达标对局，预计20–30分钟；与第1、3项一起做。情境A对应的具体玩法或内容范围根据游戏内容确定。 | L49: 目的：引导体验本周情境A，避免只反复做泛用时长目标。累计2场达标对局，预计20–30分钟；与第1、3项一起做。情境A对应的具体玩法或内容范围根据游戏内容确定。
G50: 目的：引导体验本周情境A，避免只反复做泛用时长目标。累计2场达标对局，预计20–30分钟；与第1、3项一起做。情境A对应的具体玩法或内容范围根据游戏内容确定。 | H50: 目的：引导体验本周情境A，避免只反复做泛用时长目标。累计2场达标对局，预计20–30分钟；与第1、3项一起做。情境A对应的具体玩法或内容范围根据游戏内容确定。 | I50: 目的：引导体验本周情境A，避免只反复做泛用时长目标。累计2场达标对局，预计20–30分钟；与第1、3项一起做。情境A对应的具体玩法或内容范围根据游戏内容确定。 | J50: 目的：引导体验本周情境A，避免只反复做泛用时长目标。累计2场达标对局，预计20–30分钟；与第1、3项一起做。情境A对应的具体玩法或内容范围根据游戏内容确定。 | K50: 目的：引导体验本周情境A，避免只反复做泛用时长目标。累计2场达标对局，预计20–30分钟；与第1、3项一起做。情境A对应的具体玩法或内容范围根据游戏内容确定。 | L50: 目的：引导体验本周情境A，避免只反复做泛用时长目标。累计2场达标对局，预计20–30分钟；与第1、3项一起做。情境A对应的具体玩法或内容范围根据游戏内容确定。
G51: 2.3.3 第3项：机制应用 | H51: 2.3.3 第3项：机制应用 | I51: 2.3.3 第3项：机制应用 | J51: 2.3.3 第3项：机制应用 | K51: 2.3.3 第3项：机制应用 | L51: 2.3.3 第3项：机制应用
G52: 目的：让玩家在情境A里主动尝试一种基础机制。累计2场满足低难度行为要求的对局，预计20–30分钟；与第1、2项一起做。具体行为与门槛根据游戏内容确定，须有实际效果，空操作不计。 | H52: 目的：让玩家在情境A里主动尝试一种基础机制。累计2场满足低难度行为要求的对局，预计20–30分钟；与第1、2项一起做。具体行为与门槛根据游戏内容确定，须有实际效果，空操作不计。 | I52: 目的：让玩家在情境A里主动尝试一种基础机制。累计2场满足低难度行为要求的对局，预计20–30分钟；与第1、2项一起做。具体行为与门槛根据游戏内容确定，须有实际效果，空操作不计。 | J52: 目的：让玩家在情境A里主动尝试一种基础机制。累计2场满足低难度行为要求的对局，预计20–30分钟；与第1、2项一起做。具体行为与门槛根据游戏内容确定，须有实际效果，空操作不计。 | K52: 目的：让玩家在情境A里主动尝试一种基础机制。累计2场满足低难度行为要求的对局，预计20–30分钟；与第1、2项一起做。具体行为与门槛根据游戏内容确定，须有实际效果，空操作不计。 | L52: 目的：让玩家在情境A里主动尝试一种基础机制。累计2场满足低难度行为要求的对局，预计20–30分钟；与第1、2项一起做。具体行为与门槛根据游戏内容确定，须有实际效果，空操作不计。
G53: 目的：让玩家在情境A里主动尝试一种基础机制。累计2场满足低难度行为要求的对局，预计20–30分钟；与第1、2项一起做。具体行为与门槛根据游戏内容确定，须有实际效果，空操作不计。 | H53: 目的：让玩家在情境A里主动尝试一种基础机制。累计2场满足低难度行为要求的对局，预计20–30分钟；与第1、2项一起做。具体行为与门槛根据游戏内容确定，须有实际效果，空操作不计。 | I53: 目的：让玩家在情境A里主动尝试一种基础机制。累计2场满足低难度行为要求的对局，预计20–30分钟；与第1、2项一起做。具体行为与门槛根据游戏内容确定，须有实际效果，空操作不计。 | J53: 目的：让玩家在情境A里主动尝试一种基础机制。累计2场满足低难度行为要求的对局，预计20–30分钟；与第1、2项一起做。具体行为与门槛根据游戏内容确定，须有实际效果，空操作不计。 | K53: 目的：让玩家在情境A里主动尝试一种基础机制。累计2场满足低难度行为要求的对局，预计20–30分钟；与第1、2项一起做。具体行为与门槛根据游戏内容确定，须有实际效果，空操作不计。 | L53: 目的：让玩家在情境A里主动尝试一种基础机制。累计2场满足低难度行为要求的对局，预计20–30分钟；与第1、2项一起做。具体行为与门槛根据游戏内容确定，须有实际效果，空操作不计。
G54: 2.3.4 第4项：操作拓展 | H54: 2.3.4 第4项：操作拓展 | I54: 2.3.4 第4项：操作拓展 | J54: 2.3.4 第4项：操作拓展 | K54: 2.3.4 第4项：操作拓展 | L54: 2.3.4 第4项：操作拓展
G55: 目的：引导尝试另一类操作，形成适量内容变化。在情境B累计2场有效操作达标对局，预计20–30分钟；与第1、5项一起做。具体操作根据游戏内容确定，A与B在同场中互斥。 | H55: 目的：引导尝试另一类操作，形成适量内容变化。在情境B累计2场有效操作达标对局，预计20–30分钟；与第1、5项一起做。具体操作根据游戏内容确定，A与B在同场中互斥。 | I55: 目的：引导尝试另一类操作，形成适量内容变化。在情境B累计2场有效操作达标对局，预计20–30分钟；与第1、5项一起做。具体操作根据游戏内容确定，A与B在同场中互斥。 | J55: 目的：引导尝试另一类操作，形成适量内容变化。在情境B累计2场有效操作达标对局，预计20–30分钟；与第1、5项一起做。具体操作根据游戏内容确定，A与B在同场中互斥。 | K55: 目的：引导尝试另一类操作，形成适量内容变化。在情境B累计2场有效操作达标对局，预计20–30分钟；与第1、5项一起做。具体操作根据游戏内容确定，A与B在同场中互斥。 | L55: 目的：引导尝试另一类操作，形成适量内容变化。在情境B累计2场有效操作达标对局，预计20–30分钟；与第1、5项一起做。具体操作根据游戏内容确定，A与B在同场中互斥。
G56: 目的：引导尝试另一类操作，形成适量内容变化。在情境B累计2场有效操作达标对局，预计20–30分钟；与第1、5项一起做。具体操作根据游戏内容确定，A与B在同场中互斥。 | H56: 目的：引导尝试另一类操作，形成适量内容变化。在情境B累计2场有效操作达标对局，预计20–30分钟；与第1、5项一起做。具体操作根据游戏内容确定，A与B在同场中互斥。 | I56: 目的：引导尝试另一类操作，形成适量内容变化。在情境B累计2场有效操作达标对局，预计20–30分钟；与第1、5项一起做。具体操作根据游戏内容确定，A与B在同场中互斥。 | J56: 目的：引导尝试另一类操作，形成适量内容变化。在情境B累计2场有效操作达标对局，预计20–30分钟；与第1、5项一起做。具体操作根据游戏内容确定，A与B在同场中互斥。 | K56: 目的：引导尝试另一类操作，形成适量内容变化。在情境B累计2场有效操作达标对局，预计20–30分钟；与第1、5项一起做。具体操作根据游戏内容确定，A与B在同场中互斥。 | L56: 目的：引导尝试另一类操作，形成适量内容变化。在情境B累计2场有效操作达标对局，预计20–30分钟；与第1、5项一起做。具体操作根据游戏内容确定，A与B在同场中互斥。
... G62: A、B表示两组由实际游戏内容确定的条件。单场最多推进三项：1+2+3，或1+4+5。A两场加B两场，共4场，整组40–60分钟，可分两次各20–30分钟；不能把五项耗时相加。实际场景与行为需保证能按此关系完成。 | H62: A、B表示两组由实际游戏内容确定的条件。单场最多推进三项：1+2+3，或1+4+5。A两场加B两场，共4场，整组40–60分钟，可分两次各20–30分钟；不能把五项耗时相加。实际场景与行为需保证能按此关系完成。 | I62: A、B表示两组由实际游戏内容确定的条件。单场最多推进三项：1+2+3，或1+4+5。A两场加B两场，共4场，整组40–60分钟，可分两次各20–30分钟；不能把五项耗时相加。实际场景与行为需保证能按此关系完成。 | J62: A、B表示两组由实际游戏内容确定的条件。单场最多推进三项：1+2+3，或1+4+5。A两场加B两场，共4场，整组40–60分钟，可分两次各20–30分钟；不能把五项耗时相加。实际场景与行为需保证能按此关系完成。 | K62: A、B表示两组由实际游戏内容确定的条件。单场最多推进三项：1+2+3，或1+4+5。A两场加B两场，共4场，整组40–60分钟，可分两次各20–30分钟；不能把五项耗时相加。实际场景与行为需保证能按此关系完成。 | L62: A、B表示两组由实际游戏内容确定的条件。单场最多推进三项：1+2+3，或1+4+5。A两场加B两场，共4场，整组40–60分钟，可分两次各20–30分钟；不能把五项耗时相加。实际场景与行为需保证能按此关系完成。
B64: 2.4 参与负担与成长节奏 | C64: 2.4 参与负担与成长节奏 | D64: 2.4 参与负担与成长节奏 | E64: 2.4 参与负担与成长节奏 | F64: 2.4 参与负担与成长节奏 | G64: 2.4 参与负担与成长节奏 | H64: 2.4 参与负担与成长节奏 | I64: 2.4 参与负担与成长节奏 | J64: 2.4 参与负担与成长节奏 | K64: 2.4 参与负担与成长节奏 | L64: 2.4 参与负担与成长节奏
G65: 2.4.1 测算假设 | H65: 2.4.1 测算假设 | I65: 2.4.1 测算假设 | J65: 2.4.1 测算假设 | K65: 2.4.1 测算假设 | L65: 2.4.1 测算假设
G66: 每场10–15分钟，每参与日2场并完成日任务。每组情境A、B各2场，且对应行为均达标，完成五项。40–60分钟是达标顺利时的设计目标；若达标率降低，应重新评估，而非认为所有玩家必然四场完成。 | H66: 每场10–15分钟，每参与日2场并完成日任务。每组情境A、B各2场，且对应行为均达标，完成五项。40–60分钟是达标顺利时的设计目标；若达标率降低，应重新评估，而非认为所有玩家必然四场完成。 | I66: 每场10–15分钟，每参与日2场并完成日任务。每组情境A、B各2场，且对应行为均达标，完成五项。40–60分钟是达标顺利时的设计目标；若达标率降低，应重新评估，而非认为所有玩家必然四场完成。 | J66: 每场10–15分钟，每参与日2场并完成日任务。每组情境A、B各2场，且对应行为均达标，完成五项。40–60分钟是达标顺利时的设计目标；若达标率降低，应重新评估，而非认为所有玩家必然四场完成。 | K66: 每场10–15分钟，每参与日2场并完成日任务。每组情境A、B各2场，且对应行为均达标，完成五项。40–60分钟是达标顺利时的设计目标；若达标率降低，应重新评估，而非认为所有玩家必然四场完成。 | L66: 每场10–15分钟，每参与日2场并完成日任务。每组情境A、B各2场，且对应行为均达标，完成五项。40–60分钟是达标顺利时的设计目标；若达标率降低，应重新评估，而非认为所有玩家必然四场完成。
G67: 每场10–15分钟，每参与日2场并完成日任务。每组情境A、B各2场，且对应行为均达标，完成五项。40–60分钟是达标顺利时的设计目标；若达标率降低，应重新评估，而非认为所有玩家必然四场完成。 | H67: 每场10–15分钟，每参与日2场并完成日任务。每组情境A、B各2场，且对应行为均达标，完成五项。40–60分钟是达标顺利时的设计目标；若达标率降低，应重新评估，而非认为所有玩家必然四场完成。 | I67: 每场10–15分钟，每参与日2场并完成日任务。每组情境A、B各2场，且对应行为均达标，完成五项。40–60分钟是达标顺利时的设计目标；若达标率降低，应重新评估，而非认为所有玩家必然四场完成。 | J67: 每场10–15分钟，每参与日2场并完成日任务。每组情境A、B各2场，且对应行为均达标，完成五项。40–60分钟是达标顺利时的设计目标；若达标率降低，应重新评估，而非认为所有玩家必然四场完成。 | K67: 每场10–15分钟，每参与日2场并完成日任务。每组情境A、B各2场，且对应行为均达标，完成五项。40–60分钟是达标顺利时的设计目标；若达标率降低，应重新评估，而非认为所有玩家必然四场完成。 | L67: 每场10–15分钟，每参与日2场并完成日任务。每组情境A、B各2场，且对应行为均达标，完成五项。40–60分钟是达标顺利时的设计目标；若达标率降低，应重新评估，而非认为所有玩家必然四场完成。
G68: 2.4.2 轻度参与 | H68: 2.4.2 轻度参与 | I68: 2.4.2 轻度参与 | J68: 2.4.2 轻度参与 | K68: 2.4.2 轻度参与 | L68: 2.4.2 轻度参与
G69: 每周2天、每天2场，每周2×800＋6000＝7600，约40–60分钟。四场按A、B各两场安排，兼顾五项任务。8周60800，按周末在第7周满级；后续经验转入补给。 | H69: 每周2天、每天2场，每周2×800＋6000＝7600，约40–60分钟。四场按A、B各两场安排，兼顾五项任务。8周60800，按周末在第7周满级；后续经验转入补给。 | I69: 每周2天、每天2场，每周2×800＋6000＝7600，约40–60分钟。四场按A、B各两场安排，兼顾五项任务。8周60800，按周末在第7周满级；后续经验转入补给。 | J69: 每周2天、每天2场，每周2×800＋6000＝7600，约40–60分钟。四场按A、B各两场安排，兼顾五项任务。8周60800，按周末在第7周满级；后续经验转入补给。 | K69: 每周2天、每天2场，每周2×800＋6000＝7600，约40–60分钟。四场按A、B各两场安排，兼顾五项任务。8周60800，按周末在第7周满级；后续经验转入补给。 | L69: 每周2天、每天2场，每周2×800＋6000＝7600，约40–60分钟。四场按A、B各两场安排，兼顾五项任务。8周60800，按周末在第7周满级；后续经验转入补给。
G70: 每周2天、每天2场，每周2×800＋6000＝7600，约40–60分钟。四场按A、B各两场安排，兼顾五项任务。8周60800，按周末在第7周满级；后续经验转入补给。 | H70: 每周2天、每天2场，每周2×800＋6000＝7600，约40–60分钟。四场按A、B各两场安排，兼顾五项任务。8周60800，按周末在第7周满级；后续经验转入补给。 | I70: 每周2天、每天2场，每周2×800＋6000＝7600，约40–60分钟。四场按A、B各两场安排，兼顾五项任务。8周60800，按周末在第7周满级；后续经验转入补给。 | J70: 每周2天、每天2场，每周2×800＋6000＝7600，约40–60分钟。四场按A、B各两场安排，兼顾五项任务。8周60800，按周末在第7周满级；后续经验转入补给。 | K70: 每周2天、每天2场，每周2×800＋6000＝7600，约40–60分钟。四场按A、B各两场安排，兼顾五项任务。8周60800，按周末在第7周满级；后续经验转入补给。 | L70: 每周2天、每天2场，每周2×800＋6000＝7600，约40–60分钟。四场按A、B各两场安排，兼顾五项任务。8周60800，按周末在第7周满级；后续经验转入补给。
G71: 2.4.3 常规参与 | H71: 2.4.3 常规参与 | I71: 2.4.3 常规参与 | J71: 2.4.3 常规参与 | K71: 2.4.3 常规参与 | L71: 2.4.3 常规参与
G72: 每周3天、每天2场，每周3×800＋6000＝8400，约60–90分钟。其中四场完成本周内容，剩余两场自由安排。8周67200，第6周满级；周任务占约71.4%，无需追加大量泛用场次。 | H72: 每周3天、每天2场，每周3×800＋6000＝8400，约60–90分钟。其中四场完成本周内容，剩余两场自由安排。8周67200，第6周满级；周任务占约71.4%，无需追加大量泛用场次。 | I72: 每周3天、每天2场，每周3×800＋6000＝8400，约60–90分钟。其中四场完成本周内容，剩余两场自由安排。8周67200，第6周满级；周任务占约71.4%，无需追加大量泛用场次。 | J72: 每周3天、每天2场，每周3×800＋6000＝8400，约60–90分钟。其中四场完成本周内容，剩余两场自由安排。8周67200，第6周满级；周任务占约71.4%，无需追加大量泛用场次。 | K72: 每周3天、每天2场，每周3×800＋6000＝8400，约60–90分钟。其中四场完成本周内容，剩余两场自由安排。8周67200，第6周满级；周任务占约71.4%，无需追加大量泛用场次。 | L72: 每周3天、每天2场，每周3×800＋6000＝8400，约60–90分钟。其中四场完成本周内容，剩余两场自由安排。8周67200，第6周满级；周任务占约71.4%，无需追加大量泛用场次。
G73: 每周3天、每天2场，每周3×800＋6000＝8400，约60–90分钟。其中四场完成本周内容，剩余两场自由安排。8周67200，第6周满级；周任务占约71.4%，无需追加大量泛用场次。 | H73: 每周3天、每天2场，每周3×800＋6000＝8400，约60–90分钟。其中四场完成本周内容，剩余两场自由安排。8周67200，第6周满级；周任务占约71.4%，无需追加大量泛用场次。 | I73: 每周3天、每天2场，每周3×800＋6000＝8400，约60–90分钟。其中四场完成本周内容，剩余两场自由安排。8周67200，第6周满级；周任务占约71.4%，无需追加大量泛用场次。 | J73: 每周3天、每天2场，每周3×800＋6000＝8400，约60–90分钟。其中四场完成本周内容，剩余两场自由安排。8周67200，第6周满级；周任务占约71.4%，无需追加大量泛用场次。 | K73: 每周3天、每天2场，每周3×800＋6000＝8400，约60–90分钟。其中四场完成本周内容，剩余两场自由安排。8周67200，第6周满级；周任务占约71.4%，无需追加大量泛用场次。 | L73: 每周3天、每天2场，每周3×800＋6000＝8400，约60–90分钟。其中四场完成本周内容，剩余两场自由安排。8周67200，第6周满级；周任务占约71.4%，无需追加大量泛用场次。
G74: 2.4.4 漏玩余量 | H74: 2.4.4 漏玩余量 | I74: 2.4.4 漏玩余量 | J74: 2.4.4 漏玩余量 | K74: 2.4.4 漏玩余量 | L74: 2.4.4 漏玩余量
G75: 轻度漏1周且不补该组任务，累计53200仍可满级；常规漏2周且不补历史组为50400。历史补做可恢复任务收益，但仍需满足实际条件，不承诺在原有场数内免费补齐全部内容。 | H75: 轻度漏1周且不补该组任务，累计53200仍可满级；常规漏2周且不补历史组为50400。历史补做可恢复任务收益，但仍需满足实际条件，不承诺在原有场数内免费补齐全部内容。 | I75: 轻度漏1周且不补该组任务，累计53200仍可满级；常规漏2周且不补历史组为50400。历史补做可恢复任务收益，但仍需满足实际条件，不承诺在原有场数内免费补齐全部内容。 | J75: 轻度漏1周且不补该组任务，累计53200仍可满级；常规漏2周且不补历史组为50400。历史补做可恢复任务收益，但仍需满足实际条件，不承诺在原有场数内免费补齐全部内容。 | K75: 轻度漏1周且不补该组任务，累计53200仍可满级；常规漏2周且不补历史组为50400。历史补做可恢复任务收益，但仍需满足实际条件，不承诺在原有场数内免费补齐全部内容。 | L75: 轻度漏1周且不补该组任务，累计53200仍可满级；常规漏2周且不补历史组为50400。历史补做可恢复任务收益，但仍需满足实际条件，不承诺在原有场数内免费补齐全部内容。
G76: 轻度漏1周且不补该组任务，累计53200仍可满级；常规漏2周且不补历史组为50400。历史补做可恢复任务收益，但仍需满足实际条件，不承诺在原有场数内免费补齐全部内容。 | H76: 轻度漏1周且不补该组任务，累计53200仍可满级；常规漏2周且不补历史组为50400。历史补做可恢复任务收益，但仍需满足实际条件，不承诺在原有场数内免费补齐全部内容。 | I76: 轻度漏1周且不补该组任务，累计53200仍可满级；常规漏2周且不补历史组为50400。历史补做可恢复任务收益，但仍需满足实际条件，不承诺在原有场数内免费补齐全部内容。 | J76: 轻度漏1周且不补该组任务，累计53200仍可满级；常规漏2周且不补历史组为50400。历史补做可恢复任务收益，但仍需满足实际条件，不承诺在原有场数内免费补齐全部内容。 | K76: 轻度漏1周且不补该组任务，累计53200仍可满级；常规漏2周且不补历史组为50400。历史补做可恢复任务收益，但仍需满足实际条件，不承诺在原有场数内免费补齐全部内容。 | L76: 轻度漏1周且不补该组任务，累计53200仍可满级；常规漏2周且不补历史组为50400。历史补做可恢复任务收益，但仍需满足实际条件，不承诺在原有场数内免费补齐全部内容。
... G82: 验证单场时长、两种情境的可进入性、行为达标率和并行关系。若一组实际持续超过60分钟，优先降低行为门槛或减少等待成本；保持五项功能差异，避免全换成重复时长任务。 | H82: 验证单场时长、两种情境的可进入性、行为达标率和并行关系。若一组实际持续超过60分钟，优先降低行为门槛或减少等待成本；保持五项功能差异，避免全换成重复时长任务。 | I82: 验证单场时长、两种情境的可进入性、行为达标率和并行关系。若一组实际持续超过60分钟，优先降低行为门槛或减少等待成本；保持五项功能差异，避免全换成重复时长任务。 | J82: 验证单场时长、两种情境的可进入性、行为达标率和并行关系。若一组实际持续超过60分钟，优先降低行为门槛或减少等待成本；保持五项功能差异，避免全换成重复时长任务。 | K82: 验证单场时长、两种情境的可进入性、行为达标率和并行关系。若一组实际持续超过60分钟，优先降低行为门槛或减少等待成本；保持五项功能差异，避免全换成重复时长任务。 | L82: 验证单场时长、两种情境的可进入性、行为达标率和并行关系。若一组实际持续超过60分钟，优先降低行为门槛或减少等待成本；保持五项功能差异，避免全换成重复时长任务。
B84: 2.5 历史补做与重复计数限制 | C84: 2.5 历史补做与重复计数限制 | D84: 2.5 历史补做与重复计数限制 | E84: 2.5 历史补做与重复计数限制 | F84: 2.5 历史补做与重复计数限制 | G84: 2.5 历史补做与重复计数限制 | H84: 2.5 历史补做与重复计数限制 | I84: 2.5 历史补做与重复计数限制 | J84: 2.5 历史补做与重复计数限制 | K84: 2.5 历史补做与重复计数限制 | L84: 2.5 历史补做与重复计数限制
G85: 2.5.1 历史任务可以补做 | H85: 2.5.1 历史任务可以补做 | I85: 2.5.1 历史任务可以补做 | J85: 2.5.1 历史任务可以补做 | K85: 2.5.1 历史任务可以补做 | L85: 2.5.1 历史任务可以补做
G86: 第5周加入时，第1–5组均可继续推进，第6–8组按周开放。换周不关闭旧任务，完成与未完成进度均保留；周次菜单只切换查看，不改变统计范围。 | H86: 第5周加入时，第1–5组均可继续推进，第6–8组按周开放。换周不关闭旧任务，完成与未完成进度均保留；周次菜单只切换查看，不改变统计范围。 | I86: 第5周加入时，第1–5组均可继续推进，第6–8组按周开放。换周不关闭旧任务，完成与未完成进度均保留；周次菜单只切换查看，不改变统计范围。 | J86: 第5周加入时，第1–5组均可继续推进，第6–8组按周开放。换周不关闭旧任务，完成与未完成进度均保留；周次菜单只切换查看，不改变统计范围。 | K86: 第5周加入时，第1–5组均可继续推进，第6–8组按周开放。换周不关闭旧任务，完成与未完成进度均保留；周次菜单只切换查看，不改变统计范围。 | L86: 第5周加入时，第1–5组均可继续推进，第6–8组按周开放。换周不关闭旧任务，完成与未完成进度均保留；周次菜单只切换查看，不改变统计范围。
G87: 第5周加入时，第1–5组均可继续推进，第6–8组按周开放。换周不关闭旧任务，完成与未完成进度均保留；周次菜单只切换查看，不改变统计范围。 | H87: 第5周加入时，第1–5组均可继续推进，第6–8组按周开放。换周不关闭旧任务，完成与未完成进度均保留；周次菜单只切换查看，不改变统计范围。 | I87: 第5周加入时，第1–5组均可继续推进，第6–8组按周开放。换周不关闭旧任务，完成与未完成进度均保留；周次菜单只切换查看，不改变统计范围。 | J87: 第5周加入时，第1–5组均可继续推进，第6–8组按周开放。换周不关闭旧任务，完成与未完成进度均保留；周次菜单只切换查看，不改变统计范围。 | K87: 第5周加入时，第1–5组均可继续推进，第6–8组按周开放。换周不关闭旧任务，完成与未完成进度均保留；周次菜单只切换查看，不改变统计范围。 | L87: 第5周加入时，第1–5组均可继续推进，第6–8组按周开放。换周不关闭旧任务，完成与未完成进度均保留；周次菜单只切换查看，不改变统计范围。
G88: 2.5.2 同类跨周只计一项 | H88: 2.5.2 同类跨周只计一项 | I88: 2.5.2 同类跨周只计一项 | J88: 2.5.2 同类跨周只计一项 | K88: 2.5.2 同类跨周只计一项 | L88: 2.5.2 同类跨周只计一项
G89: 五类任务分别统计；同一有效行为若满足多周同类条件，只计一个未完成任务。在满足条件的任务中优先当前周，其次最早历史项；本场进度不再复制给其他周。若只符合旧目标，可直接补旧目标。不同类型仍可按2.3并行，单场最多三项。 | H89: 五类任务分别统计；同一有效行为若满足多周同类条件，只计一个未完成任务。在满足条件的任务中优先当前周，其次最早历史项；本场进度不再复制给其他周。若只符合旧目标，可直接补旧目标。不同类型仍可按2.3并行，单场最多三项。 | I89: 五类任务分别统计；同一有效行为若满足多周同类条件，只计一个未完成任务。在满足条件的任务中优先当前周，其次最早历史项；本场进度不再复制给其他周。若只符合旧目标，可直接补旧目标。不同类型仍可按2.3并行，单场最多三项。 | J89: 五类任务分别统计；同一有效行为若满足多周同类条件，只计一个未完成任务。在满足条件的任务中优先当前周，其次最早历史项；本场进度不再复制给其他周。若只符合旧目标，可直接补旧目标。不同类型仍可按2.3并行，单场最多三项。 | K89: 五类任务分别统计；同一有效行为若满足多周同类条件，只计一个未完成任务。在满足条件的任务中优先当前周，其次最早历史项；本场进度不再复制给其他周。若只符合旧目标，可直接补旧目标。不同类型仍可按2.3并行，单场最多三项。 | L89: 五类任务分别统计；同一有效行为若满足多周同类条件，只计一个未完成任务。在满足条件的任务中优先当前周，其次最早历史项；本场进度不再复制给其他周。若只符合旧目标，可直接补旧目标。不同类型仍可按2.3并行，单场最多三项。
G90: 五类任务分别统计；同一有效行为若满足多周同类条件，只计一个未完成任务。在满足条件的任务中优先当前周，其次最早历史项；本场进度不再复制给其他周。若只符合旧目标，可直接补旧目标。不同类型仍可按2.3并行，单场最多三项。 | H90: 五类任务分别统计；同一有效行为若满足多周同类条件，只计一个未完成任务。在满足条件的任务中优先当前周，其次最早历史项；本场进度不再复制给其他周。若只符合旧目标，可直接补旧目标。不同类型仍可按2.3并行，单场最多三项。 | I90: 五类任务分别统计；同一有效行为若满足多周同类条件，只计一个未完成任务。在满足条件的任务中优先当前周，其次最早历史项；本场进度不再复制给其他周。若只符合旧目标，可直接补旧目标。不同类型仍可按2.3并行，单场最多三项。 | J90: 五类任务分别统计；同一有效行为若满足多周同类条件，只计一个未完成任务。在满足条件的任务中优先当前周，其次最早历史项；本场进度不再复制给其他周。若只符合旧目标，可直接补旧目标。不同类型仍可按2.3并行，单场最多三项。 | K90: 五类任务分别统计；同一有效行为若满足多周同类条件，只计一个未完成任务。在满足条件的任务中优先当前周，其次最早历史项；本场进度不再复制给其他周。若只符合旧目标，可直接补旧目标。不同类型仍可按2.3并行，单场最多三项。 | L90: 五类任务分别统计；同一有效行为若满足多周同类条件，只计一个未完成任务。在满足条件的任务中优先当前周，其次最早历史项；本场进度不再复制给其他周。若只符合旧目标，可直接补旧目标。不同类型仍可按2.3并行，单场最多三项。
G91: 2.5.3 内容轮换与单场限制 | H91: 2.5.3 内容轮换与单场限制 | I91: 2.5.3 内容轮换与单场限制 | J91: 2.5.3 内容轮换与单场限制 | K91: 2.5.3 内容轮换与单场限制 | L91: 2.5.3 内容轮换与单场限制
G92: 每周五项的功能保持一致，具体对象与行为根据游戏内容轮换，不照抄同一目标。每个行为项要求2场达标，单场操作再多也只记1场；情境A、B互斥。补完8组需要至少32场合理安排的达标对局，不靠简单重复一次行为批量完成。 | H92: 每周五项的功能保持一致，具体对象与行为根据游戏内容轮换，不照抄同一目标。每个行为项要求2场达标，单场操作再多也只记1场；情境A、B互斥。补完8组需要至少32场合理安排的达标对局，不靠简单重复一次行为批量完成。 | I92: 每周五项的功能保持一致，具体对象与行为根据游戏内容轮换，不照抄同一目标。每个行为项要求2场达标，单场操作再多也只记1场；情境A、B互斥。补完8组需要至少32场合理安排的达标对局，不靠简单重复一次行为批量完成。 | J92: 每周五项的功能保持一致，具体对象与行为根据游戏内容轮换，不照抄同一目标。每个行为项要求2场达标，单场操作再多也只记1场；情境A、B互斥。补完8组需要至少32场合理安排的达标对局，不靠简单重复一次行为批量完成。 | K92: 每周五项的功能保持一致，具体对象与行为根据游戏内容轮换，不照抄同一目标。每个行为项要求2场达标，单场操作再多也只记1场；情境A、B互斥。补完8组需要至少32场合理安排的达标对局，不靠简单重复一次行为批量完成。 | L92: 每周五项的功能保持一致，具体对象与行为根据游戏内容轮换，不照抄同一目标。每个行为项要求2场达标，单场操作再多也只记1场；情境A、B互斥。补完8组需要至少32场合理安排的达标对局，不靠简单重复一次行为批量完成。
G93: 每周五项的功能保持一致，具体对象与行为根据游戏内容轮换，不照抄同一目标。每个行为项要求2场达标，单场操作再多也只记1场；情境A、B互斥。补完8组需要至少32场合理安排的达标对局，不靠简单重复一次行为批量完成。 | H93: 每周五项的功能保持一致，具体对象与行为根据游戏内容轮换，不照抄同一目标。每个行为项要求2场达标，单场操作再多也只记1场；情境A、B互斥。补完8组需要至少32场合理安排的达标对局，不靠简单重复一次行为批量完成。 | I93: 每周五项的功能保持一致，具体对象与行为根据游戏内容轮换，不照抄同一目标。每个行为项要求2场达标，单场操作再多也只记1场；情境A、B互斥。补完8组需要至少32场合理安排的达标对局，不靠简单重复一次行为批量完成。 | J93: 每周五项的功能保持一致，具体对象与行为根据游戏内容轮换，不照抄同一目标。每个行为项要求2场达标，单场操作再多也只记1场；情境A、B互斥。补完8组需要至少32场合理安排的达标对局，不靠简单重复一次行为批量完成。 | K93: 每周五项的功能保持一致，具体对象与行为根据游戏内容轮换，不照抄同一目标。每个行为项要求2场达标，单场操作再多也只记1场；情境A、B互斥。补完8组需要至少32场合理安排的达标对局，不靠简单重复一次行为批量完成。 | L93: 每周五项的功能保持一致，具体对象与行为根据游戏内容轮换，不照抄同一目标。每个行为项要求2场达标，单场操作再多也只记1场；情境A、B互斥。补完8组需要至少32场合理安排的达标对局，不靠简单重复一次行为批量完成。
G94: 2.5.4 剩四周的参与情景 | H94: 2.5.4 剩四周的参与情景 | I94: 2.5.4 剩四周的参与情景 | J94: 2.5.4 剩四周的参与情景 | K94: 2.5.4 剩四周的参与情景 | L94: 2.5.4 剩四周的参与情景
G95: 第5周加入、每周3天且每天2场，共24场；合理完成两种情境，可完成6组、30项。任务36000加日任务与对局9600＝45600，对应46级。若每周仅2天则16场、4组20项，累计30400，对应31级。均为顺利达标的测算。 | H95: 第5周加入、每周3天且每天2场，共24场；合理完成两种情境，可完成6组、30项。任务36000加日任务与对局9600＝45600，对应46级。若每周仅2天则16场、4组20项，累计30400，对应31级。均为顺利达标的测算。 | I95: 第5周加入、每周3天且每天2场，共24场；合理完成两种情境，可完成6组、30项。任务36000加日任务与对局9600＝45600，对应46级。若每周仅2天则16场、4组20项，累计30400，对应31级。均为顺利达标的测算。 | J95: 第5周加入、每周3天且每天2场，共24场；合理完成两种情境，可完成6组、30项。任务36000加日任务与对局9600＝45600，对应46级。若每周仅2天则16场、4组20项，累计30400，对应31级。均为顺利达标的测算。 | K95: 第5周加入、每周3天且每天2场，共24场；合理完成两种情境，可完成6组、30项。任务36000加日任务与对局9600＝45600，对应46级。若每周仅2天则16场、4组20项，累计30400，对应31级。均为顺利达标的测算。 | L95: 第5周加入、每周3天且每天2场，共24场；合理完成两种情境，可完成6组、30项。任务36000加日任务与对局9600＝45600，对应46级。若每周仅2天则16场、4组20项，累计30400，对应31级。均为顺利达标的测算。
G96: 第5周加入、每周3天且每天2场，共24场；合理完成两种情境，可完成6组、30项。任务36000加日任务与对局9600＝45600，对应46级。若每周仅2天则16场、4组20项，累计30400，对应31级。均为顺利达标的测算。 | H96: 第5周加入、每周3天且每天2场，共24场；合理完成两种情境，可完成6组、30项。任务36000加日任务与对局9600＝45600，对应46级。若每周仅2天则16场、4组20项，累计30400，对应31级。均为顺利达标的测算。 | I96: 第5周加入、每周3天且每天2场，共24场；合理完成两种情境，可完成6组、30项。任务36000加日任务与对局9600＝45600，对应46级。若每周仅2天则16场、4组20项，累计30400，对应31级。均为顺利达标的测算。 | J96: 第5周加入、每周3天且每天2场，共24场；合理完成两种情境，可完成6组、30项。任务36000加日任务与对局9600＝45600，对应46级。若每周仅2天则16场、4组20项，累计30400，对应31级。均为顺利达标的测算。 | K96: 第5周加入、每周3天且每天2场，共24场；合理完成两种情境，可完成6组、30项。任务36000加日任务与对局9600＝45600，对应46级。若每周仅2天则16场、4组20项，累计30400，对应31级。均为顺利达标的测算。 | L96: 第5周加入、每周3天且每天2场，共24场；合理完成两种情境，可完成6组、30项。任务36000加日任务与对局9600＝45600，对应46级。若每周仅2天则16场、4组20项，累计30400，对应31级。均为顺利达标的测算。
... G102: 赛季北京时间05:00开启，跨日跨周按结算时刻归属；新组不追溯开放前对局。旧目标满足、本周对应目标未满足时，可以推进旧目标；两者都满足则按优先规则只计一次。季末才停止全部任务，已得经验保留，未完成不发奖励。 | H102: 赛季北京时间05:00开启，跨日跨周按结算时刻归属；新组不追溯开放前对局。旧目标满足、本周对应目标未满足时，可以推进旧目标；两者都满足则按优先规则只计一次。季末才停止全部任务，已得经验保留，未完成不发奖励。 | I102: 赛季北京时间05:00开启，跨日跨周按结算时刻归属；新组不追溯开放前对局。旧目标满足、本周对应目标未满足时，可以推进旧目标；两者都满足则按优先规则只计一次。季末才停止全部任务，已得经验保留，未完成不发奖励。 | J102: 赛季北京时间05:00开启，跨日跨周按结算时刻归属；新组不追溯开放前对局。旧目标满足、本周对应目标未满足时，可以推进旧目标；两者都满足则按优先规则只计一次。季末才停止全部任务，已得经验保留，未完成不发奖励。 | K102: 赛季北京时间05:00开启，跨日跨周按结算时刻归属；新组不追溯开放前对局。旧目标满足、本周对应目标未满足时，可以推进旧目标；两者都满足则按优先规则只计一次。季末才停止全部任务，已得经验保留，未完成不发奖励。 | L102: 赛季北京时间05:00开启，跨日跨周按结算时刻归属；新组不追溯开放前对局。旧目标满足、本周对应目标未满足时，可以推进旧目标；两者都满足则按优先规则只计一次。季末才停止全部任务，已得经验保留，未完成不发奖励。
B104: 2.6 满级补给 | C104: 2.6 满级补给 | D104: 2.6 满级补给 | E104: 2.6 满级补给 | F104: 2.6 满级补给 | G104: 2.6 满级补给 | H104: 2.6 满级补给 | I104: 2.6 满级补给 | J104: 2.6 满级补给 | K104: 2.6 满级补给 | L104: 2.6 满级补给
G105: 2.6.1 触发与奖励 | H105: 2.6.1 触发与奖励 | I105: 2.6.1 触发与奖励 | J105: 2.6.1 触发与奖励 | K105: 2.6.1 触发与奖励 | L105: 2.6.1 触发与奖励
G106: 达到50级后开启满级补给，补给等级从0开始，每1000经验升1级，每级自动发资源A×50。补给等级没有上限，免费和付费奖励相同，不增加新的皮肤或装饰。 | H106: 达到50级后开启满级补给，补给等级从0开始，每1000经验升1级，每级自动发资源A×50。补给等级没有上限，免费和付费奖励相同，不增加新的皮肤或装饰。 | I106: 达到50级后开启满级补给，补给等级从0开始，每1000经验升1级，每级自动发资源A×50。补给等级没有上限，免费和付费奖励相同，不增加新的皮肤或装饰。 | J106: 达到50级后开启满级补给，补给等级从0开始，每1000经验升1级，每级自动发资源A×50。补给等级没有上限，免费和付费奖励相同，不增加新的皮肤或装饰。 | K106: 达到50级后开启满级补给，补给等级从0开始，每1000经验升1级，每级自动发资源A×50。补给等级没有上限，免费和付费奖励相同，不增加新的皮肤或装饰。 | L106: 达到50级后开启满级补给，补给等级从0开始，每1000经验升1级，每级自动发资源A×50。补给等级没有上限，免费和付费奖励相同，不增加新的皮肤或装饰。
G107: 达到50级后开启满级补给，补给等级从0开始，每1000经验升1级，每级自动发资源A×50。补给等级没有上限，免费和付费奖励相同，不增加新的皮肤或装饰。 | H107: 达到50级后开启满级补给，补给等级从0开始，每1000经验升1级，每级自动发资源A×50。补给等级没有上限，免费和付费奖励相同，不增加新的皮肤或装饰。 | I107: 达到50级后开启满级补给，补给等级从0开始，每1000经验升1级，每级自动发资源A×50。补给等级没有上限，免费和付费奖励相同，不增加新的皮肤或装饰。 | J107: 达到50级后开启满级补给，补给等级从0开始，每1000经验升1级，每级自动发资源A×50。补给等级没有上限，免费和付费奖励相同，不增加新的皮肤或装饰。 | K107: 达到50级后开启满级补给，补给等级从0开始，每1000经验升1级，每级自动发资源A×50。补给等级没有上限，免费和付费奖励相同，不增加新的皮肤或装饰。 | L107: 达到50级后开启满级补给，补给等级从0开始，每1000经验升1级，每级自动发资源A×50。补给等级没有上限，免费和付费奖励相同，不增加新的皮肤或装饰。
G108: 2.6.2 余量继承 | H108: 2.6.2 余量继承 | I108: 2.6.2 余量继承 | J108: 2.6.2 余量继承 | K108: 2.6.2 余量继承 | L108: 2.6.2 余量继承
G109: 到达50级时的溢出经验直接进入补给条。例如49级、级内900，获得1500后达到50级，剩余1400形成补给1级和400余量，自动获得资源A×50。 | H109: 到达50级时的溢出经验直接进入补给条。例如49级、级内900，获得1500后达到50级，剩余1400形成补给1级和400余量，自动获得资源A×50。 | I109: 到达50级时的溢出经验直接进入补给条。例如49级、级内900，获得1500后达到50级，剩余1400形成补给1级和400余量，自动获得资源A×50。 | J109: 到达50级时的溢出经验直接进入补给条。例如49级、级内900，获得1500后达到50级，剩余1400形成补给1级和400余量，自动获得资源A×50。 | K109: 到达50级时的溢出经验直接进入补给条。例如49级、级内900，获得1500后达到50级，剩余1400形成补给1级和400余量，自动获得资源A×50。 | L109: 到达50级时的溢出经验直接进入补给条。例如49级、级内900，获得1500后达到50级，剩余1400形成补给1级和400余量，自动获得资源A×50。
G110: 到达50级时的溢出经验直接进入补给条。例如49级、级内900，获得1500后达到50级，剩余1400形成补给1级和400余量，自动获得资源A×50。 | H110: 到达50级时的溢出经验直接进入补给条。例如49级、级内900，获得1500后达到50级，剩余1400形成补给1级和400余量，自动获得资源A×50。 | I110: 到达50级时的溢出经验直接进入补给条。例如49级、级内900，获得1500后达到50级，剩余1400形成补给1级和400余量，自动获得资源A×50。 | J110: 到达50级时的溢出经验直接进入补给条。例如49级、级内900，获得1500后达到50级，剩余1400形成补给1级和400余量，自动获得资源A×50。 | K110: 到达50级时的溢出经验直接进入补给条。例如49级、级内900，获得1500后达到50级，剩余1400形成补给1级和400余量，自动获得资源A×50。 | L110: 到达50级时的溢出经验直接进入补给条。例如49级、级内900，获得1500后达到50级，剩余1400形成补给1级和400余量，自动获得资源A×50。
G111: 2.6.3 继续获得经验 | H111: 2.6.3 继续获得经验 | I111: 2.6.3 继续获得经验 | J111: 2.6.3 继续获得经验 | K111: 2.6.3 继续获得经验 | L111: 2.6.3 继续获得经验
G112: 正常对局、日任务和已开放未完成的周任务仍按原规则给经验。主路线完成后不重置周任务，也不再次发已完成任务奖励；所有后续经验进入同一补给进度。 | H112: 正常对局、日任务和已开放未完成的周任务仍按原规则给经验。主路线完成后不重置周任务，也不再次发已完成任务奖励；所有后续经验进入同一补给进度。 | I112: 正常对局、日任务和已开放未完成的周任务仍按原规则给经验。主路线完成后不重置周任务，也不再次发已完成任务奖励；所有后续经验进入同一补给进度。 | J112: 正常对局、日任务和已开放未完成的周任务仍按原规则给经验。主路线完成后不重置周任务，也不再次发已完成任务奖励；所有后续经验进入同一补给进度。 | K112: 正常对局、日任务和已开放未完成的周任务仍按原规则给经验。主路线完成后不重置周任务，也不再次发已完成任务奖励；所有后续经验进入同一补给进度。 | L112: 正常对局、日任务和已开放未完成的周任务仍按原规则给经验。主路线完成后不重置周任务，也不再次发已完成任务奖励；所有后续经验进入同一补给进度。
G113: 正常对局、日任务和已开放未完成的周任务仍按原规则给经验。主路线完成后不重置周任务，也不再次发已完成任务奖励；所有后续经验进入同一补给进度。 | H113: 正常对局、日任务和已开放未完成的周任务仍按原规则给经验。主路线完成后不重置周任务，也不再次发已完成任务奖励；所有后续经验进入同一补给进度。 | I113: 正常对局、日任务和已开放未完成的周任务仍按原规则给经验。主路线完成后不重置周任务，也不再次发已完成任务奖励；所有后续经验进入同一补给进度。 | J113: 正常对局、日任务和已开放未完成的周任务仍按原规则给经验。主路线完成后不重置周任务，也不再次发已完成任务奖励；所有后续经验进入同一补给进度。 | K113: 正常对局、日任务和已开放未完成的周任务仍按原规则给经验。主路线完成后不重置周任务，也不再次发已完成任务奖励；所有后续经验进入同一补给进度。 | L113: 正常对局、日任务和已开放未完成的周任务仍按原规则给经验。主路线完成后不重置周任务，也不再次发已完成任务奖励；所有后续经验进入同一补给进度。
G114: 2.6.4 自动发放 | H114: 2.6.4 自动发放 | I114: 2.6.4 自动发放 | J114: 2.6.4 自动发放 | K114: 2.6.4 自动发放 | L114: 2.6.4 自动发放
G115: 补给升级立即发资源，不生成待领节点和红点。一次连升多级合并提示，例如“补给提升3级，资源A×150已到账”，保留经验余量；主路线原有待领节点仍可主动领取。 | H115: 补给升级立即发资源，不生成待领节点和红点。一次连升多级合并提示，例如“补给提升3级，资源A×150已到账”，保留经验余量；主路线原有待领节点仍可主动领取。 | I115: 补给升级立即发资源，不生成待领节点和红点。一次连升多级合并提示，例如“补给提升3级，资源A×150已到账”，保留经验余量；主路线原有待领节点仍可主动领取。 | J115: 补给升级立即发资源，不生成待领节点和红点。一次连升多级合并提示，例如“补给提升3级，资源A×150已到账”，保留经验余量；主路线原有待领节点仍可主动领取。 | K115: 补给升级立即发资源，不生成待领节点和红点。一次连升多级合并提示，例如“补给提升3级，资源A×150已到账”，保留经验余量；主路线原有待领节点仍可主动领取。 | L115: 补给升级立即发资源，不生成待领节点和红点。一次连升多级合并提示，例如“补给提升3级，资源A×150已到账”，保留经验余量；主路线原有待领节点仍可主动领取。
G116: 补给升级立即发资源，不生成待领节点和红点。一次连升多级合并提示，例如“补给提升3级，资源A×150已到账”，保留经验余量；主路线原有待领节点仍可主动领取。 | H116: 补给升级立即发资源，不生成待领节点和红点。一次连升多级合并提示，例如“补给提升3级，资源A×150已到账”，保留经验余量；主路线原有待领节点仍可主动领取。 | I116: 补给升级立即发资源，不生成待领节点和红点。一次连升多级合并提示，例如“补给提升3级，资源A×150已到账”，保留经验余量；主路线原有待领节点仍可主动领取。 | J116: 补给升级立即发资源，不生成待领节点和红点。一次连升多级合并提示，例如“补给提升3级，资源A×150已到账”，保留经验余量；主路线原有待领节点仍可主动领取。 | K116: 补给升级立即发资源，不生成待领节点和红点。一次连升多级合并提示，例如“补给提升3级，资源A×150已到账”，保留经验余量；主路线原有待领节点仍可主动领取。 | L116: 补给升级立即发资源，不生成待领节点和红点。一次连升多级合并提示，例如“补给提升3级，资源A×150已到账”，保留经验余量；主路线原有待领节点仍可主动领取。
... G122: 基础资源让满级后每场仍有回报，避免无限外观制造新的追逐压力。常规累计67200时为补给18级、余量200，获得资源A900；补给资源与50级路线奖励分开统计。 | H122: 基础资源让满级后每场仍有回报，避免无限外观制造新的追逐压力。常规累计67200时为补给18级、余量200，获得资源A900；补给资源与50级路线奖励分开统计。 | I122: 基础资源让满级后每场仍有回报，避免无限外观制造新的追逐压力。常规累计67200时为补给18级、余量200，获得资源A900；补给资源与50级路线奖励分开统计。 | J122: 基础资源让满级后每场仍有回报，避免无限外观制造新的追逐压力。常规累计67200时为补给18级、余量200，获得资源A900；补给资源与50级路线奖励分开统计。 | K122: 基础资源让满级后每场仍有回报，避免无限外观制造新的追逐压力。常规累计67200时为补给18级、余量200，获得资源A900；补给资源与50级路线奖励分开统计。 | L122: 基础资源让满级后每场仍有回报，避免无限外观制造新的追逐压力。常规累计67200时为补给18级、余量200，获得资源A900；补给资源与50级路线奖励分开统计。

Sheet 3 奖励规则
B1: 3. 奖励规则 | C1: 3. 奖励规则 | D1: 3. 奖励规则 | E1: 3. 奖励规则 | F1: 3. 奖励规则 | G1: 3. 奖励规则 | H1: 3. 奖励规则 | I1: 3. 奖励规则 | J1: 3. 奖励规则 | K1: 3. 奖励规则 | L1: 3. 奖励规则
B2: 购买即时皮肤、普通资源、阶段装饰和核心皮肤共同形成奖励节奏。 | C2: 购买即时皮肤、普通资源、阶段装饰和核心皮肤共同形成奖励节奏。 | D2: 购买即时皮肤、普通资源、阶段装饰和核心皮肤共同形成奖励节奏。 | E2: 购买即时皮肤、普通资源、阶段装饰和核心皮肤共同形成奖励节奏。 | F2: 购买即时皮肤、普通资源、阶段装饰和核心皮肤共同形成奖励节奏。 | G2: 购买即时皮肤、普通资源、阶段装饰和核心皮肤共同形成奖励节奏。 | H2: 购买即时皮肤、普通资源、阶段装饰和核心皮肤共同形成奖励节奏。 | I2: 购买即时皮肤、普通资源、阶段装饰和核心皮肤共同形成奖励节奏。 | J2: 购买即时皮肤、普通资源、阶段装饰和核心皮肤共同形成奖励节奏。 | K2: 购买即时皮肤、普通资源、阶段装饰和核心皮肤共同形成奖励节奏。 | L2: 购买即时皮肤、普通资源、阶段装饰和核心皮肤共同形成奖励节奏。
B4: 3.1 奖励层次与路线 | C4: 3.1 奖励层次与路线 | D4: 3.1 奖励层次与路线 | E4: 3.1 奖励层次与路线 | F4: 3.1 奖励层次与路线 | G4: 3.1 奖励层次与路线 | H4: 3.1 奖励层次与路线 | I4: 3.1 奖励层次与路线 | J4: 3.1 奖励层次与路线 | K4: 3.1 奖励层次与路线 | L4: 3.1 奖励层次与路线
G5: 3.1.1 设计目的 | H5: 3.1.1 设计目的 | I5: 3.1.1 设计目的 | J5: 3.1.1 设计目的 | K5: 3.1.1 设计目的 | L5: 3.1.1 设计目的
G6: 每级有回报、阶段有变化、赛季有目标。将购买即时奖励与等级奖励分开，便于理解取得条件。 | H6: 每级有回报、阶段有变化、赛季有目标。将购买即时奖励与等级奖励分开，便于理解取得条件。 | I6: 每级有回报、阶段有变化、赛季有目标。将购买即时奖励与等级奖励分开，便于理解取得条件。 | J6: 每级有回报、阶段有变化、赛季有目标。将购买即时奖励与等级奖励分开，便于理解取得条件。 | K6: 每级有回报、阶段有变化、赛季有目标。将购买即时奖励与等级奖励分开，便于理解取得条件。 | L6: 每级有回报、阶段有变化、赛季有目标。将购买即时奖励与等级奖励分开，便于理解取得条件。
G7: 每级有回报、阶段有变化、赛季有目标。将购买即时奖励与等级奖励分开，便于理解取得条件。 | H7: 每级有回报、阶段有变化、赛季有目标。将购买即时奖励与等级奖励分开，便于理解取得条件。 | I7: 每级有回报、阶段有变化、赛季有目标。将购买即时奖励与等级奖励分开，便于理解取得条件。 | J7: 每级有回报、阶段有变化、赛季有目标。将购买即时奖励与等级奖励分开，便于理解取得条件。 | K7: 每级有回报、阶段有变化、赛季有目标。将购买即时奖励与等级奖励分开，便于理解取得条件。 | L7: 每级有回报、阶段有变化、赛季有目标。将购买即时奖励与等级奖励分开，便于理解取得条件。
G8: 3.1.2 即时皮肤S0 | H8: 3.1.2 即时皮肤S0 | I8: 3.1.2 即时皮肤S0 | J8: 3.1.2 即时皮肤S0 | K8: 3.1.2 即时皮肤S0 | L8: 3.1.2 即时皮肤S0
G9: 首次购买标准或高级通行证立即获得皮肤S0，不要求通行证等级，不占付费一级节点，不需要手动领取。单纯充值账户余额不会触发该奖励。 | H9: 首次购买标准或高级通行证立即获得皮肤S0，不要求通行证等级，不占付费一级节点，不需要手动领取。单纯充值账户余额不会触发该奖励。 | I9: 首次购买标准或高级通行证立即获得皮肤S0，不要求通行证等级，不占付费一级节点，不需要手动领取。单纯充值账户余额不会触发该奖励。 | J9: 首次购买标准或高级通行证立即获得皮肤S0，不要求通行证等级，不占付费一级节点，不需要手动领取。单纯充值账户余额不会触发该奖励。 | K9: 首次购买标准或高级通行证立即获得皮肤S0，不要求通行证等级，不占付费一级节点，不需要手动领取。单纯充值账户余额不会触发该奖励。 | L9: 首次购买标准或高级通行证立即获得皮肤S0，不要求通行证等级，不占付费一级节点，不需要手动领取。单纯充值账户余额不会触发该奖励。
G10: 首次购买标准或高级通行证立即获得皮肤S0，不要求通行证等级，不占付费一级节点，不需要手动领取。单纯充值账户余额不会触发该奖励。 | H10: 首次购买标准或高级通行证立即获得皮肤S0，不要求通行证等级，不占付费一级节点，不需要手动领取。单纯充值账户余额不会触发该奖励。 | I10: 首次购买标准或高级通行证立即获得皮肤S0，不要求通行证等级，不占付费一级节点，不需要手动领取。单纯充值账户余额不会触发该奖励。 | J10: 首次购买标准或高级通行证立即获得皮肤S0，不要求通行证等级，不占付费一级节点，不需要手动领取。单纯充值账户余额不会触发该奖励。 | K10: 首次购买标准或高级通行证立即获得皮肤S0，不要求通行证等级，不占付费一级节点，不需要手动领取。单纯充值账户余额不会触发该奖励。 | L10: 首次购买标准或高级通行证立即获得皮肤S0，不要求通行证等级，不占付费一级节点，不需要手动领取。单纯充值账户余额不会触发该奖励。
G11: 3.1.3 双路线 | H11: 3.1.3 双路线 | I11: 3.1.3 双路线 | J11: 3.1.3 双路线 | K11: 3.1.3 双路线 | L11: 3.1.3 双路线
G12: 免费与付费各50节点，共用等级。免费奖励达到等级即可领；付费奖励还需要通行证权益。购买后开放当前已达等级的未领付费奖励，免费已领状态保留。 | H12: 免费与付费各50节点，共用等级。免费奖励达到等级即可领；付费奖励还需要通行证权益。购买后开放当前已达等级的未领付费奖励，免费已领状态保留。 | I12: 免费与付费各50节点，共用等级。免费奖励达到等级即可领；付费奖励还需要通行证权益。购买后开放当前已达等级的未领付费奖励，免费已领状态保留。 | J12: 免费与付费各50节点，共用等级。免费奖励达到等级即可领；付费奖励还需要通行证权益。购买后开放当前已达等级的未领付费奖励，免费已领状态保留。 | K12: 免费与付费各50节点，共用等级。免费奖励达到等级即可领；付费奖励还需要通行证权益。购买后开放当前已达等级的未领付费奖励，免费已领状态保留。 | L12: 免费与付费各50节点，共用等级。免费奖励达到等级即可领；付费奖励还需要通行证权益。购买后开放当前已达等级的未领付费奖励，免费已领状态保留。
G13: 免费与付费各50节点，共用等级。免费奖励达到等级即可领；付费奖励还需要通行证权益。购买后开放当前已达等级的未领付费奖励，免费已领状态保留。 | H13: 免费与付费各50节点，共用等级。免费奖励达到等级即可领；付费奖励还需要通行证权益。购买后开放当前已达等级的未领付费奖励，免费已领状态保留。 | I13: 免费与付费各50节点，共用等级。免费奖励达到等级即可领；付费奖励还需要通行证权益。购买后开放当前已达等级的未领付费奖励，免费已领状态保留。 | J13: 免费与付费各50节点，共用等级。免费奖励达到等级即可领；付费奖励还需要通行证权益。购买后开放当前已达等级的未领付费奖励，免费已领状态保留。 | K13: 免费与付费各50节点，共用等级。免费奖励达到等级即可领；付费奖励还需要通行证权益。购买后开放当前已达等级的未领付费奖励，免费已领状态保留。 | L13: 免费与付费各50节点，共用等级。免费奖励达到等级即可领；付费奖励还需要通行证权益。购买后开放当前已达等级的未领付费奖励，免费已领状态保留。
G14: 3.1.4 类别变化 | H14: 3.1.4 类别变化 | I14: 3.1.4 类别变化 | J14: 3.1.4 类别变化 | K14: 3.1.4 类别变化 | L14: 3.1.4 类别变化
G15: 普通节点轮换资源A/B，阶段节点插入装饰A/B，付费30级给S1、50级给S2。免费路线也提供装饰，玩家在各阶段都能看到不同类型的收获。 | H15: 普通节点轮换资源A/B，阶段节点插入装饰A/B，付费30级给S1、50级给S2。免费路线也提供装饰，玩家在各阶段都能看到不同类型的收获。 | I15: 普通节点轮换资源A/B，阶段节点插入装饰A/B，付费30级给S1、50级给S2。免费路线也提供装饰，玩家在各阶段都能看到不同类型的收获。 | J15: 普通节点轮换资源A/B，阶段节点插入装饰A/B，付费30级给S1、50级给S2。免费路线也提供装饰，玩家在各阶段都能看到不同类型的收获。 | K15: 普通节点轮换资源A/B，阶段节点插入装饰A/B，付费30级给S1、50级给S2。免费路线也提供装饰，玩家在各阶段都能看到不同类型的收获。 | L15: 普通节点轮换资源A/B，阶段节点插入装饰A/B，付费30级给S1、50级给S2。免费路线也提供装饰，玩家在各阶段都能看到不同类型的收获。
G16: 普通节点轮换资源A/B，阶段节点插入装饰A/B，付费30级给S1、50级给S2。免费路线也提供装饰，玩家在各阶段都能看到不同类型的收获。 | H16: 普通节点轮换资源A/B，阶段节点插入装饰A/B，付费30级给S1、50级给S2。免费路线也提供装饰，玩家在各阶段都能看到不同类型的收获。 | I16: 普通节点轮换资源A/B，阶段节点插入装饰A/B，付费30级给S1、50级给S2。免费路线也提供装饰，玩家在各阶段都能看到不同类型的收获。 | J16: 普通节点轮换资源A/B，阶段节点插入装饰A/B，付费30级给S1、50级给S2。免费路线也提供装饰，玩家在各阶段都能看到不同类型的收获。 | K16: 普通节点轮换资源A/B，阶段节点插入装饰A/B，付费30级给S1、50级给S2。免费路线也提供装饰，玩家在各阶段都能看到不同类型的收获。 | L16: 普通节点轮换资源A/B，阶段节点插入装饰A/B，付费30级给S1、50级给S2。免费路线也提供装饰，玩家在各阶段都能看到不同类型的收获。
... G22: 免费轨道在上，付费轨道在下，同列对应同一等级。卡片上方为等级，中间为图标，下方为名称、数量和状态，方便比较同级两条路线的奖励。 | H22: 免费轨道在上，付费轨道在下，同列对应同一等级。卡片上方为等级，中间为图标，下方为名称、数量和状态，方便比较同级两条路线的奖励。 | I22: 免费轨道在上，付费轨道在下，同列对应同一等级。卡片上方为等级，中间为图标，下方为名称、数量和状态，方便比较同级两条路线的奖励。 | J22: 免费轨道在上，付费轨道在下，同列对应同一等级。卡片上方为等级，中间为图标，下方为名称、数量和状态，方便比较同级两条路线的奖励。 | K22: 免费轨道在上，付费轨道在下，同列对应同一等级。卡片上方为等级，中间为图标，下方为名称、数量和状态，方便比较同级两条路线的奖励。 | L22: 免费轨道在上，付费轨道在下，同列对应同一等级。卡片上方为等级，中间为图标，下方为名称、数量和状态，方便比较同级两条路线的奖励。
B24: 3.2 抽象奖励类型 | C24: 3.2 抽象奖励类型 | D24: 3.2 抽象奖励类型 | E24: 3.2 抽象奖励类型 | F24: 3.2 抽象奖励类型 | G24: 3.2 抽象奖励类型 | H24: 3.2 抽象奖励类型 | I24: 3.2 抽象奖励类型 | J24: 3.2 抽象奖励类型 | K24: 3.2 抽象奖励类型 | L24: 3.2 抽象奖励类型
G25: 3.2.1 设计目的 | H25: 3.2.1 设计目的 | I25: 3.2.1 设计目的 | J25: 3.2.1 设计目的 | K25: 3.2.1 设计目的 | L25: 3.2.1 设计目的
G26: 用抽象类别说明用途与获得频率，保持方案可以适用于不同题材，同时避免每个节点都写成同一种货币。 | H26: 用抽象类别说明用途与获得频率，保持方案可以适用于不同题材，同时避免每个节点都写成同一种货币。 | I26: 用抽象类别说明用途与获得频率，保持方案可以适用于不同题材，同时避免每个节点都写成同一种货币。 | J26: 用抽象类别说明用途与获得频率，保持方案可以适用于不同题材，同时避免每个节点都写成同一种货币。 | K26: 用抽象类别说明用途与获得频率，保持方案可以适用于不同题材，同时避免每个节点都写成同一种货币。 | L26: 用抽象类别说明用途与获得频率，保持方案可以适用于不同题材，同时避免每个节点都写成同一种货币。
G27: 用抽象类别说明用途与获得频率，保持方案可以适用于不同题材，同时避免每个节点都写成同一种货币。 | H27: 用抽象类别说明用途与获得频率，保持方案可以适用于不同题材，同时避免每个节点都写成同一种货币。 | I27: 用抽象类别说明用途与获得频率，保持方案可以适用于不同题材，同时避免每个节点都写成同一种货币。 | J27: 用抽象类别说明用途与获得频率，保持方案可以适用于不同题材，同时避免每个节点都写成同一种货币。 | K27: 用抽象类别说明用途与获得频率，保持方案可以适用于不同题材，同时避免每个节点都写成同一种货币。 | L27: 用抽象类别说明用途与获得频率，保持方案可以适用于不同题材，同时避免每个节点都写成同一种货币。
G28: 3.2.2 资源A | H28: 3.2.2 资源A | I28: 3.2.2 资源A | J28: 3.2.2 资源A | K28: 3.2.2 资源A | L28: 3.2.2 资源A
G29: 常规可叠加经济资源，用于日常养成或基础消耗。免费普通节点每次100，付费对应节点每次300。具体资源名称可随游戏题材变化，数量关系用于展示路线差异。满级补给每级另发50，属于主路线之外的基础回报。 | H29: 常规可叠加经济资源，用于日常养成或基础消耗。免费普通节点每次100，付费对应节点每次300。具体资源名称可随游戏题材变化，数量关系用于展示路线差异。满级补给每级另发50，属于主路线之外的基础回报。 | I29: 常规可叠加经济资源，用于日常养成或基础消耗。免费普通节点每次100，付费对应节点每次300。具体资源名称可随游戏题材变化，数量关系用于展示路线差异。满级补给每级另发50，属于主路线之外的基础回报。 | J29: 常规可叠加经济资源，用于日常养成或基础消耗。免费普通节点每次100，付费对应节点每次300。具体资源名称可随游戏题材变化，数量关系用于展示路线差异。满级补给每级另发50，属于主路线之外的基础回报。 | K29: 常规可叠加经济资源，用于日常养成或基础消耗。免费普通节点每次100，付费对应节点每次300。具体资源名称可随游戏题材变化，数量关系用于展示路线差异。满级补给每级另发50，属于主路线之外的基础回报。 | L29: 常规可叠加经济资源，用于日常养成或基础消耗。免费普通节点每次100，付费对应节点每次300。具体资源名称可随游戏题材变化，数量关系用于展示路线差异。满级补给每级另发50，属于主路线之外的基础回报。
G30: 常规可叠加经济资源，用于日常养成或基础消耗。免费普通节点每次100，付费对应节点每次300。具体资源名称可随游戏题材变化，数量关系用于展示路线差异。满级补给每级另发50，属于主路线之外的基础回报。 | H30: 常规可叠加经济资源，用于日常养成或基础消耗。免费普通节点每次100，付费对应节点每次300。具体资源名称可随游戏题材变化，数量关系用于展示路线差异。满级补给每级另发50，属于主路线之外的基础回报。 | I30: 常规可叠加经济资源，用于日常养成或基础消耗。免费普通节点每次100，付费对应节点每次300。具体资源名称可随游戏题材变化，数量关系用于展示路线差异。满级补给每级另发50，属于主路线之外的基础回报。 | J30: 常规可叠加经济资源，用于日常养成或基础消耗。免费普通节点每次100，付费对应节点每次300。具体资源名称可随游戏题材变化，数量关系用于展示路线差异。满级补给每级另发50，属于主路线之外的基础回报。 | K30: 常规可叠加经济资源，用于日常养成或基础消耗。免费普通节点每次100，付费对应节点每次300。具体资源名称可随游戏题材变化，数量关系用于展示路线差异。满级补给每级另发50，属于主路线之外的基础回报。 | L30: 常规可叠加经济资源，用于日常养成或基础消耗。免费普通节点每次100，付费对应节点每次300。具体资源名称可随游戏题材变化，数量关系用于展示路线差异。满级补给每级另发50，属于主路线之外的基础回报。
G31: 3.2.3 资源B | H31: 3.2.3 资源B | I31: 3.2.3 资源B | J31: 3.2.3 资源B | K31: 3.2.3 资源B | L31: 3.2.3 资源B
G32: 可叠加的外观兑换资源，免费对应节点每次20、付费每次80。作为装饰重复时的转换资源，给已有外观的玩家保留获得价值。 | H32: 可叠加的外观兑换资源，免费对应节点每次20、付费每次80。作为装饰重复时的转换资源，给已有外观的玩家保留获得价值。 | I32: 可叠加的外观兑换资源，免费对应节点每次20、付费每次80。作为装饰重复时的转换资源，给已有外观的玩家保留获得价值。 | J32: 可叠加的外观兑换资源，免费对应节点每次20、付费每次80。作为装饰重复时的转换资源，给已有外观的玩家保留获得价值。 | K32: 可叠加的外观兑换资源，免费对应节点每次20、付费每次80。作为装饰重复时的转换资源，给已有外观的玩家保留获得价值。 | L32: 可叠加的外观兑换资源，免费对应节点每次20、付费每次80。作为装饰重复时的转换资源，给已有外观的玩家保留获得价值。
G33: 可叠加的外观兑换资源，免费对应节点每次20、付费每次80。作为装饰重复时的转换资源，给已有外观的玩家保留获得价值。 | H33: 可叠加的外观兑换资源，免费对应节点每次20、付费每次80。作为装饰重复时的转换资源，给已有外观的玩家保留获得价值。 | I33: 可叠加的外观兑换资源，免费对应节点每次20、付费每次80。作为装饰重复时的转换资源，给已有外观的玩家保留获得价值。 | J33: 可叠加的外观兑换资源，免费对应节点每次20、付费每次80。作为装饰重复时的转换资源，给已有外观的玩家保留获得价值。 | K33: 可叠加的外观兑换资源，免费对应节点每次20、付费每次80。作为装饰重复时的转换资源，给已有外观的玩家保留获得价值。 | L33: 可叠加的外观兑换资源，免费对应节点每次20、付费每次80。作为装饰重复时的转换资源，给已有外观的玩家保留获得价值。
G34: 3.2.4 装饰A | H34: 3.2.4 装饰A | I34: 3.2.4 装饰A | J34: 3.2.4 装饰A | K34: 3.2.4 装饰A | L34: 3.2.4 装饰A
G35: 二维展示外观，例如头像、名片、边框或贴纸。每款独立，拥有A-01不影响获得A-02。相同款重复转80资源B，免费路线七款、付费路线五款，高级购买另送一款。 | H35: 二维展示外观，例如头像、名片、边框或贴纸。每款独立，拥有A-01不影响获得A-02。相同款重复转80资源B，免费路线七款、付费路线五款，高级购买另送一款。 | I35: 二维展示外观，例如头像、名片、边框或贴纸。每款独立，拥有A-01不影响获得A-02。相同款重复转80资源B，免费路线七款、付费路线五款，高级购买另送一款。 | J35: 二维展示外观，例如头像、名片、边框或贴纸。每款独立，拥有A-01不影响获得A-02。相同款重复转80资源B，免费路线七款、付费路线五款，高级购买另送一款。 | K35: 二维展示外观，例如头像、名片、边框或贴纸。每款独立，拥有A-01不影响获得A-02。相同款重复转80资源B，免费路线七款、付费路线五款，高级购买另送一款。 | L35: 二维展示外观，例如头像、名片、边框或贴纸。每款独立，拥有A-01不影响获得A-02。相同款重复转80资源B，免费路线七款、付费路线五款，高级购买另送一款。
G36: 二维展示外观，例如头像、名片、边框或贴纸。每款独立，拥有A-01不影响获得A-02。相同款重复转80资源B，免费路线七款、付费路线五款，高级购买另送一款。 | H36: 二维展示外观，例如头像、名片、边框或贴纸。每款独立，拥有A-01不影响获得A-02。相同款重复转80资源B，免费路线七款、付费路线五款，高级购买另送一款。 | I36: 二维展示外观，例如头像、名片、边框或贴纸。每款独立，拥有A-01不影响获得A-02。相同款重复转80资源B，免费路线七款、付费路线五款，高级购买另送一款。 | J36: 二维展示外观，例如头像、名片、边框或贴纸。每款独立，拥有A-01不影响获得A-02。相同款重复转80资源B，免费路线七款、付费路线五款，高级购买另送一款。 | K36: 二维展示外观，例如头像、名片、边框或贴纸。每款独立，拥有A-01不影响获得A-02。相同款重复转80资源B，免费路线七款、付费路线五款，高级购买另送一款。 | L36: 二维展示外观，例如头像、名片、边框或贴纸。每款独立，拥有A-01不影响获得A-02。相同款重复转80资源B，免费路线七款、付费路线五款，高级购买另送一款。
... G42: S0为购买即时回报，S1为30级阶段目标，S2为50级核心目标。已有同款时S0转200资源B，S1/S2各转500；不同皮肤互不替代，详情显示获取条件。 | H42: S0为购买即时回报，S1为30级阶段目标，S2为50级核心目标。已有同款时S0转200资源B，S1/S2各转500；不同皮肤互不替代，详情显示获取条件。 | I42: S0为购买即时回报，S1为30级阶段目标，S2为50级核心目标。已有同款时S0转200资源B，S1/S2各转500；不同皮肤互不替代，详情显示获取条件。 | J42: S0为购买即时回报，S1为30级阶段目标，S2为50级核心目标。已有同款时S0转200资源B，S1/S2各转500；不同皮肤互不替代，详情显示获取条件。 | K42: S0为购买即时回报，S1为30级阶段目标，S2为50级核心目标。已有同款时S0转200资源B，S1/S2各转500；不同皮肤互不替代，详情显示获取条件。 | L42: S0为购买即时回报，S1为30级阶段目标，S2为50级核心目标。已有同款时S0转200资源B，S1/S2各转500；不同皮肤互不替代，详情显示获取条件。
B44: 3.3 奖励编排与目标 | C44: 3.3 奖励编排与目标 | D44: 3.3 奖励编排与目标 | E44: 3.3 奖励编排与目标 | F44: 3.3 奖励编排与目标 | G44: 3.3 奖励编排与目标 | H44: 3.3 奖励编排与目标 | I44: 3.3 奖励编排与目标 | J44: 3.3 奖励编排与目标 | K44: 3.3 奖励编排与目标 | L44: 3.3 奖励编排与目标
G45: 3.3.1 设计目的 | H45: 3.3.1 设计目的 | I45: 3.3.1 设计目的 | J45: 3.3.1 设计目的 | K45: 3.3.1 设计目的 | L45: 3.3.1 设计目的
G46: 用固定顺序建立可预期的目标。普通资源填充日常反馈，阶段装饰改变收获类型，核心皮肤加强长期吸引力。 | H46: 用固定顺序建立可预期的目标。普通资源填充日常反馈，阶段装饰改变收获类型，核心皮肤加强长期吸引力。 | I46: 用固定顺序建立可预期的目标。普通资源填充日常反馈，阶段装饰改变收获类型，核心皮肤加强长期吸引力。 | J46: 用固定顺序建立可预期的目标。普通资源填充日常反馈，阶段装饰改变收获类型，核心皮肤加强长期吸引力。 | K46: 用固定顺序建立可预期的目标。普通资源填充日常反馈，阶段装饰改变收获类型，核心皮肤加强长期吸引力。 | L46: 用固定顺序建立可预期的目标。普通资源填充日常反馈，阶段装饰改变收获类型，核心皮肤加强长期吸引力。
G47: 用固定顺序建立可预期的目标。普通资源填充日常反馈，阶段装饰改变收获类型，核心皮肤加强长期吸引力。 | H47: 用固定顺序建立可预期的目标。普通资源填充日常反馈，阶段装饰改变收获类型，核心皮肤加强长期吸引力。 | I47: 用固定顺序建立可预期的目标。普通资源填充日常反馈，阶段装饰改变收获类型，核心皮肤加强长期吸引力。 | J47: 用固定顺序建立可预期的目标。普通资源填充日常反馈，阶段装饰改变收获类型，核心皮肤加强长期吸引力。 | K47: 用固定顺序建立可预期的目标。普通资源填充日常反馈，阶段装饰改变收获类型，核心皮肤加强长期吸引力。 | L47: 用固定顺序建立可预期的目标。普通资源填充日常反馈，阶段装饰改变收获类型，核心皮肤加强长期吸引力。
G48: 3.3.2 免费编排 | H48: 3.3.2 免费编排 | I48: 3.3.2 免费编排 | J48: 3.3.2 免费编排 | K48: 3.3.2 免费编排 | L48: 3.3.2 免费编排
G49: 5、10、20、25、30、40、50级给装饰A，15和35级给装饰B。其他能被三整除的等级给资源B20，其余给资源A100。免费完成路线也能获得多款外观。 | H49: 5、10、20、25、30、40、50级给装饰A，15和35级给装饰B。其他能被三整除的等级给资源B20，其余给资源A100。免费完成路线也能获得多款外观。 | I49: 5、10、20、25、30、40、50级给装饰A，15和35级给装饰B。其他能被三整除的等级给资源B20，其余给资源A100。免费完成路线也能获得多款外观。 | J49: 5、10、20、25、30、40、50级给装饰A，15和35级给装饰B。其他能被三整除的等级给资源B20，其余给资源A100。免费完成路线也能获得多款外观。 | K49: 5、10、20、25、30、40、50级给装饰A，15和35级给装饰B。其他能被三整除的等级给资源B20，其余给资源A100。免费完成路线也能获得多款外观。 | L49: 5、10、20、25、30、40、50级给装饰A，15和35级给装饰B。其他能被三整除的等级给资源B20，其余给资源A100。免费完成路线也能获得多款外观。
G50: 5、10、20、25、30、40、50级给装饰A，15和35级给装饰B。其他能被三整除的等级给资源B20，其余给资源A100。免费完成路线也能获得多款外观。 | H50: 5、10、20、25、30、40、50级给装饰A，15和35级给装饰B。其他能被三整除的等级给资源B20，其余给资源A100。免费完成路线也能获得多款外观。 | I50: 5、10、20、25、30、40、50级给装饰A，15和35级给装饰B。其他能被三整除的等级给资源B20，其余给资源A100。免费完成路线也能获得多款外观。 | J50: 5、10、20、25、30、40、50级给装饰A，15和35级给装饰B。其他能被三整除的等级给资源B20，其余给资源A100。免费完成路线也能获得多款外观。 | K50: 5、10、20、25、30、40、50级给装饰A，15和35级给装饰B。其他能被三整除的等级给资源B20，其余给资源A100。免费完成路线也能获得多款外观。 | L50: 5、10、20、25、30、40、50级给装饰A，15和35级给装饰B。其他能被三整除的等级给资源B20，其余给资源A100。免费完成路线也能获得多款外观。
G51: 3.3.3 付费编排 | H51: 3.3.3 付费编排 | I51: 3.3.3 付费编排 | J51: 3.3.3 付费编排 | K51: 3.3.3 付费编排 | L51: 3.3.3 付费编排
G52: 5、15、25、35、45级给装饰A，10、20、40级给装饰B，30级给S1，50级给S2。剩余能被四整除的等级给资源A300，其余给资源B80。 | H52: 5、15、25、35、45级给装饰A，10、20、40级给装饰B，30级给S1，50级给S2。剩余能被四整除的等级给资源A300，其余给资源B80。 | I52: 5、15、25、35、45级给装饰A，10、20、40级给装饰B，30级给S1，50级给S2。剩余能被四整除的等级给资源A300，其余给资源B80。 | J52: 5、15、25、35、45级给装饰A，10、20、40级给装饰B，30级给S1，50级给S2。剩余能被四整除的等级给资源A300，其余给资源B80。 | K52: 5、15、25、35、45级给装饰A，10、20、40级给装饰B，30级给S1，50级给S2。剩余能被四整除的等级给资源A300，其余给资源B80。 | L52: 5、15、25、35、45级给装饰A，10、20、40级给装饰B，30级给S1，50级给S2。剩余能被四整除的等级给资源A300，其余给资源B80。
G53: 5、15、25、35、45级给装饰A，10、20、40级给装饰B，30级给S1，50级给S2。剩余能被四整除的等级给资源A300，其余给资源B80。 | H53: 5、15、25、35、45级给装饰A，10、20、40级给装饰B，30级给S1，50级给S2。剩余能被四整除的等级给资源A300，其余给资源B80。 | I53: 5、15、25、35、45级给装饰A，10、20、40级给装饰B，30级给S1，50级给S2。剩余能被四整除的等级给资源A300，其余给资源B80。 | J53: 5、15、25、35、45级给装饰A，10、20、40级给装饰B，30级给S1，50级给S2。剩余能被四整除的等级给资源A300，其余给资源B80。 | K53: 5、15、25、35、45级给装饰A，10、20、40级给装饰B，30级给S1，50级给S2。剩余能被四整除的等级给资源A300，其余给资源B80。 | L53: 5、15、25、35、45级给装饰A，10、20、40级给装饰B，30级给S1，50级给S2。剩余能被四整除的等级给资源A300，其余给资源B80。
G54: 3.3.4 目标展示 | H54: 3.3.4 目标展示 | I54: 3.3.4 目标展示 | J54: 3.3.4 目标展示 | K54: 3.3.4 目标展示 | L54: 3.3.4 目标展示
G55: 主界面左侧固定展示S2及“50级+付费权益”条件。成长区提示最近的下一关键节点；点击未来皮肤可以预览，当前达不到条件时按钮解释还差的等级或权益。 | H55: 主界面左侧固定展示S2及“50级+付费权益”条件。成长区提示最近的下一关键节点；点击未来皮肤可以预览，当前达不到条件时按钮解释还差的等级或权益。 | I55: 主界面左侧固定展示S2及“50级+付费权益”条件。成长区提示最近的下一关键节点；点击未来皮肤可以预览，当前达不到条件时按钮解释还差的等级或权益。 | J55: 主界面左侧固定展示S2及“50级+付费权益”条件。成长区提示最近的下一关键节点；点击未来皮肤可以预览，当前达不到条件时按钮解释还差的等级或权益。 | K55: 主界面左侧固定展示S2及“50级+付费权益”条件。成长区提示最近的下一关键节点；点击未来皮肤可以预览，当前达不到条件时按钮解释还差的等级或权益。 | L55: 主界面左侧固定展示S2及“50级+付费权益”条件。成长区提示最近的下一关键节点；点击未来皮肤可以预览，当前达不到条件时按钮解释还差的等级或权益。
G56: 主界面左侧固定展示S2及“50级+付费权益”条件。成长区提示最近的下一关键节点；点击未来皮肤可以预览，当前达不到条件时按钮解释还差的等级或权益。 | H56: 主界面左侧固定展示S2及“50级+付费权益”条件。成长区提示最近的下一关键节点；点击未来皮肤可以预览，当前达不到条件时按钮解释还差的等级或权益。 | I56: 主界面左侧固定展示S2及“50级+付费权益”条件。成长区提示最近的下一关键节点；点击未来皮肤可以预览，当前达不到条件时按钮解释还差的等级或权益。 | J56: 主界面左侧固定展示S2及“50级+付费权益”条件。成长区提示最近的下一关键节点；点击未来皮肤可以预览，当前达不到条件时按钮解释还差的等级或权益。 | K56: 主界面左侧固定展示S2及“50级+付费权益”条件。成长区提示最近的下一关键节点；点击未来皮肤可以预览，当前达不到条件时按钮解释还差的等级或权益。 | L56: 主界面左侧固定展示S2及“50级+付费权益”条件。成长区提示最近的下一关键节点；点击未来皮肤可以预览，当前达不到条件时按钮解释还差的等级或权益。
... G62: 固定顺序便于理解和追逐，但玩家喜好不同。当前用资源、两类装饰和三款皮肤增加选择感；后续可验证玩家偏好，再决定是否加入自选奖励。 | H62: 固定顺序便于理解和追逐，但玩家喜好不同。当前用资源、两类装饰和三款皮肤增加选择感；后续可验证玩家偏好，再决定是否加入自选奖励。 | I62: 固定顺序便于理解和追逐，但玩家喜好不同。当前用资源、两类装饰和三款皮肤增加选择感；后续可验证玩家偏好，再决定是否加入自选奖励。 | J62: 固定顺序便于理解和追逐，但玩家喜好不同。当前用资源、两类装饰和三款皮肤增加选择感；后续可验证玩家偏好，再决定是否加入自选奖励。 | K62: 固定顺序便于理解和追逐，但玩家喜好不同。当前用资源、两类装饰和三款皮肤增加选择感；后续可验证玩家偏好，再决定是否加入自选奖励。 | L62: 固定顺序便于理解和追逐，但玩家喜好不同。当前用资源、两类装饰和三款皮肤增加选择感；后续可验证玩家偏好，再决定是否加入自选奖励。
B64: 3.4 单领与一键领取 | C64: 3.4 单领与一键领取 | D64: 3.4 单领与一键领取 | E64: 3.4 单领与一键领取 | F64: 3.4 单领与一键领取 | G64: 3.4 单领与一键领取 | H64: 3.4 单领与一键领取 | I64: 3.4 单领与一键领取 | J64: 3.4 单领与一键领取 | K64: 3.4 单领与一键领取 | L64: 3.4 单领与一键领取
G65: 3.4.1 设计目的 | H65: 3.4.1 设计目的 | I65: 3.4.1 设计目的 | J65: 3.4.1 设计目的 | K65: 3.4.1 设计目的 | L65: 3.4.1 设计目的
G66: 用主动领取强调获得感，同时提供一键汇总，减少连升多级后的重复操作。 | H66: 用主动领取强调获得感，同时提供一键汇总，减少连升多级后的重复操作。 | I66: 用主动领取强调获得感，同时提供一键汇总，减少连升多级后的重复操作。 | J66: 用主动领取强调获得感，同时提供一键汇总，减少连升多级后的重复操作。 | K66: 用主动领取强调获得感，同时提供一键汇总，减少连升多级后的重复操作。 | L66: 用主动领取强调获得感，同时提供一键汇总，减少连升多级后的重复操作。
G67: 用主动领取强调获得感，同时提供一键汇总，减少连升多级后的重复操作。 | H67: 用主动领取强调获得感，同时提供一键汇总，减少连升多级后的重复操作。 | I67: 用主动领取强调获得感，同时提供一键汇总，减少连升多级后的重复操作。 | J67: 用主动领取强调获得感，同时提供一键汇总，减少连升多级后的重复操作。 | K67: 用主动领取强调获得感，同时提供一键汇总，减少连升多级后的重复操作。 | L67: 用主动领取强调获得感，同时提供一键汇总，减少连升多级后的重复操作。
G68: 3.4.2 领取范围 | H68: 3.4.2 领取范围 | I68: 3.4.2 领取范围 | J68: 3.4.2 领取范围 | K68: 3.4.2 领取范围 | L68: 3.4.2 领取范围
G69: 单领处理当前节点。一键领取处理所有已达等级、具备所需权益、尚未领取的节点，包含两条路线。未来等级、权益锁和即时赠送S0不加入列表。 | H69: 单领处理当前节点。一键领取处理所有已达等级、具备所需权益、尚未领取的节点，包含两条路线。未来等级、权益锁和即时赠送S0不加入列表。 | I69: 单领处理当前节点。一键领取处理所有已达等级、具备所需权益、尚未领取的节点，包含两条路线。未来等级、权益锁和即时赠送S0不加入列表。 | J69: 单领处理当前节点。一键领取处理所有已达等级、具备所需权益、尚未领取的节点，包含两条路线。未来等级、权益锁和即时赠送S0不加入列表。 | K69: 单领处理当前节点。一键领取处理所有已达等级、具备所需权益、尚未领取的节点，包含两条路线。未来等级、权益锁和即时赠送S0不加入列表。 | L69: 单领处理当前节点。一键领取处理所有已达等级、具备所需权益、尚未领取的节点，包含两条路线。未来等级、权益锁和即时赠送S0不加入列表。
G70: 单领处理当前节点。一键领取处理所有已达等级、具备所需权益、尚未领取的节点，包含两条路线。未来等级、权益锁和即时赠送S0不加入列表。 | H70: 单领处理当前节点。一键领取处理所有已达等级、具备所需权益、尚未领取的节点，包含两条路线。未来等级、权益锁和即时赠送S0不加入列表。 | I70: 单领处理当前节点。一键领取处理所有已达等级、具备所需权益、尚未领取的节点，包含两条路线。未来等级、权益锁和即时赠送S0不加入列表。 | J70: 单领处理当前节点。一键领取处理所有已达等级、具备所需权益、尚未领取的节点，包含两条路线。未来等级、权益锁和即时赠送S0不加入列表。 | K70: 单领处理当前节点。一键领取处理所有已达等级、具备所需权益、尚未领取的节点，包含两条路线。未来等级、权益锁和即时赠送S0不加入列表。 | L70: 单领处理当前节点。一键领取处理所有已达等级、具备所需权益、尚未领取的节点，包含两条路线。未来等级、权益锁和即时赠送S0不加入列表。
G71: 3.4.3 数量含义 | H71: 3.4.3 数量含义 | I71: 3.4.3 数量含义 | J71: 3.4.3 数量含义 | K71: 3.4.3 数量含义 | L71: 3.4.3 数量含义
G72: 一键按钮数字表示可领取节点数，不是资源数量。没有可领节点时置灰并写“暂无可领取奖励”；领取中暂时不可重复点击。 | H72: 一键按钮数字表示可领取节点数，不是资源数量。没有可领节点时置灰并写“暂无可领取奖励”；领取中暂时不可重复点击。 | I72: 一键按钮数字表示可领取节点数，不是资源数量。没有可领节点时置灰并写“暂无可领取奖励”；领取中暂时不可重复点击。 | J72: 一键按钮数字表示可领取节点数，不是资源数量。没有可领节点时置灰并写“暂无可领取奖励”；领取中暂时不可重复点击。 | K72: 一键按钮数字表示可领取节点数，不是资源数量。没有可领节点时置灰并写“暂无可领取奖励”；领取中暂时不可重复点击。 | L72: 一键按钮数字表示可领取节点数，不是资源数量。没有可领节点时置灰并写“暂无可领取奖励”；领取中暂时不可重复点击。
G73: 一键按钮数字表示可领取节点数，不是资源数量。没有可领节点时置灰并写“暂无可领取奖励”；领取中暂时不可重复点击。 | H73: 一键按钮数字表示可领取节点数，不是资源数量。没有可领节点时置灰并写“暂无可领取奖励”；领取中暂时不可重复点击。 | I73: 一键按钮数字表示可领取节点数，不是资源数量。没有可领节点时置灰并写“暂无可领取奖励”；领取中暂时不可重复点击。 | J73: 一键按钮数字表示可领取节点数，不是资源数量。没有可领节点时置灰并写“暂无可领取奖励”；领取中暂时不可重复点击。 | K73: 一键按钮数字表示可领取节点数，不是资源数量。没有可领节点时置灰并写“暂无可领取奖励”；领取中暂时不可重复点击。 | L73: 一键按钮数字表示可领取节点数，不是资源数量。没有可领节点时置灰并写“暂无可领取奖励”；领取中暂时不可重复点击。
G74: 3.4.4 结果明细 | H74: 3.4.4 结果明细 | I74: 3.4.4 结果明细 | J74: 3.4.4 结果明细 | K74: 3.4.4 结果明细 | L74: 3.4.4 结果明细
G75: 结果显示物品名称、数量和来源等级。重复时写“装饰A-04已拥有，转换资源B×80”。图示展示免费25级装饰A和26级资源A的单次领取结果。 | H75: 结果显示物品名称、数量和来源等级。重复时写“装饰A-04已拥有，转换资源B×80”。图示展示免费25级装饰A和26级资源A的单次领取结果。 | I75: 结果显示物品名称、数量和来源等级。重复时写“装饰A-04已拥有，转换资源B×80”。图示展示免费25级装饰A和26级资源A的单次领取结果。 | J75: 结果显示物品名称、数量和来源等级。重复时写“装饰A-04已拥有，转换资源B×80”。图示展示免费25级装饰A和26级资源A的单次领取结果。 | K75: 结果显示物品名称、数量和来源等级。重复时写“装饰A-04已拥有，转换资源B×80”。图示展示免费25级装饰A和26级资源A的单次领取结果。 | L75: 结果显示物品名称、数量和来源等级。重复时写“装饰A-04已拥有，转换资源B×80”。图示展示免费25级装饰A和26级资源A的单次领取结果。
G76: 结果显示物品名称、数量和来源等级。重复时写“装饰A-04已拥有，转换资源B×80”。图示展示免费25级装饰A和26级资源A的单次领取结果。 | H76: 结果显示物品名称、数量和来源等级。重复时写“装饰A-04已拥有，转换资源B×80”。图示展示免费25级装饰A和26级资源A的单次领取结果。 | I76: 结果显示物品名称、数量和来源等级。重复时写“装饰A-04已拥有，转换资源B×80”。图示展示免费25级装饰A和26级资源A的单次领取结果。 | J76: 结果显示物品名称、数量和来源等级。重复时写“装饰A-04已拥有，转换资源B×80”。图示展示免费25级装饰A和26级资源A的单次领取结果。 | K76: 结果显示物品名称、数量和来源等级。重复时写“装饰A-04已拥有，转换资源B×80”。图示展示免费25级装饰A和26级资源A的单次领取结果。 | L76: 结果显示物品名称、数量和来源等级。重复时写“装饰A-04已拥有，转换资源B×80”。图示展示免费25级装饰A和26级资源A的单次领取结果。
... G85: 赛季结束时自动补发已达等级、符合路线权益、尚未领取的节点，并展示汇总结果。权益不足或等级未达的节点不补发；未完成任务经验不补发。已有同款仍按重复转换规则处理。 | H85: 赛季结束时自动补发已达等级、符合路线权益、尚未领取的节点，并展示汇总结果。权益不足或等级未达的节点不补发；未完成任务经验不补发。已有同款仍按重复转换规则处理。 | I85: 赛季结束时自动补发已达等级、符合路线权益、尚未领取的节点，并展示汇总结果。权益不足或等级未达的节点不补发；未完成任务经验不补发。已有同款仍按重复转换规则处理。 | J85: 赛季结束时自动补发已达等级、符合路线权益、尚未领取的节点，并展示汇总结果。权益不足或等级未达的节点不补发；未完成任务经验不补发。已有同款仍按重复转换规则处理。 | K85: 赛季结束时自动补发已达等级、符合路线权益、尚未领取的节点，并展示汇总结果。权益不足或等级未达的节点不补发；未完成任务经验不补发。已有同款仍按重复转换规则处理。 | L85: 赛季结束时自动补发已达等级、符合路线权益、尚未领取的节点，并展示汇总结果。权益不足或等级未达的节点不补发；未完成任务经验不补发。已有同款仍按重复转换规则处理。
B87: 3.5 即时奖励与重复规则 | C87: 3.5 即时奖励与重复规则 | D87: 3.5 即时奖励与重复规则 | E87: 3.5 即时奖励与重复规则 | F87: 3.5 即时奖励与重复规则 | G87: 3.5 即时奖励与重复规则 | H87: 3.5 即时奖励与重复规则 | I87: 3.5 即时奖励与重复规则 | J87: 3.5 即时奖励与重复规则 | K87: 3.5 即时奖励与重复规则 | L87: 3.5 即时奖励与重复规则
G88: 3.5.1 设计目的 | H88: 3.5.1 设计目的 | I88: 3.5.1 设计目的 | J88: 3.5.1 设计目的 | K88: 3.5.1 设计目的 | L88: 3.5.1 设计目的
G89: 让玩家清楚区分购买当时获得的物品、未来需要升级领取的物品，以及已有外观的处理方式。 | H89: 让玩家清楚区分购买当时获得的物品、未来需要升级领取的物品，以及已有外观的处理方式。 | I89: 让玩家清楚区分购买当时获得的物品、未来需要升级领取的物品，以及已有外观的处理方式。 | J89: 让玩家清楚区分购买当时获得的物品、未来需要升级领取的物品，以及已有外观的处理方式。 | K89: 让玩家清楚区分购买当时获得的物品、未来需要升级领取的物品，以及已有外观的处理方式。 | L89: 让玩家清楚区分购买当时获得的物品、未来需要升级领取的物品，以及已有外观的处理方式。
G90: 让玩家清楚区分购买当时获得的物品、未来需要升级领取的物品，以及已有外观的处理方式。 | H90: 让玩家清楚区分购买当时获得的物品、未来需要升级领取的物品，以及已有外观的处理方式。 | I90: 让玩家清楚区分购买当时获得的物品、未来需要升级领取的物品，以及已有外观的处理方式。 | J90: 让玩家清楚区分购买当时获得的物品、未来需要升级领取的物品，以及已有外观的处理方式。 | K90: 让玩家清楚区分购买当时获得的物品、未来需要升级领取的物品，以及已有外观的处理方式。 | L90: 让玩家清楚区分购买当时获得的物品、未来需要升级领取的物品，以及已有外观的处理方式。
G91: 3.5.2 S0只赠送一次 | H91: 3.5.2 S0只赠送一次 | I91: 3.5.2 S0只赠送一次 | J91: 3.5.2 S0只赠送一次 | K91: 3.5.2 S0只赠送一次 | L91: 3.5.2 S0只赠送一次
G92: 标准和高级均包含S0。先买标准再补差高级不重复获得S0；高级新增内容仅为赠送等级和高级装饰。结果页明确列出本次新增内容。 | H92: 标准和高级均包含S0。先买标准再补差高级不重复获得S0；高级新增内容仅为赠送等级和高级装饰。结果页明确列出本次新增内容。 | I92: 标准和高级均包含S0。先买标准再补差高级不重复获得S0；高级新增内容仅为赠送等级和高级装饰。结果页明确列出本次新增内容。 | J92: 标准和高级均包含S0。先买标准再补差高级不重复获得S0；高级新增内容仅为赠送等级和高级装饰。结果页明确列出本次新增内容。 | K92: 标准和高级均包含S0。先买标准再补差高级不重复获得S0；高级新增内容仅为赠送等级和高级装饰。结果页明确列出本次新增内容。 | L92: 标准和高级均包含S0。先买标准再补差高级不重复获得S0；高级新增内容仅为赠送等级和高级装饰。结果页明确列出本次新增内容。
G93: 标准和高级均包含S0。先买标准再补差高级不重复获得S0；高级新增内容仅为赠送等级和高级装饰。结果页明确列出本次新增内容。 | H93: 标准和高级均包含S0。先买标准再补差高级不重复获得S0；高级新增内容仅为赠送等级和高级装饰。结果页明确列出本次新增内容。 | I93: 标准和高级均包含S0。先买标准再补差高级不重复获得S0；高级新增内容仅为赠送等级和高级装饰。结果页明确列出本次新增内容。 | J93: 标准和高级均包含S0。先买标准再补差高级不重复获得S0；高级新增内容仅为赠送等级和高级装饰。结果页明确列出本次新增内容。 | K93: 标准和高级均包含S0。先买标准再补差高级不重复获得S0；高级新增内容仅为赠送等级和高级装饰。结果页明确列出本次新增内容。 | L93: 标准和高级均包含S0。先买标准再补差高级不重复获得S0；高级新增内容仅为赠送等级和高级装饰。结果页明确列出本次新增内容。
G94: 3.5.3 高级装饰 | H94: 3.5.3 高级装饰 | I94: 3.5.3 高级装饰 | J94: 3.5.3 高级装饰 | K94: 3.5.3 高级装饰 | L94: 3.5.3 高级装饰
G95: 高级直接购买或从标准补差，立即获得装饰A高级款。同款已拥有则转80资源B。该物品不占50级节点，也不加入一键领取数量。 | H95: 高级直接购买或从标准补差，立即获得装饰A高级款。同款已拥有则转80资源B。该物品不占50级节点，也不加入一键领取数量。 | I95: 高级直接购买或从标准补差，立即获得装饰A高级款。同款已拥有则转80资源B。该物品不占50级节点，也不加入一键领取数量。 | J95: 高级直接购买或从标准补差，立即获得装饰A高级款。同款已拥有则转80资源B。该物品不占50级节点，也不加入一键领取数量。 | K95: 高级直接购买或从标准补差，立即获得装饰A高级款。同款已拥有则转80资源B。该物品不占50级节点，也不加入一键领取数量。 | L95: 高级直接购买或从标准补差，立即获得装饰A高级款。同款已拥有则转80资源B。该物品不占50级节点，也不加入一键领取数量。
G96: 高级直接购买或从标准补差，立即获得装饰A高级款。同款已拥有则转80资源B。该物品不占50级节点，也不加入一键领取数量。 | H96: 高级直接购买或从标准补差，立即获得装饰A高级款。同款已拥有则转80资源B。该物品不占50级节点，也不加入一键领取数量。 | I96: 高级直接购买或从标准补差，立即获得装饰A高级款。同款已拥有则转80资源B。该物品不占50级节点，也不加入一键领取数量。 | J96: 高级直接购买或从标准补差，立即获得装饰A高级款。同款已拥有则转80资源B。该物品不占50级节点，也不加入一键领取数量。 | K96: 高级直接购买或从标准补差，立即获得装饰A高级款。同款已拥有则转80资源B。该物品不占50级节点，也不加入一键领取数量。 | L96: 高级直接购买或从标准补差，立即获得装饰A高级款。同款已拥有则转80资源B。该物品不占50级节点，也不加入一键领取数量。
G97: 3.5.4 同款判定 | H97: 3.5.4 同款判定 | I97: 3.5.4 同款判定 | J97: 3.5.4 同款判定 | K97: 3.5.4 同款判定 | L97: 3.5.4 同款判定
G98: 只判断具体款式是否重复。不同编号的装饰和S0/S1/S2各自独立，玩家可以获得所有不同款。转换结果明确显示原物品和实际获得的资源B。 | H98: 只判断具体款式是否重复。不同编号的装饰和S0/S1/S2各自独立，玩家可以获得所有不同款。转换结果明确显示原物品和实际获得的资源B。 | I98: 只判断具体款式是否重复。不同编号的装饰和S0/S1/S2各自独立，玩家可以获得所有不同款。转换结果明确显示原物品和实际获得的资源B。 | J98: 只判断具体款式是否重复。不同编号的装饰和S0/S1/S2各自独立，玩家可以获得所有不同款。转换结果明确显示原物品和实际获得的资源B。 | K98: 只判断具体款式是否重复。不同编号的装饰和S0/S1/S2各自独立，玩家可以获得所有不同款。转换结果明确显示原物品和实际获得的资源B。 | L98: 只判断具体款式是否重复。不同编号的装饰和S0/S1/S2各自独立，玩家可以获得所有不同款。转换结果明确显示原物品和实际获得的资源B。
G99: 只判断具体款式是否重复。不同编号的装饰和S0/S1/S2各自独立，玩家可以获得所有不同款。转换结果明确显示原物品和实际获得的资源B。 | H99: 只判断具体款式是否重复。不同编号的装饰和S0/S1/S2各自独立，玩家可以获得所有不同款。转换结果明确显示原物品和实际获得的资源B。 | I99: 只判断具体款式是否重复。不同编号的装饰和S0/S1/S2各自独立，玩家可以获得所有不同款。转换结果明确显示原物品和实际获得的资源B。 | J99: 只判断具体款式是否重复。不同编号的装饰和S0/S1/S2各自独立，玩家可以获得所有不同款。转换结果明确显示原物品和实际获得的资源B。 | K99: 只判断具体款式是否重复。不同编号的装饰和S0/S1/S2各自独立，玩家可以获得所有不同款。转换结果明确显示原物品和实际获得的资源B。 | L99: 只判断具体款式是否重复。不同编号的装饰和S0/S1/S2各自独立，玩家可以获得所有不同款。转换结果明确显示原物品和实际获得的资源B。
... G105: 购买结果显示即时物品已到账和付费路线已开放。前往领取只处理等级节点；S0可直接在外观页使用，玩家无需再寻找一次皮肤领取入口。 | H105: 购买结果显示即时物品已到账和付费路线已开放。前往领取只处理等级节点；S0可直接在外观页使用，玩家无需再寻找一次皮肤领取入口。 | I105: 购买结果显示即时物品已到账和付费路线已开放。前往领取只处理等级节点；S0可直接在外观页使用，玩家无需再寻找一次皮肤领取入口。 | J105: 购买结果显示即时物品已到账和付费路线已开放。前往领取只处理等级节点；S0可直接在外观页使用，玩家无需再寻找一次皮肤领取入口。 | K105: 购买结果显示即时物品已到账和付费路线已开放。前往领取只处理等级节点；S0可直接在外观页使用，玩家无需再寻找一次皮肤领取入口。 | L105: 购买结果显示即时物品已到账和付费路线已开放。前往领取只处理等级节点；S0可直接在外观页使用，玩家无需再寻找一次皮肤领取入口。

Sheet 4 购买与权益
B1: 4. 购买与权益 | C1: 4. 购买与权益 | D1: 4. 购买与权益 | E1: 4. 购买与权益 | F1: 4. 购买与权益 | G1: 4. 购买与权益 | H1: 4. 购买与权益 | I1: 4. 购买与权益 | J1: 4. 购买与权益 | K1: 4. 购买与权益 | L1: 4. 购买与权益
B2: 通过外观回报建立购买价值，免费与付费玩家保持相同的正常成长规则。 | C2: 通过外观回报建立购买价值，免费与付费玩家保持相同的正常成长规则。 | D2: 通过外观回报建立购买价值，免费与付费玩家保持相同的正常成长规则。 | E2: 通过外观回报建立购买价值，免费与付费玩家保持相同的正常成长规则。 | F2: 通过外观回报建立购买价值，免费与付费玩家保持相同的正常成长规则。 | G2: 通过外观回报建立购买价值，免费与付费玩家保持相同的正常成长规则。 | H2: 通过外观回报建立购买价值，免费与付费玩家保持相同的正常成长规则。 | I2: 通过外观回报建立购买价值，免费与付费玩家保持相同的正常成长规则。 | J2: 通过外观回报建立购买价值，免费与付费玩家保持相同的正常成长规则。 | K2: 通过外观回报建立购买价值，免费与付费玩家保持相同的正常成长规则。 | L2: 通过外观回报建立购买价值，免费与付费玩家保持相同的正常成长规则。
B4: 4.1 商品档位 | C4: 4.1 商品档位 | D4: 4.1 商品档位 | E4: 4.1 商品档位 | F4: 4.1 商品档位 | G4: 4.1 商品档位 | H4: 4.1 商品档位 | I4: 4.1 商品档位 | J4: 4.1 商品档位 | K4: 4.1 商品档位 | L4: 4.1 商品档位
G5: 4.1.1 设计目的 | H5: 4.1.1 设计目的 | I5: 4.1.1 设计目的 | J5: 4.1.1 设计目的 | K5: 4.1.1 设计目的 | L5: 4.1.1 设计目的
G6: 用标准与高级两个档位解释差异，购买价值由即时外观和后续奖励构成。价格是本案设定，不作为销量或收入预测。 | H6: 用标准与高级两个档位解释差异，购买价值由即时外观和后续奖励构成。价格是本案设定，不作为销量或收入预测。 | I6: 用标准与高级两个档位解释差异，购买价值由即时外观和后续奖励构成。价格是本案设定，不作为销量或收入预测。 | J6: 用标准与高级两个档位解释差异，购买价值由即时外观和后续奖励构成。价格是本案设定，不作为销量或收入预测。 | K6: 用标准与高级两个档位解释差异，购买价值由即时外观和后续奖励构成。价格是本案设定，不作为销量或收入预测。 | L6: 用标准与高级两个档位解释差异，购买价值由即时外观和后续奖励构成。价格是本案设定，不作为销量或收入预测。
G7: 用标准与高级两个档位解释差异，购买价值由即时外观和后续奖励构成。价格是本案设定，不作为销量或收入预测。 | H7: 用标准与高级两个档位解释差异，购买价值由即时外观和后续奖励构成。价格是本案设定，不作为销量或收入预测。 | I7: 用标准与高级两个档位解释差异，购买价值由即时外观和后续奖励构成。价格是本案设定，不作为销量或收入预测。 | J7: 用标准与高级两个档位解释差异，购买价值由即时外观和后续奖励构成。价格是本案设定，不作为销量或收入预测。 | K7: 用标准与高级两个档位解释差异，购买价值由即时外观和后续奖励构成。价格是本案设定，不作为销量或收入预测。 | L7: 用标准与高级两个档位解释差异，购买价值由即时外观和后续奖励构成。价格是本案设定，不作为销量或收入预测。
G8: 4.1.2 标准档 | H8: 4.1.2 标准档 | I8: 4.1.2 标准档 | J8: 4.1.2 标准档 | K8: 4.1.2 标准档 | L8: 4.1.2 标准档
G9: 68元，立即获得皮肤S0，开放50个付费节点。当前已达等级的未领付费奖励可补领。经验速度、任务条件与免费路线一致。 | H9: 68元，立即获得皮肤S0，开放50个付费节点。当前已达等级的未领付费奖励可补领。经验速度、任务条件与免费路线一致。 | I9: 68元，立即获得皮肤S0，开放50个付费节点。当前已达等级的未领付费奖励可补领。经验速度、任务条件与免费路线一致。 | J9: 68元，立即获得皮肤S0，开放50个付费节点。当前已达等级的未领付费奖励可补领。经验速度、任务条件与免费路线一致。 | K9: 68元，立即获得皮肤S0，开放50个付费节点。当前已达等级的未领付费奖励可补领。经验速度、任务条件与免费路线一致。 | L9: 68元，立即获得皮肤S0，开放50个付费节点。当前已达等级的未领付费奖励可补领。经验速度、任务条件与免费路线一致。
G10: 68元，立即获得皮肤S0，开放50个付费节点。当前已达等级的未领付费奖励可补领。经验速度、任务条件与免费路线一致。 | H10: 68元，立即获得皮肤S0，开放50个付费节点。当前已达等级的未领付费奖励可补领。经验速度、任务条件与免费路线一致。 | I10: 68元，立即获得皮肤S0，开放50个付费节点。当前已达等级的未领付费奖励可补领。经验速度、任务条件与免费路线一致。 | J10: 68元，立即获得皮肤S0，开放50个付费节点。当前已达等级的未领付费奖励可补领。经验速度、任务条件与免费路线一致。 | K10: 68元，立即获得皮肤S0，开放50个付费节点。当前已达等级的未领付费奖励可补领。经验速度、任务条件与免费路线一致。 | L10: 68元，立即获得皮肤S0，开放50个付费节点。当前已达等级的未领付费奖励可补领。经验速度、任务条件与免费路线一致。
G11: 4.1.3 高级档 | H11: 4.1.3 高级档 | I11: 4.1.3 高级档 | J11: 4.1.3 高级档 | K11: 4.1.3 高级档 | L11: 4.1.3 高级档
G12: 128元，包含标准全部内容，另赠十级和装饰A高级款。即时外观直接到账，赠送等级增加可领资格，等级节点仍由玩家主动领取。 | H12: 128元，包含标准全部内容，另赠十级和装饰A高级款。即时外观直接到账，赠送等级增加可领资格，等级节点仍由玩家主动领取。 | I12: 128元，包含标准全部内容，另赠十级和装饰A高级款。即时外观直接到账，赠送等级增加可领资格，等级节点仍由玩家主动领取。 | J12: 128元，包含标准全部内容，另赠十级和装饰A高级款。即时外观直接到账，赠送等级增加可领资格，等级节点仍由玩家主动领取。 | K12: 128元，包含标准全部内容，另赠十级和装饰A高级款。即时外观直接到账，赠送等级增加可领资格，等级节点仍由玩家主动领取。 | L12: 128元，包含标准全部内容，另赠十级和装饰A高级款。即时外观直接到账，赠送等级增加可领资格，等级节点仍由玩家主动领取。
G13: 128元，包含标准全部内容，另赠十级和装饰A高级款。即时外观直接到账，赠送等级增加可领资格，等级节点仍由玩家主动领取。 | H13: 128元，包含标准全部内容，另赠十级和装饰A高级款。即时外观直接到账，赠送等级增加可领资格，等级节点仍由玩家主动领取。 | I13: 128元，包含标准全部内容，另赠十级和装饰A高级款。即时外观直接到账，赠送等级增加可领资格，等级节点仍由玩家主动领取。 | J13: 128元，包含标准全部内容，另赠十级和装饰A高级款。即时外观直接到账，赠送等级增加可领资格，等级节点仍由玩家主动领取。 | K13: 128元，包含标准全部内容，另赠十级和装饰A高级款。即时外观直接到账，赠送等级增加可领资格，等级节点仍由玩家主动领取。 | L13: 128元，包含标准全部内容，另赠十级和装饰A高级款。即时外观直接到账，赠送等级增加可领资格，等级节点仍由玩家主动领取。
G14: 4.1.4 补差升级 | H14: 4.1.4 补差升级 | I14: 4.1.4 补差升级 | J14: 4.1.4 补差升级 | K14: 4.1.4 补差升级 | L14: 4.1.4 补差升级
G15: 标准已拥有、高级未拥有时可补60元。只新增十级和高级装饰，不再赠送S0。直接高级与先标准后补差的新增内容一致。 | H15: 标准已拥有、高级未拥有时可补60元。只新增十级和高级装饰，不再赠送S0。直接高级与先标准后补差的新增内容一致。 | I15: 标准已拥有、高级未拥有时可补60元。只新增十级和高级装饰，不再赠送S0。直接高级与先标准后补差的新增内容一致。 | J15: 标准已拥有、高级未拥有时可补60元。只新增十级和高级装饰，不再赠送S0。直接高级与先标准后补差的新增内容一致。 | K15: 标准已拥有、高级未拥有时可补60元。只新增十级和高级装饰，不再赠送S0。直接高级与先标准后补差的新增内容一致。 | L15: 标准已拥有、高级未拥有时可补60元。只新增十级和高级装饰，不再赠送S0。直接高级与先标准后补差的新增内容一致。
G16: 标准已拥有、高级未拥有时可补60元。只新增十级和高级装饰，不再赠送S0。直接高级与先标准后补差的新增内容一致。 | H16: 标准已拥有、高级未拥有时可补60元。只新增十级和高级装饰，不再赠送S0。直接高级与先标准后补差的新增内容一致。 | I16: 标准已拥有、高级未拥有时可补60元。只新增十级和高级装饰，不再赠送S0。直接高级与先标准后补差的新增内容一致。 | J16: 标准已拥有、高级未拥有时可补60元。只新增十级和高级装饰，不再赠送S0。直接高级与先标准后补差的新增内容一致。 | K16: 标准已拥有、高级未拥有时可补60元。只新增十级和高级装饰，不再赠送S0。直接高级与先标准后补差的新增内容一致。 | L16: 标准已拥有、高级未拥有时可补60元。只新增十级和高级装饰，不再赠送S0。直接高级与先标准后补差的新增内容一致。
... G22: 两张卡并排展示，顶部突出S0即时获得，中部列权益和新增内容，底部列价格与购买按钮。标准已拥有后，按钮标已拥有，高级卡改为补差升级。 | H22: 两张卡并排展示，顶部突出S0即时获得，中部列权益和新增内容，底部列价格与购买按钮。标准已拥有后，按钮标已拥有，高级卡改为补差升级。 | I22: 两张卡并排展示，顶部突出S0即时获得，中部列权益和新增内容，底部列价格与购买按钮。标准已拥有后，按钮标已拥有，高级卡改为补差升级。 | J22: 两张卡并排展示，顶部突出S0即时获得，中部列权益和新增内容，底部列价格与购买按钮。标准已拥有后，按钮标已拥有，高级卡改为补差升级。 | K22: 两张卡并排展示，顶部突出S0即时获得，中部列权益和新增内容，底部列价格与购买按钮。标准已拥有后，按钮标已拥有，高级卡改为补差升级。 | L22: 两张卡并排展示，顶部突出S0即时获得，中部列权益和新增内容，底部列价格与购买按钮。标准已拥有后，按钮标已拥有，高级卡改为补差升级。
B24: 4.2 购买确认与反馈 | C24: 4.2 购买确认与反馈 | D24: 4.2 购买确认与反馈 | E24: 4.2 购买确认与反馈 | F24: 4.2 购买确认与反馈 | G24: 4.2 购买确认与反馈 | H24: 4.2 购买确认与反馈 | I24: 4.2 购买确认与反馈 | J24: 4.2 购买确认与反馈 | K24: 4.2 购买确认与反馈 | L24: 4.2 购买确认与反馈
G25: 4.2.1 设计目的 | H25: 4.2.1 设计目的 | I25: 4.2.1 设计目的 | J25: 4.2.1 设计目的 | K25: 4.2.1 设计目的 | L25: 4.2.1 设计目的
G26: 付款前区分即时物品和未来节点，付款后及时给出到账反馈，减少对未来皮肤已经获得的误解。 | H26: 付款前区分即时物品和未来节点，付款后及时给出到账反馈，减少对未来皮肤已经获得的误解。 | I26: 付款前区分即时物品和未来节点，付款后及时给出到账反馈，减少对未来皮肤已经获得的误解。 | J26: 付款前区分即时物品和未来节点，付款后及时给出到账反馈，减少对未来皮肤已经获得的误解。 | K26: 付款前区分即时物品和未来节点，付款后及时给出到账反馈，减少对未来皮肤已经获得的误解。 | L26: 付款前区分即时物品和未来节点，付款后及时给出到账反馈，减少对未来皮肤已经获得的误解。
G27: 付款前区分即时物品和未来节点，付款后及时给出到账反馈，减少对未来皮肤已经获得的误解。 | H27: 付款前区分即时物品和未来节点，付款后及时给出到账反馈，减少对未来皮肤已经获得的误解。 | I27: 付款前区分即时物品和未来节点，付款后及时给出到账反馈，减少对未来皮肤已经获得的误解。 | J27: 付款前区分即时物品和未来节点，付款后及时给出到账反馈，减少对未来皮肤已经获得的误解。 | K27: 付款前区分即时物品和未来节点，付款后及时给出到账反馈，减少对未来皮肤已经获得的误解。 | L27: 付款前区分即时物品和未来节点，付款后及时给出到账反馈，减少对未来皮肤已经获得的误解。
G28: 4.2.2 购买条件 | H28: 4.2.2 购买条件 | I28: 4.2.2 购买条件 | J28: 4.2.2 购买条件 | K28: 4.2.2 购买条件 | L28: 4.2.2 购买条件
G29: 通行证已开放、赛季有效、对应档位尚未拥有。余额充值和通行证购买是两种行为，S0只随通行证成功购买发放。 | H29: 通行证已开放、赛季有效、对应档位尚未拥有。余额充值和通行证购买是两种行为，S0只随通行证成功购买发放。 | I29: 通行证已开放、赛季有效、对应档位尚未拥有。余额充值和通行证购买是两种行为，S0只随通行证成功购买发放。 | J29: 通行证已开放、赛季有效、对应档位尚未拥有。余额充值和通行证购买是两种行为，S0只随通行证成功购买发放。 | K29: 通行证已开放、赛季有效、对应档位尚未拥有。余额充值和通行证购买是两种行为，S0只随通行证成功购买发放。 | L29: 通行证已开放、赛季有效、对应档位尚未拥有。余额充值和通行证购买是两种行为，S0只随通行证成功购买发放。
G30: 通行证已开放、赛季有效、对应档位尚未拥有。余额充值和通行证购买是两种行为，S0只随通行证成功购买发放。 | H30: 通行证已开放、赛季有效、对应档位尚未拥有。余额充值和通行证购买是两种行为，S0只随通行证成功购买发放。 | I30: 通行证已开放、赛季有效、对应档位尚未拥有。余额充值和通行证购买是两种行为，S0只随通行证成功购买发放。 | J30: 通行证已开放、赛季有效、对应档位尚未拥有。余额充值和通行证购买是两种行为，S0只随通行证成功购买发放。 | K30: 通行证已开放、赛季有效、对应档位尚未拥有。余额充值和通行证购买是两种行为，S0只随通行证成功购买发放。 | L30: 通行证已开放、赛季有效、对应档位尚未拥有。余额充值和通行证购买是两种行为，S0只随通行证成功购买发放。
G31: 4.2.3 标准摘要 | H31: 4.2.3 标准摘要 | I31: 4.2.3 标准摘要 | J31: 4.2.3 标准摘要 | K31: 4.2.3 标准摘要 | L31: 4.2.3 标准摘要
G32: 以26级为例，确认页列S0立即获得、付费路线开放、1–26级未领付费节点可补领，以及S1需30级、S2需50级。标准购买不提升等级。 | H32: 以26级为例，确认页列S0立即获得、付费路线开放、1–26级未领付费节点可补领，以及S1需30级、S2需50级。标准购买不提升等级。 | I32: 以26级为例，确认页列S0立即获得、付费路线开放、1–26级未领付费节点可补领，以及S1需30级、S2需50级。标准购买不提升等级。 | J32: 以26级为例，确认页列S0立即获得、付费路线开放、1–26级未领付费节点可补领，以及S1需30级、S2需50级。标准购买不提升等级。 | K32: 以26级为例，确认页列S0立即获得、付费路线开放、1–26级未领付费节点可补领，以及S1需30级、S2需50级。标准购买不提升等级。 | L32: 以26级为例，确认页列S0立即获得、付费路线开放、1–26级未领付费节点可补领，以及S1需30级、S2需50级。标准购买不提升等级。
G33: 以26级为例，确认页列S0立即获得、付费路线开放、1–26级未领付费节点可补领，以及S1需30级、S2需50级。标准购买不提升等级。 | H33: 以26级为例，确认页列S0立即获得、付费路线开放、1–26级未领付费节点可补领，以及S1需30级、S2需50级。标准购买不提升等级。 | I33: 以26级为例，确认页列S0立即获得、付费路线开放、1–26级未领付费节点可补领，以及S1需30级、S2需50级。标准购买不提升等级。 | J33: 以26级为例，确认页列S0立即获得、付费路线开放、1–26级未领付费节点可补领，以及S1需30级、S2需50级。标准购买不提升等级。 | K33: 以26级为例，确认页列S0立即获得、付费路线开放、1–26级未领付费节点可补领，以及S1需30级、S2需50级。标准购买不提升等级。 | L33: 以26级为例，确认页列S0立即获得、付费路线开放、1–26级未领付费节点可补领，以及S1需30级、S2需50级。标准购买不提升等级。
G34: 4.2.4 高级摘要 | H34: 4.2.4 高级摘要 | I34: 4.2.4 高级摘要 | J34: 4.2.4 高级摘要 | K34: 4.2.4 高级摘要 | L34: 4.2.4 高级摘要
G35: 列实际提升级数、最终等级、溢出资源B和高级装饰。先标准后升级的摘要不重复列S0；未来等级皮肤继续显示获取门槛。 | H35: 列实际提升级数、最终等级、溢出资源B和高级装饰。先标准后升级的摘要不重复列S0；未来等级皮肤继续显示获取门槛。 | I35: 列实际提升级数、最终等级、溢出资源B和高级装饰。先标准后升级的摘要不重复列S0；未来等级皮肤继续显示获取门槛。 | J35: 列实际提升级数、最终等级、溢出资源B和高级装饰。先标准后升级的摘要不重复列S0；未来等级皮肤继续显示获取门槛。 | K35: 列实际提升级数、最终等级、溢出资源B和高级装饰。先标准后升级的摘要不重复列S0；未来等级皮肤继续显示获取门槛。 | L35: 列实际提升级数、最终等级、溢出资源B和高级装饰。先标准后升级的摘要不重复列S0；未来等级皮肤继续显示获取门槛。
G36: 列实际提升级数、最终等级、溢出资源B和高级装饰。先标准后升级的摘要不重复列S0；未来等级皮肤继续显示获取门槛。 | H36: 列实际提升级数、最终等级、溢出资源B和高级装饰。先标准后升级的摘要不重复列S0；未来等级皮肤继续显示获取门槛。 | I36: 列实际提升级数、最终等级、溢出资源B和高级装饰。先标准后升级的摘要不重复列S0；未来等级皮肤继续显示获取门槛。 | J36: 列实际提升级数、最终等级、溢出资源B和高级装饰。先标准后升级的摘要不重复列S0；未来等级皮肤继续显示获取门槛。 | K36: 列实际提升级数、最终等级、溢出资源B和高级装饰。先标准后升级的摘要不重复列S0；未来等级皮肤继续显示获取门槛。 | L36: 列实际提升级数、最终等级、溢出资源B和高级装饰。先标准后升级的摘要不重复列S0；未来等级皮肤继续显示获取门槛。
... G42: 购买成功后可以前往领取当前已达等级的付费奖励。轨道定位到最低未领节点；即时赠送物品已到账，不计入待领数量。 | H42: 购买成功后可以前往领取当前已达等级的付费奖励。轨道定位到最低未领节点；即时赠送物品已到账，不计入待领数量。 | I42: 购买成功后可以前往领取当前已达等级的付费奖励。轨道定位到最低未领节点；即时赠送物品已到账，不计入待领数量。 | J42: 购买成功后可以前往领取当前已达等级的付费奖励。轨道定位到最低未领节点；即时赠送物品已到账，不计入待领数量。 | K42: 购买成功后可以前往领取当前已达等级的付费奖励。轨道定位到最低未领节点；即时赠送物品已到账，不计入待领数量。 | L42: 购买成功后可以前往领取当前已达等级的付费奖励。轨道定位到最低未领节点；即时赠送物品已到账，不计入待领数量。
B44: 4.3 高级赠级与边界 | C44: 4.3 高级赠级与边界 | D44: 4.3 高级赠级与边界 | E44: 4.3 高级赠级与边界 | F44: 4.3 高级赠级与边界 | G44: 4.3 高级赠级与边界 | H44: 4.3 高级赠级与边界 | I44: 4.3 高级赠级与边界 | J44: 4.3 高级赠级与边界 | K44: 4.3 高级赠级与边界 | L44: 4.3 高级赠级与边界
G45: 4.3.1 设计目的 | H45: 4.3.1 设计目的 | I45: 4.3.1 设计目的 | J45: 4.3.1 设计目的 | K45: 4.3.1 设计目的 | L45: 4.3.1 设计目的
G46: 满级附近仍清楚说明高级档的实际所得，避免十级赠送在空间不足时消失。 | H46: 满级附近仍清楚说明高级档的实际所得，避免十级赠送在空间不足时消失。 | I46: 满级附近仍清楚说明高级档的实际所得，避免十级赠送在空间不足时消失。 | J46: 满级附近仍清楚说明高级档的实际所得，避免十级赠送在空间不足时消失。 | K46: 满级附近仍清楚说明高级档的实际所得，避免十级赠送在空间不足时消失。 | L46: 满级附近仍清楚说明高级档的实际所得，避免十级赠送在空间不足时消失。
G47: 满级附近仍清楚说明高级档的实际所得，避免十级赠送在空间不足时消失。 | H47: 满级附近仍清楚说明高级档的实际所得，避免十级赠送在空间不足时消失。 | I47: 满级附近仍清楚说明高级档的实际所得，避免十级赠送在空间不足时消失。 | J47: 满级附近仍清楚说明高级档的实际所得，避免十级赠送在空间不足时消失。 | K47: 满级附近仍清楚说明高级档的实际所得，避免十级赠送在空间不足时消失。 | L47: 满级附近仍清楚说明高级档的实际所得，避免十级赠送在空间不足时消失。
G48: 4.3.2 实际提升 | H48: 4.3.2 实际提升 | I48: 4.3.2 实际提升 | J48: 4.3.2 实际提升 | K48: 4.3.2 实际提升 | L48: 4.3.2 实际提升
G49: 赠送十级，实际提升取十级与距离50级差额的较小值。原级内余量保留，到50级后转为补给起始进度。赠级不是正常对局经验，不推进内容任务，也不直接赠送补给等级。 | H49: 赠送十级，实际提升取十级与距离50级差额的较小值。原级内余量保留，到50级后转为补给起始进度。赠级不是正常对局经验，不推进内容任务，也不直接赠送补给等级。 | I49: 赠送十级，实际提升取十级与距离50级差额的较小值。原级内余量保留，到50级后转为补给起始进度。赠级不是正常对局经验，不推进内容任务，也不直接赠送补给等级。 | J49: 赠送十级，实际提升取十级与距离50级差额的较小值。原级内余量保留，到50级后转为补给起始进度。赠级不是正常对局经验，不推进内容任务，也不直接赠送补给等级。 | K49: 赠送十级，实际提升取十级与距离50级差额的较小值。原级内余量保留，到50级后转为补给起始进度。赠级不是正常对局经验，不推进内容任务，也不直接赠送补给等级。 | L49: 赠送十级，实际提升取十级与距离50级差额的较小值。原级内余量保留，到50级后转为补给起始进度。赠级不是正常对局经验，不推进内容任务，也不直接赠送补给等级。
G50: 赠送十级，实际提升取十级与距离50级差额的较小值。原级内余量保留，到50级后转为补给起始进度。赠级不是正常对局经验，不推进内容任务，也不直接赠送补给等级。 | H50: 赠送十级，实际提升取十级与距离50级差额的较小值。原级内余量保留，到50级后转为补给起始进度。赠级不是正常对局经验，不推进内容任务，也不直接赠送补给等级。 | I50: 赠送十级，实际提升取十级与距离50级差额的较小值。原级内余量保留，到50级后转为补给起始进度。赠级不是正常对局经验，不推进内容任务，也不直接赠送补给等级。 | J50: 赠送十级，实际提升取十级与距离50级差额的较小值。原级内余量保留，到50级后转为补给起始进度。赠级不是正常对局经验，不推进内容任务，也不直接赠送补给等级。 | K50: 赠送十级，实际提升取十级与距离50级差额的较小值。原级内余量保留，到50级后转为补给起始进度。赠级不是正常对局经验，不推进内容任务，也不直接赠送补给等级。 | L50: 赠送十级，实际提升取十级与距离50级差额的较小值。原级内余量保留，到50级后转为补给起始进度。赠级不是正常对局经验，不推进内容任务，也不直接赠送补给等级。
G51: 4.3.3 溢出转换 | H51: 4.3.3 溢出转换 | I51: 4.3.3 溢出转换 | J51: 4.3.3 溢出转换 | K51: 4.3.3 溢出转换 | L51: 4.3.3 溢出转换
G52: 不能实际提升的赠送等级，每级转换80资源B。45级购买高级实际升五级，另五级转400资源B；50级购买则十级全转800资源B。 | H52: 不能实际提升的赠送等级，每级转换80资源B。45级购买高级实际升五级，另五级转400资源B；50级购买则十级全转800资源B。 | I52: 不能实际提升的赠送等级，每级转换80资源B。45级购买高级实际升五级，另五级转400资源B；50级购买则十级全转800资源B。 | J52: 不能实际提升的赠送等级，每级转换80资源B。45级购买高级实际升五级，另五级转400资源B；50级购买则十级全转800资源B。 | K52: 不能实际提升的赠送等级，每级转换80资源B。45级购买高级实际升五级，另五级转400资源B；50级购买则十级全转800资源B。 | L52: 不能实际提升的赠送等级，每级转换80资源B。45级购买高级实际升五级，另五级转400资源B；50级购买则十级全转800资源B。
G53: 不能实际提升的赠送等级，每级转换80资源B。45级购买高级实际升五级，另五级转400资源B；50级购买则十级全转800资源B。 | H53: 不能实际提升的赠送等级，每级转换80资源B。45级购买高级实际升五级，另五级转400资源B；50级购买则十级全转800资源B。 | I53: 不能实际提升的赠送等级，每级转换80资源B。45级购买高级实际升五级，另五级转400资源B；50级购买则十级全转800资源B。 | J53: 不能实际提升的赠送等级，每级转换80资源B。45级购买高级实际升五级，另五级转400资源B；50级购买则十级全转800资源B。 | K53: 不能实际提升的赠送等级，每级转换80资源B。45级购买高级实际升五级，另五级转400资源B；50级购买则十级全转800资源B。 | L53: 不能实际提升的赠送等级，每级转换80资源B。45级购买高级实际升五级，另五级转400资源B；50级购买则十级全转800资源B。
G54: 4.3.4 提前说明 | H54: 4.3.4 提前说明 | I54: 4.3.4 提前说明 | J54: 4.3.4 提前说明 | K54: 4.3.4 提前说明 | L54: 4.3.4 提前说明
G55: 确认页显示当前到最终等级、实际提升、溢出资源数量及高级装饰。玩家付款前可以看清各项结果，转换数是商品规则，不代表每级市场价值。 | H55: 确认页显示当前到最终等级、实际提升、溢出资源数量及高级装饰。玩家付款前可以看清各项结果，转换数是商品规则，不代表每级市场价值。 | I55: 确认页显示当前到最终等级、实际提升、溢出资源数量及高级装饰。玩家付款前可以看清各项结果，转换数是商品规则，不代表每级市场价值。 | J55: 确认页显示当前到最终等级、实际提升、溢出资源数量及高级装饰。玩家付款前可以看清各项结果，转换数是商品规则，不代表每级市场价值。 | K55: 确认页显示当前到最终等级、实际提升、溢出资源数量及高级装饰。玩家付款前可以看清各项结果，转换数是商品规则，不代表每级市场价值。 | L55: 确认页显示当前到最终等级、实际提升、溢出资源数量及高级装饰。玩家付款前可以看清各项结果，转换数是商品规则，不代表每级市场价值。
G56: 确认页显示当前到最终等级、实际提升、溢出资源数量及高级装饰。玩家付款前可以看清各项结果，转换数是商品规则，不代表每级市场价值。 | H56: 确认页显示当前到最终等级、实际提升、溢出资源数量及高级装饰。玩家付款前可以看清各项结果，转换数是商品规则，不代表每级市场价值。 | I56: 确认页显示当前到最终等级、实际提升、溢出资源数量及高级装饰。玩家付款前可以看清各项结果，转换数是商品规则，不代表每级市场价值。 | J56: 确认页显示当前到最终等级、实际提升、溢出资源数量及高级装饰。玩家付款前可以看清各项结果，转换数是商品规则，不代表每级市场价值。 | K56: 确认页显示当前到最终等级、实际提升、溢出资源数量及高级装饰。玩家付款前可以看清各项结果，转换数是商品规则，不代表每级市场价值。 | L56: 确认页显示当前到最终等级、实际提升、溢出资源数量及高级装饰。玩家付款前可以看清各项结果，转换数是商品规则，不代表每级市场价值。
... G62: 固定赠级便于档位比较，溢出转换保证内容有去向。转换资源偏外观用途，保持高级便利与外观回报的定位，避免引入局内强度。 | H62: 固定赠级便于档位比较，溢出转换保证内容有去向。转换资源偏外观用途，保持高级便利与外观回报的定位，避免引入局内强度。 | I62: 固定赠级便于档位比较，溢出转换保证内容有去向。转换资源偏外观用途，保持高级便利与外观回报的定位，避免引入局内强度。 | J62: 固定赠级便于档位比较，溢出转换保证内容有去向。转换资源偏外观用途，保持高级便利与外观回报的定位，避免引入局内强度。 | K62: 固定赠级便于档位比较，溢出转换保证内容有去向。转换资源偏外观用途，保持高级便利与外观回报的定位，避免引入局内强度。 | L62: 固定赠级便于档位比较，溢出转换保证内容有去向。转换资源偏外观用途，保持高级便利与外观回报的定位，避免引入局内强度。
B64: 4.4 商业设计取舍 | C64: 4.4 商业设计取舍 | D64: 4.4 商业设计取舍 | E64: 4.4 商业设计取舍 | F64: 4.4 商业设计取舍 | G64: 4.4 商业设计取舍 | H64: 4.4 商业设计取舍 | I64: 4.4 商业设计取舍 | J64: 4.4 商业设计取舍 | K64: 4.4 商业设计取舍 | L64: 4.4 商业设计取舍
G65: 4.4.1 设计目的 | H65: 4.4.1 设计目的 | I65: 4.4.1 设计目的 | J65: 4.4.1 设计目的 | K65: 4.4.1 设计目的 | L65: 4.4.1 设计目的
G66: 在清楚的商品价值与低负担成长之间保持一致。玩家应因喜欢奖励购买，而非被任务压力迫使购买。 | H66: 在清楚的商品价值与低负担成长之间保持一致。玩家应因喜欢奖励购买，而非被任务压力迫使购买。 | I66: 在清楚的商品价值与低负担成长之间保持一致。玩家应因喜欢奖励购买，而非被任务压力迫使购买。 | J66: 在清楚的商品价值与低负担成长之间保持一致。玩家应因喜欢奖励购买，而非被任务压力迫使购买。 | K66: 在清楚的商品价值与低负担成长之间保持一致。玩家应因喜欢奖励购买，而非被任务压力迫使购买。 | L66: 在清楚的商品价值与低负担成长之间保持一致。玩家应因喜欢奖励购买，而非被任务压力迫使购买。
G67: 在清楚的商品价值与低负担成长之间保持一致。玩家应因喜欢奖励购买，而非被任务压力迫使购买。 | H67: 在清楚的商品价值与低负担成长之间保持一致。玩家应因喜欢奖励购买，而非被任务压力迫使购买。 | I67: 在清楚的商品价值与低负担成长之间保持一致。玩家应因喜欢奖励购买，而非被任务压力迫使购买。 | J67: 在清楚的商品价值与低负担成长之间保持一致。玩家应因喜欢奖励购买，而非被任务压力迫使购买。 | K67: 在清楚的商品价值与低负担成长之间保持一致。玩家应因喜欢奖励购买，而非被任务压力迫使购买。 | L67: 在清楚的商品价值与低负担成长之间保持一致。玩家应因喜欢奖励购买，而非被任务压力迫使购买。
G68: 4.4.2 完成不依赖购买 | H68: 4.4.2 完成不依赖购买 | I68: 4.4.2 完成不依赖购买 | J68: 4.4.2 完成不依赖购买 | K68: 4.4.2 完成不依赖购买 | L68: 4.4.2 完成不依赖购买
G69: 轻度参与八周60800经验即可达到50级。免费路线完整开放，付费仅解锁额外奖励；不购买也可以完成同一成长目标。 | H69: 轻度参与八周60800经验即可达到50级。免费路线完整开放，付费仅解锁额外奖励；不购买也可以完成同一成长目标。 | I69: 轻度参与八周60800经验即可达到50级。免费路线完整开放，付费仅解锁额外奖励；不购买也可以完成同一成长目标。 | J69: 轻度参与八周60800经验即可达到50级。免费路线完整开放，付费仅解锁额外奖励；不购买也可以完成同一成长目标。 | K69: 轻度参与八周60800经验即可达到50级。免费路线完整开放，付费仅解锁额外奖励；不购买也可以完成同一成长目标。 | L69: 轻度参与八周60800经验即可达到50级。免费路线完整开放，付费仅解锁额外奖励；不购买也可以完成同一成长目标。
G70: 轻度参与八周60800经验即可达到50级。免费路线完整开放，付费仅解锁额外奖励；不购买也可以完成同一成长目标。 | H70: 轻度参与八周60800经验即可达到50级。免费路线完整开放，付费仅解锁额外奖励；不购买也可以完成同一成长目标。 | I70: 轻度参与八周60800经验即可达到50级。免费路线完整开放，付费仅解锁额外奖励；不购买也可以完成同一成长目标。 | J70: 轻度参与八周60800经验即可达到50级。免费路线完整开放，付费仅解锁额外奖励；不购买也可以完成同一成长目标。 | K70: 轻度参与八周60800经验即可达到50级。免费路线完整开放，付费仅解锁额外奖励；不购买也可以完成同一成长目标。 | L70: 轻度参与八周60800经验即可达到50级。免费路线完整开放，付费仅解锁额外奖励；不购买也可以完成同一成长目标。
G71: 4.4.3 即时与长目标 | H71: 4.4.3 即时与长目标 | I71: 4.4.3 即时与长目标 | J71: 4.4.3 即时与长目标 | K71: 4.4.3 即时与长目标 | L71: 4.4.3 即时与长目标
G72: S0满足购买当时的外观获得感，S1在赛季中段出现，S2作为终点目标。三款独立皮肤避免即时赠送提前消解全部长期目标。 | H72: S0满足购买当时的外观获得感，S1在赛季中段出现，S2作为终点目标。三款独立皮肤避免即时赠送提前消解全部长期目标。 | I72: S0满足购买当时的外观获得感，S1在赛季中段出现，S2作为终点目标。三款独立皮肤避免即时赠送提前消解全部长期目标。 | J72: S0满足购买当时的外观获得感，S1在赛季中段出现，S2作为终点目标。三款独立皮肤避免即时赠送提前消解全部长期目标。 | K72: S0满足购买当时的外观获得感，S1在赛季中段出现，S2作为终点目标。三款独立皮肤避免即时赠送提前消解全部长期目标。 | L72: S0满足购买当时的外观获得感，S1在赛季中段出现，S2作为终点目标。三款独立皮肤避免即时赠送提前消解全部长期目标。
G73: S0满足购买当时的外观获得感，S1在赛季中段出现，S2作为终点目标。三款独立皮肤避免即时赠送提前消解全部长期目标。 | H73: S0满足购买当时的外观获得感，S1在赛季中段出现，S2作为终点目标。三款独立皮肤避免即时赠送提前消解全部长期目标。 | I73: S0满足购买当时的外观获得感，S1在赛季中段出现，S2作为终点目标。三款独立皮肤避免即时赠送提前消解全部长期目标。 | J73: S0满足购买当时的外观获得感，S1在赛季中段出现，S2作为终点目标。三款独立皮肤避免即时赠送提前消解全部长期目标。 | K73: S0满足购买当时的外观获得感，S1在赛季中段出现，S2作为终点目标。三款独立皮肤避免即时赠送提前消解全部长期目标。 | L73: S0满足购买当时的外观获得感，S1在赛季中段出现，S2作为终点目标。三款独立皮肤避免即时赠送提前消解全部长期目标。
G74: 4.4.4 档位便利 | H74: 4.4.4 档位便利 | I74: 4.4.4 档位便利 | J74: 4.4.4 档位便利 | K74: 4.4.4 档位便利 | L74: 4.4.4 档位便利
G75: 高级赠送十级提供提前获得奖励的选择。它不改变任务完成条件，不缩短每场对局，也不通过经验倍率拉大长期参与差距。 | H75: 高级赠送十级提供提前获得奖励的选择。它不改变任务完成条件，不缩短每场对局，也不通过经验倍率拉大长期参与差距。 | I75: 高级赠送十级提供提前获得奖励的选择。它不改变任务完成条件，不缩短每场对局，也不通过经验倍率拉大长期参与差距。 | J75: 高级赠送十级提供提前获得奖励的选择。它不改变任务完成条件，不缩短每场对局，也不通过经验倍率拉大长期参与差距。 | K75: 高级赠送十级提供提前获得奖励的选择。它不改变任务完成条件，不缩短每场对局，也不通过经验倍率拉大长期参与差距。 | L75: 高级赠送十级提供提前获得奖励的选择。它不改变任务完成条件，不缩短每场对局，也不通过经验倍率拉大长期参与差距。
G76: 高级赠送十级提供提前获得奖励的选择。它不改变任务完成条件，不缩短每场对局，也不通过经验倍率拉大长期参与差距。 | H76: 高级赠送十级提供提前获得奖励的选择。它不改变任务完成条件，不缩短每场对局，也不通过经验倍率拉大长期参与差距。 | I76: 高级赠送十级提供提前获得奖励的选择。它不改变任务完成条件，不缩短每场对局，也不通过经验倍率拉大长期参与差距。 | J76: 高级赠送十级提供提前获得奖励的选择。它不改变任务完成条件，不缩短每场对局，也不通过经验倍率拉大长期参与差距。 | K76: 高级赠送十级提供提前获得奖励的选择。它不改变任务完成条件，不缩短每场对局，也不通过经验倍率拉大长期参与差距。 | L76: 高级赠送十级提供提前获得奖励的选择。它不改变任务完成条件，不缩短每场对局，也不通过经验倍率拉大长期参与差距。
... G82: 重点观察即时S0吸引力、两档内容理解和节点外观偏好。若标准价值不足，优先调整奖励组合；若参与负担偏高，先调任务和经验，不增加付费补救需求。 | H82: 重点观察即时S0吸引力、两档内容理解和节点外观偏好。若标准价值不足，优先调整奖励组合；若参与负担偏高，先调任务和经验，不增加付费补救需求。 | I82: 重点观察即时S0吸引力、两档内容理解和节点外观偏好。若标准价值不足，优先调整奖励组合；若参与负担偏高，先调任务和经验，不增加付费补救需求。 | J82: 重点观察即时S0吸引力、两档内容理解和节点外观偏好。若标准价值不足，优先调整奖励组合；若参与负担偏高，先调任务和经验，不增加付费补救需求。 | K82: 重点观察即时S0吸引力、两档内容理解和节点外观偏好。若标准价值不足，优先调整奖励组合；若参与负担偏高，先调任务和经验，不增加付费补救需求。 | L82: 重点观察即时S0吸引力、两档内容理解和节点外观偏好。若标准价值不足，优先调整奖励组合；若参与负担偏高，先调任务和经验，不增加付费补救需求。

Sheet 5 界面与交互
B1: 5. 界面与交互 | C1: 5. 界面与交互 | D1: 5. 界面与交互 | E1: 5. 界面与交互 | F1: 5. 界面与交互 | G1: 5. 界面与交互 | H1: 5. 界面与交互 | I1: 5. 界面与交互 | J1: 5. 界面与交互 | K1: 5. 界面与交互 | L1: 5. 界面与交互
B2: 每个状态使用一张独立白模，说明图中信息、触发条件和操作结果。 | C2: 每个状态使用一张独立白模，说明图中信息、触发条件和操作结果。 | D2: 每个状态使用一张独立白模，说明图中信息、触发条件和操作结果。 | E2: 每个状态使用一张独立白模，说明图中信息、触发条件和操作结果。 | F2: 每个状态使用一张独立白模，说明图中信息、触发条件和操作结果。 | G2: 每个状态使用一张独立白模，说明图中信息、触发条件和操作结果。 | H2: 每个状态使用一张独立白模，说明图中信息、触发条件和操作结果。 | I2: 每个状态使用一张独立白模，说明图中信息、触发条件和操作结果。 | J2: 每个状态使用一张独立白模，说明图中信息、触发条件和操作结果。 | K2: 每个状态使用一张独立白模，说明图中信息、触发条件和操作结果。 | L2: 每个状态使用一张独立白模，说明图中信息、触发条件和操作结果。
B4: 5.1 通行证主界面 | C4: 5.1 通行证主界面 | D4: 5.1 通行证主界面 | E4: 5.1 通行证主界面 | F4: 5.1 通行证主界面 | G4: 5.1 通行证主界面 | H4: 5.1 通行证主界面 | I4: 5.1 通行证主界面 | J4: 5.1 通行证主界面 | K4: 5.1 通行证主界面 | L4: 5.1 通行证主界面
G5: 5.1.1 界面定位 | H5: 5.1.1 界面定位 | I5: 5.1.1 界面定位 | J5: 5.1.1 界面定位 | K5: 5.1.1 界面定位 | L5: 5.1.1 界面定位
G6: 主界面围绕目标、成长和收获组织信息。示例为26级、300/1000经验，尚未购买，免费25和26级奖励可领。左图对应底部领取与权益操作区。 | H6: 主界面围绕目标、成长和收获组织信息。示例为26级、300/1000经验，尚未购买，免费25和26级奖励可领。左图对应底部领取与权益操作区。 | I6: 主界面围绕目标、成长和收获组织信息。示例为26级、300/1000经验，尚未购买，免费25和26级奖励可领。左图对应底部领取与权益操作区。 | J6: 主界面围绕目标、成长和收获组织信息。示例为26级、300/1000经验，尚未购买，免费25和26级奖励可领。左图对应底部领取与权益操作区。 | K6: 主界面围绕目标、成长和收获组织信息。示例为26级、300/1000经验，尚未购买，免费25和26级奖励可领。左图对应底部领取与权益操作区。 | L6: 主界面围绕目标、成长和收获组织信息。示例为26级、300/1000经验，尚未购买，免费25和26级奖励可领。左图对应底部领取与权益操作区。
G7: 主界面围绕目标、成长和收获组织信息。示例为26级、300/1000经验，尚未购买，免费25和26级奖励可领。左图对应底部领取与权益操作区。 | H7: 主界面围绕目标、成长和收获组织信息。示例为26级、300/1000经验，尚未购买，免费25和26级奖励可领。左图对应底部领取与权益操作区。 | I7: 主界面围绕目标、成长和收获组织信息。示例为26级、300/1000经验，尚未购买，免费25和26级奖励可领。左图对应底部领取与权益操作区。 | J7: 主界面围绕目标、成长和收获组织信息。示例为26级、300/1000经验，尚未购买，免费25和26级奖励可领。左图对应底部领取与权益操作区。 | K7: 主界面围绕目标、成长和收获组织信息。示例为26级、300/1000经验，尚未购买，免费25和26级奖励可领。左图对应底部领取与权益操作区。 | L7: 主界面围绕目标、成长和收获组织信息。示例为26级、300/1000经验，尚未购买，免费25和26级奖励可领。左图对应底部领取与权益操作区。
G8: 5.1.2 顶部与预览 | H8: 5.1.2 顶部与预览 | I8: 5.1.2 顶部与预览 | J8: 5.1.2 顶部与预览 | K8: 5.1.2 顶部与预览 | L8: 5.1.2 顶部与预览
G9: 顶部提供返回大厅、奖励、任务、购买、规则和关闭。左侧为赛季核心皮肤S2预览，条件说明在图下，预览按钮位于底部。顶部标签切换页面，不改变成长进度。 | H9: 顶部提供返回大厅、奖励、任务、购买、规则和关闭。左侧为赛季核心皮肤S2预览，条件说明在图下，预览按钮位于底部。顶部标签切换页面，不改变成长进度。 | I9: 顶部提供返回大厅、奖励、任务、购买、规则和关闭。左侧为赛季核心皮肤S2预览，条件说明在图下，预览按钮位于底部。顶部标签切换页面，不改变成长进度。 | J9: 顶部提供返回大厅、奖励、任务、购买、规则和关闭。左侧为赛季核心皮肤S2预览，条件说明在图下，预览按钮位于底部。顶部标签切换页面，不改变成长进度。 | K9: 顶部提供返回大厅、奖励、任务、购买、规则和关闭。左侧为赛季核心皮肤S2预览，条件说明在图下，预览按钮位于底部。顶部标签切换页面，不改变成长进度。 | L9: 顶部提供返回大厅、奖励、任务、购买、规则和关闭。左侧为赛季核心皮肤S2预览，条件说明在图下，预览按钮位于底部。顶部标签切换页面，不改变成长进度。
G10: 顶部提供返回大厅、奖励、任务、购买、规则和关闭。左侧为赛季核心皮肤S2预览，条件说明在图下，预览按钮位于底部。顶部标签切换页面，不改变成长进度。 | H10: 顶部提供返回大厅、奖励、任务、购买、规则和关闭。左侧为赛季核心皮肤S2预览，条件说明在图下，预览按钮位于底部。顶部标签切换页面，不改变成长进度。 | I10: 顶部提供返回大厅、奖励、任务、购买、规则和关闭。左侧为赛季核心皮肤S2预览，条件说明在图下，预览按钮位于底部。顶部标签切换页面，不改变成长进度。 | J10: 顶部提供返回大厅、奖励、任务、购买、规则和关闭。左侧为赛季核心皮肤S2预览，条件说明在图下，预览按钮位于底部。顶部标签切换页面，不改变成长进度。 | K10: 顶部提供返回大厅、奖励、任务、购买、规则和关闭。左侧为赛季核心皮肤S2预览，条件说明在图下，预览按钮位于底部。顶部标签切换页面，不改变成长进度。 | L10: 顶部提供返回大厅、奖励、任务、购买、规则和关闭。左侧为赛季核心皮肤S2预览，条件说明在图下，预览按钮位于底部。顶部标签切换页面，不改变成长进度。
G11: 5.1.3 成长信息 | H11: 5.1.3 成长信息 | I11: 5.1.3 成长信息 | J11: 5.1.3 成长信息 | K11: 5.1.3 成长信息 | L11: 5.1.3 成长信息
G12: 右侧上方左显示等级，中部显示经验条和下一关键奖励，右侧可查看任务。经验条与数字同步，满级时显示已满级及累计经验。 | H12: 右侧上方左显示等级，中部显示经验条和下一关键奖励，右侧可查看任务。经验条与数字同步，满级时显示已满级及累计经验。 | I12: 右侧上方左显示等级，中部显示经验条和下一关键奖励，右侧可查看任务。经验条与数字同步，满级时显示已满级及累计经验。 | J12: 右侧上方左显示等级，中部显示经验条和下一关键奖励，右侧可查看任务。经验条与数字同步，满级时显示已满级及累计经验。 | K12: 右侧上方左显示等级，中部显示经验条和下一关键奖励，右侧可查看任务。经验条与数字同步，满级时显示已满级及累计经验。 | L12: 右侧上方左显示等级，中部显示经验条和下一关键奖励，右侧可查看任务。经验条与数字同步，满级时显示已满级及累计经验。
G13: 右侧上方左显示等级，中部显示经验条和下一关键奖励，右侧可查看任务。经验条与数字同步，满级时显示已满级及累计经验。 | H13: 右侧上方左显示等级，中部显示经验条和下一关键奖励，右侧可查看任务。经验条与数字同步，满级时显示已满级及累计经验。 | I13: 右侧上方左显示等级，中部显示经验条和下一关键奖励，右侧可查看任务。经验条与数字同步，满级时显示已满级及累计经验。 | J13: 右侧上方左显示等级，中部显示经验条和下一关键奖励，右侧可查看任务。经验条与数字同步，满级时显示已满级及累计经验。 | K13: 右侧上方左显示等级，中部显示经验条和下一关键奖励，右侧可查看任务。经验条与数字同步，满级时显示已满级及累计经验。 | L13: 右侧上方左显示等级，中部显示经验条和下一关键奖励，右侧可查看任务。经验条与数字同步，满级时显示已满级及累计经验。
G14: 5.1.4 双轨浏览 | H14: 5.1.4 双轨浏览 | I14: 5.1.4 双轨浏览 | J14: 5.1.4 双轨浏览 | K14: 5.1.4 双轨浏览 | L14: 5.1.4 双轨浏览
G15: 免费在上、付费在下，同级对齐。默认看到当前等级附近，左右箭头或横向拖动同步移动两条轨道。卡片显示等级、图标、名称、数量和状态。 | H15: 免费在上、付费在下，同级对齐。默认看到当前等级附近，左右箭头或横向拖动同步移动两条轨道。卡片显示等级、图标、名称、数量和状态。 | I15: 免费在上、付费在下，同级对齐。默认看到当前等级附近，左右箭头或横向拖动同步移动两条轨道。卡片显示等级、图标、名称、数量和状态。 | J15: 免费在上、付费在下，同级对齐。默认看到当前等级附近，左右箭头或横向拖动同步移动两条轨道。卡片显示等级、图标、名称、数量和状态。 | K15: 免费在上、付费在下，同级对齐。默认看到当前等级附近，左右箭头或横向拖动同步移动两条轨道。卡片显示等级、图标、名称、数量和状态。 | L15: 免费在上、付费在下，同级对齐。默认看到当前等级附近，左右箭头或横向拖动同步移动两条轨道。卡片显示等级、图标、名称、数量和状态。
G16: 免费在上、付费在下，同级对齐。默认看到当前等级附近，左右箭头或横向拖动同步移动两条轨道。卡片显示等级、图标、名称、数量和状态。 | H16: 免费在上、付费在下，同级对齐。默认看到当前等级附近，左右箭头或横向拖动同步移动两条轨道。卡片显示等级、图标、名称、数量和状态。 | I16: 免费在上、付费在下，同级对齐。默认看到当前等级附近，左右箭头或横向拖动同步移动两条轨道。卡片显示等级、图标、名称、数量和状态。 | J16: 免费在上、付费在下，同级对齐。默认看到当前等级附近，左右箭头或横向拖动同步移动两条轨道。卡片显示等级、图标、名称、数量和状态。 | K16: 免费在上、付费在下，同级对齐。默认看到当前等级附近，左右箭头或横向拖动同步移动两条轨道。卡片显示等级、图标、名称、数量和状态。 | L16: 免费在上、付费在下，同级对齐。默认看到当前等级附近，左右箭头或横向拖动同步移动两条轨道。卡片显示等级、图标、名称、数量和状态。
... G22: 底部左侧说明购买即时所得，右侧并排提供权益入口与一键领取。权益入口按状态显示解锁付费、升级高级或已拥有高级；一键数字表示可领节点数。 | H22: 底部左侧说明购买即时所得，右侧并排提供权益入口与一键领取。权益入口按状态显示解锁付费、升级高级或已拥有高级；一键数字表示可领节点数。 | I22: 底部左侧说明购买即时所得，右侧并排提供权益入口与一键领取。权益入口按状态显示解锁付费、升级高级或已拥有高级；一键数字表示可领节点数。 | J22: 底部左侧说明购买即时所得，右侧并排提供权益入口与一键领取。权益入口按状态显示解锁付费、升级高级或已拥有高级；一键数字表示可领节点数。 | K22: 底部左侧说明购买即时所得，右侧并排提供权益入口与一键领取。权益入口按状态显示解锁付费、升级高级或已拥有高级；一键数字表示可领节点数。 | L22: 底部左侧说明购买即时所得，右侧并排提供权益入口与一键领取。权益入口按状态显示解锁付费、升级高级或已拥有高级；一键数字表示可领节点数。
B24: 5.2 任务界面 | C24: 5.2 任务界面 | D24: 5.2 任务界面 | E24: 5.2 任务界面 | F24: 5.2 任务界面 | G24: 5.2 任务界面 | H24: 5.2 任务界面 | I24: 5.2 任务界面 | J24: 5.2 任务界面 | K24: 5.2 任务界面 | L24: 5.2 任务界面
G25: 5.2.1 页面阅读 | H25: 5.2.1 页面阅读 | I25: 5.2.1 页面阅读 | J25: 5.2.1 页面阅读 | K25: 5.2.1 页面阅读 | L25: 5.2.1 页面阅读
G26: 左图为第5周五项任务白模：基础参与、玩法体验、机制应用、操作拓展、赛季主题。用抽象条件说明内容，具体任务文案根据游戏内容确定；默认当前周，查看历史不改变统计范围。 | H26: 左图为第5周五项任务白模：基础参与、玩法体验、机制应用、操作拓展、赛季主题。用抽象条件说明内容，具体任务文案根据游戏内容确定；默认当前周，查看历史不改变统计范围。 | I26: 左图为第5周五项任务白模：基础参与、玩法体验、机制应用、操作拓展、赛季主题。用抽象条件说明内容，具体任务文案根据游戏内容确定；默认当前周，查看历史不改变统计范围。 | J26: 左图为第5周五项任务白模：基础参与、玩法体验、机制应用、操作拓展、赛季主题。用抽象条件说明内容，具体任务文案根据游戏内容确定；默认当前周，查看历史不改变统计范围。 | K26: 左图为第5周五项任务白模：基础参与、玩法体验、机制应用、操作拓展、赛季主题。用抽象条件说明内容，具体任务文案根据游戏内容确定；默认当前周，查看历史不改变统计范围。 | L26: 左图为第5周五项任务白模：基础参与、玩法体验、机制应用、操作拓展、赛季主题。用抽象条件说明内容，具体任务文案根据游戏内容确定；默认当前周，查看历史不改变统计范围。
G27: 左图为第5周五项任务白模：基础参与、玩法体验、机制应用、操作拓展、赛季主题。用抽象条件说明内容，具体任务文案根据游戏内容确定；默认当前周，查看历史不改变统计范围。 | H27: 左图为第5周五项任务白模：基础参与、玩法体验、机制应用、操作拓展、赛季主题。用抽象条件说明内容，具体任务文案根据游戏内容确定；默认当前周，查看历史不改变统计范围。 | I27: 左图为第5周五项任务白模：基础参与、玩法体验、机制应用、操作拓展、赛季主题。用抽象条件说明内容，具体任务文案根据游戏内容确定；默认当前周，查看历史不改变统计范围。 | J27: 左图为第5周五项任务白模：基础参与、玩法体验、机制应用、操作拓展、赛季主题。用抽象条件说明内容，具体任务文案根据游戏内容确定；默认当前周，查看历史不改变统计范围。 | K27: 左图为第5周五项任务白模：基础参与、玩法体验、机制应用、操作拓展、赛季主题。用抽象条件说明内容，具体任务文案根据游戏内容确定；默认当前周，查看历史不改变统计范围。 | L27: 左图为第5周五项任务白模：基础参与、玩法体验、机制应用、操作拓展、赛季主题。用抽象条件说明内容，具体任务文案根据游戏内容确定；默认当前周，查看历史不改变统计范围。
G28: 5.2.2 周次菜单 | H28: 5.2.2 周次菜单 | I28: 5.2.2 周次菜单 | J28: 5.2.2 周次菜单 | K28: 5.2.2 周次菜单 | L28: 5.2.2 周次菜单
G29: 菜单位于概要右侧。已开放周显示周次并可查看进度，旧任务保留至季末；未来周显示“尚未开放”与开放时间。概要提示条件重合时当前周优先，避免误以为查看旧周就切换计数。 | H29: 菜单位于概要右侧。已开放周显示周次并可查看进度，旧任务保留至季末；未来周显示“尚未开放”与开放时间。概要提示条件重合时当前周优先，避免误以为查看旧周就切换计数。 | I29: 菜单位于概要右侧。已开放周显示周次并可查看进度，旧任务保留至季末；未来周显示“尚未开放”与开放时间。概要提示条件重合时当前周优先，避免误以为查看旧周就切换计数。 | J29: 菜单位于概要右侧。已开放周显示周次并可查看进度，旧任务保留至季末；未来周显示“尚未开放”与开放时间。概要提示条件重合时当前周优先，避免误以为查看旧周就切换计数。 | K29: 菜单位于概要右侧。已开放周显示周次并可查看进度，旧任务保留至季末；未来周显示“尚未开放”与开放时间。概要提示条件重合时当前周优先，避免误以为查看旧周就切换计数。 | L29: 菜单位于概要右侧。已开放周显示周次并可查看进度，旧任务保留至季末；未来周显示“尚未开放”与开放时间。概要提示条件重合时当前周优先，避免误以为查看旧周就切换计数。
G30: 菜单位于概要右侧。已开放周显示周次并可查看进度，旧任务保留至季末；未来周显示“尚未开放”与开放时间。概要提示条件重合时当前周优先，避免误以为查看旧周就切换计数。 | H30: 菜单位于概要右侧。已开放周显示周次并可查看进度，旧任务保留至季末；未来周显示“尚未开放”与开放时间。概要提示条件重合时当前周优先，避免误以为查看旧周就切换计数。 | I30: 菜单位于概要右侧。已开放周显示周次并可查看进度，旧任务保留至季末；未来周显示“尚未开放”与开放时间。概要提示条件重合时当前周优先，避免误以为查看旧周就切换计数。 | J30: 菜单位于概要右侧。已开放周显示周次并可查看进度，旧任务保留至季末；未来周显示“尚未开放”与开放时间。概要提示条件重合时当前周优先，避免误以为查看旧周就切换计数。 | K30: 菜单位于概要右侧。已开放周显示周次并可查看进度，旧任务保留至季末；未来周显示“尚未开放”与开放时间。概要提示条件重合时当前周优先，避免误以为查看旧周就切换计数。 | L30: 菜单位于概要右侧。已开放周显示周次并可查看进度，旧任务保留至季末；未来周显示“尚未开放”与开放时间。概要提示条件重合时当前周优先，避免误以为查看旧周就切换计数。
G31: 5.2.3 卡片内容 | H31: 5.2.3 卡片内容 | I31: 5.2.3 卡片内容 | J31: 5.2.3 卡片内容 | K31: 5.2.3 卡片内容 | L31: 5.2.3 卡片内容
G32: 左侧方框与名称同一行，下行写有效结算或行为条件，再下行写已完成/目标局数，底部为进度条。右侧上方为经验，下方为前往玩法或到账状态；每项1200经验。 | H32: 左侧方框与名称同一行，下行写有效结算或行为条件，再下行写已完成/目标局数，底部为进度条。右侧上方为经验，下方为前往玩法或到账状态；每项1200经验。 | I32: 左侧方框与名称同一行，下行写有效结算或行为条件，再下行写已完成/目标局数，底部为进度条。右侧上方为经验，下方为前往玩法或到账状态；每项1200经验。 | J32: 左侧方框与名称同一行，下行写有效结算或行为条件，再下行写已完成/目标局数，底部为进度条。右侧上方为经验，下方为前往玩法或到账状态；每项1200经验。 | K32: 左侧方框与名称同一行，下行写有效结算或行为条件，再下行写已完成/目标局数，底部为进度条。右侧上方为经验，下方为前往玩法或到账状态；每项1200经验。 | L32: 左侧方框与名称同一行，下行写有效结算或行为条件，再下行写已完成/目标局数，底部为进度条。右侧上方为经验，下方为前往玩法或到账状态；每项1200经验。
G33: 左侧方框与名称同一行，下行写有效结算或行为条件，再下行写已完成/目标局数，底部为进度条。右侧上方为经验，下方为前往玩法或到账状态；每项1200经验。 | H33: 左侧方框与名称同一行，下行写有效结算或行为条件，再下行写已完成/目标局数，底部为进度条。右侧上方为经验，下方为前往玩法或到账状态；每项1200经验。 | I33: 左侧方框与名称同一行，下行写有效结算或行为条件，再下行写已完成/目标局数，底部为进度条。右侧上方为经验，下方为前往玩法或到账状态；每项1200经验。 | J33: 左侧方框与名称同一行，下行写有效结算或行为条件，再下行写已完成/目标局数，底部为进度条。右侧上方为经验，下方为前往玩法或到账状态；每项1200经验。 | K33: 左侧方框与名称同一行，下行写有效结算或行为条件，再下行写已完成/目标局数，底部为进度条。右侧上方为经验，下方为前往玩法或到账状态；每项1200经验。 | L33: 左侧方框与名称同一行，下行写有效结算或行为条件，再下行写已完成/目标局数，底部为进度条。右侧上方为经验，下方为前往玩法或到账状态；每项1200经验。
G34: 5.2.4 图中进度 | H34: 5.2.4 图中进度 | I34: 5.2.4 图中进度 | J34: 5.2.4 图中进度 | K34: 5.2.4 图中进度 | L34: 5.2.4 图中进度
G35: 五项依次为2/4、1/2、1/2、0/2、0/2，展示已完成两场基础参与，其中一场同时满足情境A与机制条件。进度条分别为一半、一半、一半、空、空；不是同一场推进全部五项。 | H35: 五项依次为2/4、1/2、1/2、0/2、0/2，展示已完成两场基础参与，其中一场同时满足情境A与机制条件。进度条分别为一半、一半、一半、空、空；不是同一场推进全部五项。 | I35: 五项依次为2/4、1/2、1/2、0/2、0/2，展示已完成两场基础参与，其中一场同时满足情境A与机制条件。进度条分别为一半、一半、一半、空、空；不是同一场推进全部五项。 | J35: 五项依次为2/4、1/2、1/2、0/2、0/2，展示已完成两场基础参与，其中一场同时满足情境A与机制条件。进度条分别为一半、一半、一半、空、空；不是同一场推进全部五项。 | K35: 五项依次为2/4、1/2、1/2、0/2、0/2，展示已完成两场基础参与，其中一场同时满足情境A与机制条件。进度条分别为一半、一半、一半、空、空；不是同一场推进全部五项。 | L35: 五项依次为2/4、1/2、1/2、0/2、0/2，展示已完成两场基础参与，其中一场同时满足情境A与机制条件。进度条分别为一半、一半、一半、空、空；不是同一场推进全部五项。
G36: 五项依次为2/4、1/2、1/2、0/2、0/2，展示已完成两场基础参与，其中一场同时满足情境A与机制条件。进度条分别为一半、一半、一半、空、空；不是同一场推进全部五项。 | H36: 五项依次为2/4、1/2、1/2、0/2、0/2，展示已完成两场基础参与，其中一场同时满足情境A与机制条件。进度条分别为一半、一半、一半、空、空；不是同一场推进全部五项。 | I36: 五项依次为2/4、1/2、1/2、0/2、0/2，展示已完成两场基础参与，其中一场同时满足情境A与机制条件。进度条分别为一半、一半、一半、空、空；不是同一场推进全部五项。 | J36: 五项依次为2/4、1/2、1/2、0/2、0/2，展示已完成两场基础参与，其中一场同时满足情境A与机制条件。进度条分别为一半、一半、一半、空、空；不是同一场推进全部五项。 | K36: 五项依次为2/4、1/2、1/2、0/2、0/2，展示已完成两场基础参与，其中一场同时满足情境A与机制条件。进度条分别为一半、一半、一半、空、空；不是同一场推进全部五项。 | L36: 五项依次为2/4、1/2、1/2、0/2、0/2，展示已完成两场基础参与，其中一场同时满足情境A与机制条件。进度条分别为一半、一半、一半、空、空；不是同一场推进全部五项。
... G42: 五项按设计顺序排列，完成后不跳位。重新进入更新已确认进度；加载失败保留上次内容并给重试入口，不显示任务清零。五张卡需要向下滚动时按正常页面滚动。 | H42: 五项按设计顺序排列，完成后不跳位。重新进入更新已确认进度；加载失败保留上次内容并给重试入口，不显示任务清零。五张卡需要向下滚动时按正常页面滚动。 | I42: 五项按设计顺序排列，完成后不跳位。重新进入更新已确认进度；加载失败保留上次内容并给重试入口，不显示任务清零。五张卡需要向下滚动时按正常页面滚动。 | J42: 五项按设计顺序排列，完成后不跳位。重新进入更新已确认进度；加载失败保留上次内容并给重试入口，不显示任务清零。五张卡需要向下滚动时按正常页面滚动。 | K42: 五项按设计顺序排列，完成后不跳位。重新进入更新已确认进度；加载失败保留上次内容并给重试入口，不显示任务清零。五张卡需要向下滚动时按正常页面滚动。 | L42: 五项按设计顺序排列，完成后不跳位。重新进入更新已确认进度；加载失败保留上次内容并给重试入口，不显示任务清零。五张卡需要向下滚动时按正常页面滚动。
B44: 5.3 购买界面 | C44: 5.3 购买界面 | D44: 5.3 购买界面 | E44: 5.3 购买界面 | F44: 5.3 购买界面 | G44: 5.3 购买界面 | H44: 5.3 购买界面 | I44: 5.3 购买界面 | J44: 5.3 购买界面 | K44: 5.3 购买界面 | L44: 5.3 购买界面
G45: 5.3.1 界面定位 | H45: 5.3.1 界面定位 | I45: 5.3.1 界面定位 | J45: 5.3.1 界面定位 | K45: 5.3.1 界面定位 | L45: 5.3.1 界面定位
G46: 购买页先比较两档内容，再进入确认。左图是标准档单一确认界面，重点区分即得皮肤、当前可补领项和未来等级门槛。 | H46: 购买页先比较两档内容，再进入确认。左图是标准档单一确认界面，重点区分即得皮肤、当前可补领项和未来等级门槛。 | I46: 购买页先比较两档内容，再进入确认。左图是标准档单一确认界面，重点区分即得皮肤、当前可补领项和未来等级门槛。 | J46: 购买页先比较两档内容，再进入确认。左图是标准档单一确认界面，重点区分即得皮肤、当前可补领项和未来等级门槛。 | K46: 购买页先比较两档内容，再进入确认。左图是标准档单一确认界面，重点区分即得皮肤、当前可补领项和未来等级门槛。 | L46: 购买页先比较两档内容，再进入确认。左图是标准档单一确认界面，重点区分即得皮肤、当前可补领项和未来等级门槛。
G47: 购买页先比较两档内容，再进入确认。左图是标准档单一确认界面，重点区分即得皮肤、当前可补领项和未来等级门槛。 | H47: 购买页先比较两档内容，再进入确认。左图是标准档单一确认界面，重点区分即得皮肤、当前可补领项和未来等级门槛。 | I47: 购买页先比较两档内容，再进入确认。左图是标准档单一确认界面，重点区分即得皮肤、当前可补领项和未来等级门槛。 | J47: 购买页先比较两档内容，再进入确认。左图是标准档单一确认界面，重点区分即得皮肤、当前可补领项和未来等级门槛。 | K47: 购买页先比较两档内容，再进入确认。左图是标准档单一确认界面，重点区分即得皮肤、当前可补领项和未来等级门槛。 | L47: 购买页先比较两档内容，再进入确认。左图是标准档单一确认界面，重点区分即得皮肤、当前可补领项和未来等级门槛。
G48: 5.3.2 商品卡 | H48: 5.3.2 商品卡 | I48: 5.3.2 商品卡 | J48: 5.3.2 商品卡 | K48: 5.3.2 商品卡 | L48: 5.3.2 商品卡
G49: 标准与高级并排，卡片上方展示S0和购买即得，中部列档位内容，下方列价格及按钮。已拥有标准时，高级卡显示补差60元，并说明S0不重复。 | H49: 标准与高级并排，卡片上方展示S0和购买即得，中部列档位内容，下方列价格及按钮。已拥有标准时，高级卡显示补差60元，并说明S0不重复。 | I49: 标准与高级并排，卡片上方展示S0和购买即得，中部列档位内容，下方列价格及按钮。已拥有标准时，高级卡显示补差60元，并说明S0不重复。 | J49: 标准与高级并排，卡片上方展示S0和购买即得，中部列档位内容，下方列价格及按钮。已拥有标准时，高级卡显示补差60元，并说明S0不重复。 | K49: 标准与高级并排，卡片上方展示S0和购买即得，中部列档位内容，下方列价格及按钮。已拥有标准时，高级卡显示补差60元，并说明S0不重复。 | L49: 标准与高级并排，卡片上方展示S0和购买即得，中部列档位内容，下方列价格及按钮。已拥有标准时，高级卡显示补差60元，并说明S0不重复。
G50: 标准与高级并排，卡片上方展示S0和购买即得，中部列档位内容，下方列价格及按钮。已拥有标准时，高级卡显示补差60元，并说明S0不重复。 | H50: 标准与高级并排，卡片上方展示S0和购买即得，中部列档位内容，下方列价格及按钮。已拥有标准时，高级卡显示补差60元，并说明S0不重复。 | I50: 标准与高级并排，卡片上方展示S0和购买即得，中部列档位内容，下方列价格及按钮。已拥有标准时，高级卡显示补差60元，并说明S0不重复。 | J50: 标准与高级并排，卡片上方展示S0和购买即得，中部列档位内容，下方列价格及按钮。已拥有标准时，高级卡显示补差60元，并说明S0不重复。 | K50: 标准与高级并排，卡片上方展示S0和购买即得，中部列档位内容，下方列价格及按钮。已拥有标准时，高级卡显示补差60元，并说明S0不重复。 | L50: 标准与高级并排，卡片上方展示S0和购买即得，中部列档位内容，下方列价格及按钮。已拥有标准时，高级卡显示补差60元，并说明S0不重复。
G51: 5.3.3 确认层 | H51: 5.3.3 确认层 | I51: 5.3.3 确认层 | J51: 5.3.3 确认层 | K51: 5.3.3 确认层 | L51: 5.3.3 确认层
G52: 标题在上，内容逐行排列，价格靠近底部。返回在底部左侧，确认支付在右侧，关闭在面板右上角。点击遮罩不关闭，避免误触丢失选择。 | H52: 标题在上，内容逐行排列，价格靠近底部。返回在底部左侧，确认支付在右侧，关闭在面板右上角。点击遮罩不关闭，避免误触丢失选择。 | I52: 标题在上，内容逐行排列，价格靠近底部。返回在底部左侧，确认支付在右侧，关闭在面板右上角。点击遮罩不关闭，避免误触丢失选择。 | J52: 标题在上，内容逐行排列，价格靠近底部。返回在底部左侧，确认支付在右侧，关闭在面板右上角。点击遮罩不关闭，避免误触丢失选择。 | K52: 标题在上，内容逐行排列，价格靠近底部。返回在底部左侧，确认支付在右侧，关闭在面板右上角。点击遮罩不关闭，避免误触丢失选择。 | L52: 标题在上，内容逐行排列，价格靠近底部。返回在底部左侧，确认支付在右侧，关闭在面板右上角。点击遮罩不关闭，避免误触丢失选择。
G53: 标题在上，内容逐行排列，价格靠近底部。返回在底部左侧，确认支付在右侧，关闭在面板右上角。点击遮罩不关闭，避免误触丢失选择。 | H53: 标题在上，内容逐行排列，价格靠近底部。返回在底部左侧，确认支付在右侧，关闭在面板右上角。点击遮罩不关闭，避免误触丢失选择。 | I53: 标题在上，内容逐行排列，价格靠近底部。返回在底部左侧，确认支付在右侧，关闭在面板右上角。点击遮罩不关闭，避免误触丢失选择。 | J53: 标题在上，内容逐行排列，价格靠近底部。返回在底部左侧，确认支付在右侧，关闭在面板右上角。点击遮罩不关闭，避免误触丢失选择。 | K53: 标题在上，内容逐行排列，价格靠近底部。返回在底部左侧，确认支付在右侧，关闭在面板右上角。点击遮罩不关闭，避免误触丢失选择。 | L53: 标题在上，内容逐行排列，价格靠近底部。返回在底部左侧，确认支付在右侧，关闭在面板右上角。点击遮罩不关闭，避免误触丢失选择。
G54: 5.3.4 标准内容 | H54: 5.3.4 标准内容 | I54: 5.3.4 标准内容 | J54: 5.3.4 标准内容 | K54: 5.3.4 标准内容 | L54: 5.3.4 标准内容
G55: 26级示例列S0立即获得、付费路线开放、当前26项可补领及S1/S2等级条件。已有S0时改为明确的资源B转换结果，不保留模糊的“赠送皮肤”字样。 | H55: 26级示例列S0立即获得、付费路线开放、当前26项可补领及S1/S2等级条件。已有S0时改为明确的资源B转换结果，不保留模糊的“赠送皮肤”字样。 | I55: 26级示例列S0立即获得、付费路线开放、当前26项可补领及S1/S2等级条件。已有S0时改为明确的资源B转换结果，不保留模糊的“赠送皮肤”字样。 | J55: 26级示例列S0立即获得、付费路线开放、当前26项可补领及S1/S2等级条件。已有S0时改为明确的资源B转换结果，不保留模糊的“赠送皮肤”字样。 | K55: 26级示例列S0立即获得、付费路线开放、当前26项可补领及S1/S2等级条件。已有S0时改为明确的资源B转换结果，不保留模糊的“赠送皮肤”字样。 | L55: 26级示例列S0立即获得、付费路线开放、当前26项可补领及S1/S2等级条件。已有S0时改为明确的资源B转换结果，不保留模糊的“赠送皮肤”字样。
G56: 26级示例列S0立即获得、付费路线开放、当前26项可补领及S1/S2等级条件。已有S0时改为明确的资源B转换结果，不保留模糊的“赠送皮肤”字样。 | H56: 26级示例列S0立即获得、付费路线开放、当前26项可补领及S1/S2等级条件。已有S0时改为明确的资源B转换结果，不保留模糊的“赠送皮肤”字样。 | I56: 26级示例列S0立即获得、付费路线开放、当前26项可补领及S1/S2等级条件。已有S0时改为明确的资源B转换结果，不保留模糊的“赠送皮肤”字样。 | J56: 26级示例列S0立即获得、付费路线开放、当前26项可补领及S1/S2等级条件。已有S0时改为明确的资源B转换结果，不保留模糊的“赠送皮肤”字样。 | K56: 26级示例列S0立即获得、付费路线开放、当前26项可补领及S1/S2等级条件。已有S0时改为明确的资源B转换结果，不保留模糊的“赠送皮肤”字样。 | L56: 26级示例列S0立即获得、付费路线开放、当前26项可补领及S1/S2等级条件。已有S0时改为明确的资源B转换结果，不保留模糊的“赠送皮肤”字样。
... G62: 点击支付后按钮暂时禁用并显示确认中。成功显示即时物品及权益，前往领取返回奖励轨道；失败恢复操作并说明原因，未确认时允许查询原结果。 | H62: 点击支付后按钮暂时禁用并显示确认中。成功显示即时物品及权益，前往领取返回奖励轨道；失败恢复操作并说明原因，未确认时允许查询原结果。 | I62: 点击支付后按钮暂时禁用并显示确认中。成功显示即时物品及权益，前往领取返回奖励轨道；失败恢复操作并说明原因，未确认时允许查询原结果。 | J62: 点击支付后按钮暂时禁用并显示确认中。成功显示即时物品及权益，前往领取返回奖励轨道；失败恢复操作并说明原因，未确认时允许查询原结果。 | K62: 点击支付后按钮暂时禁用并显示确认中。成功显示即时物品及权益，前往领取返回奖励轨道；失败恢复操作并说明原因，未确认时允许查询原结果。 | L62: 点击支付后按钮暂时禁用并显示确认中。成功显示即时物品及权益，前往领取返回奖励轨道；失败恢复操作并说明原因，未确认时允许查询原结果。
B64: 5.4 任务完成状态 | C64: 5.4 任务完成状态 | D64: 5.4 任务完成状态 | E64: 5.4 任务完成状态 | F64: 5.4 任务完成状态 | G64: 5.4 任务完成状态 | H64: 5.4 任务完成状态 | I64: 5.4 任务完成状态 | J64: 5.4 任务完成状态 | K64: 5.4 任务完成状态 | L64: 5.4 任务完成状态
G65: 5.4.1 图中情景 | H65: 5.4.1 图中情景 | I65: 5.4.1 图中情景 | J65: 5.4.1 图中情景 | K65: 5.4.1 图中情景 | L65: 5.4.1 图中情景
G66: 左图五项依次为4/4、2/2、2/2、1/2、1/2。前三项已完成，后两项未完成，说明基础参与结束后，部分内容目标仍可能需要继续达标。 | H66: 左图五项依次为4/4、2/2、2/2、1/2、1/2。前三项已完成，后两项未完成，说明基础参与结束后，部分内容目标仍可能需要继续达标。 | I66: 左图五项依次为4/4、2/2、2/2、1/2、1/2。前三项已完成，后两项未完成，说明基础参与结束后，部分内容目标仍可能需要继续达标。 | J66: 左图五项依次为4/4、2/2、2/2、1/2、1/2。前三项已完成，后两项未完成，说明基础参与结束后，部分内容目标仍可能需要继续达标。 | K66: 左图五项依次为4/4、2/2、2/2、1/2、1/2。前三项已完成，后两项未完成，说明基础参与结束后，部分内容目标仍可能需要继续达标。 | L66: 左图五项依次为4/4、2/2、2/2、1/2、1/2。前三项已完成，后两项未完成，说明基础参与结束后，部分内容目标仍可能需要继续达标。
G67: 左图五项依次为4/4、2/2、2/2、1/2、1/2。前三项已完成，后两项未完成，说明基础参与结束后，部分内容目标仍可能需要继续达标。 | H67: 左图五项依次为4/4、2/2、2/2、1/2、1/2。前三项已完成，后两项未完成，说明基础参与结束后，部分内容目标仍可能需要继续达标。 | I67: 左图五项依次为4/4、2/2、2/2、1/2、1/2。前三项已完成，后两项未完成，说明基础参与结束后，部分内容目标仍可能需要继续达标。 | J67: 左图五项依次为4/4、2/2、2/2、1/2、1/2。前三项已完成，后两项未完成，说明基础参与结束后，部分内容目标仍可能需要继续达标。 | K67: 左图五项依次为4/4、2/2、2/2、1/2、1/2。前三项已完成，后两项未完成，说明基础参与结束后，部分内容目标仍可能需要继续达标。 | L67: 左图五项依次为4/4、2/2、2/2、1/2、1/2。前三项已完成，后两项未完成，说明基础参与结束后，部分内容目标仍可能需要继续达标。
G68: 5.4.2 勾的位置 | H68: 5.4.2 勾的位置 | I68: 5.4.2 勾的位置 | J68: 5.4.2 勾的位置 | K68: 5.4.2 勾的位置 | L68: 5.4.2 勾的位置
G69: 完成卡左侧原方框内显示深灰色勾，与名称同一行；未完成卡保留空框。勾表示任务经验已发放，不放在物品图标旁。左图前三项的勾给出实际完成状态。 | H69: 完成卡左侧原方框内显示深灰色勾，与名称同一行；未完成卡保留空框。勾表示任务经验已发放，不放在物品图标旁。左图前三项的勾给出实际完成状态。 | I69: 完成卡左侧原方框内显示深灰色勾，与名称同一行；未完成卡保留空框。勾表示任务经验已发放，不放在物品图标旁。左图前三项的勾给出实际完成状态。 | J69: 完成卡左侧原方框内显示深灰色勾，与名称同一行；未完成卡保留空框。勾表示任务经验已发放，不放在物品图标旁。左图前三项的勾给出实际完成状态。 | K69: 完成卡左侧原方框内显示深灰色勾，与名称同一行；未完成卡保留空框。勾表示任务经验已发放，不放在物品图标旁。左图前三项的勾给出实际完成状态。 | L69: 完成卡左侧原方框内显示深灰色勾，与名称同一行；未完成卡保留空框。勾表示任务经验已发放，不放在物品图标旁。左图前三项的勾给出实际完成状态。
G70: 完成卡左侧原方框内显示深灰色勾，与名称同一行；未完成卡保留空框。勾表示任务经验已发放，不放在物品图标旁。左图前三项的勾给出实际完成状态。 | H70: 完成卡左侧原方框内显示深灰色勾，与名称同一行；未完成卡保留空框。勾表示任务经验已发放，不放在物品图标旁。左图前三项的勾给出实际完成状态。 | I70: 完成卡左侧原方框内显示深灰色勾，与名称同一行；未完成卡保留空框。勾表示任务经验已发放，不放在物品图标旁。左图前三项的勾给出实际完成状态。 | J70: 完成卡左侧原方框内显示深灰色勾，与名称同一行；未完成卡保留空框。勾表示任务经验已发放，不放在物品图标旁。左图前三项的勾给出实际完成状态。 | K70: 完成卡左侧原方框内显示深灰色勾，与名称同一行；未完成卡保留空框。勾表示任务经验已发放，不放在物品图标旁。左图前三项的勾给出实际完成状态。 | L70: 完成卡左侧原方框内显示深灰色勾，与名称同一行；未完成卡保留空框。勾表示任务经验已发放，不放在物品图标旁。左图前三项的勾给出实际完成状态。
G71: 5.4.3 完成卡进度 | H71: 5.4.3 完成卡进度 | I71: 5.4.3 完成卡进度 | J71: 5.4.3 完成卡进度 | K71: 5.4.3 完成卡进度 | L71: 5.4.3 完成卡进度
G72: 前三项保留完整进度与满格进度条；右侧按钮变灰写“经验已到账”，奖励处仍写“＋1200经验”。完成后无手动领取入口。 | H72: 前三项保留完整进度与满格进度条；右侧按钮变灰写“经验已到账”，奖励处仍写“＋1200经验”。完成后无手动领取入口。 | I72: 前三项保留完整进度与满格进度条；右侧按钮变灰写“经验已到账”，奖励处仍写“＋1200经验”。完成后无手动领取入口。 | J72: 前三项保留完整进度与满格进度条；右侧按钮变灰写“经验已到账”，奖励处仍写“＋1200经验”。完成后无手动领取入口。 | K72: 前三项保留完整进度与满格进度条；右侧按钮变灰写“经验已到账”，奖励处仍写“＋1200经验”。完成后无手动领取入口。 | L72: 前三项保留完整进度与满格进度条；右侧按钮变灰写“经验已到账”，奖励处仍写“＋1200经验”。完成后无手动领取入口。
G73: 前三项保留完整进度与满格进度条；右侧按钮变灰写“经验已到账”，奖励处仍写“＋1200经验”。完成后无手动领取入口。 | H73: 前三项保留完整进度与满格进度条；右侧按钮变灰写“经验已到账”，奖励处仍写“＋1200经验”。完成后无手动领取入口。 | I73: 前三项保留完整进度与满格进度条；右侧按钮变灰写“经验已到账”，奖励处仍写“＋1200经验”。完成后无手动领取入口。 | J73: 前三项保留完整进度与满格进度条；右侧按钮变灰写“经验已到账”，奖励处仍写“＋1200经验”。完成后无手动领取入口。 | K73: 前三项保留完整进度与满格进度条；右侧按钮变灰写“经验已到账”，奖励处仍写“＋1200经验”。完成后无手动领取入口。 | L73: 前三项保留完整进度与满格进度条；右侧按钮变灰写“经验已到账”，奖励处仍写“＋1200经验”。完成后无手动领取入口。
G74: 5.4.4 到账反馈 | H74: 5.4.4 到账反馈 | I74: 5.4.4 到账反馈 | J74: 5.4.4 到账反馈 | K74: 5.4.4 到账反馈 | L74: 5.4.4 到账反馈
G75: 首次完成自动加经验，短提示“周任务完成，＋1200经验”。再次打开保留勾和到账状态，不重复加经验，也不增加一键领取数量。 | H75: 首次完成自动加经验，短提示“周任务完成，＋1200经验”。再次打开保留勾和到账状态，不重复加经验，也不增加一键领取数量。 | I75: 首次完成自动加经验，短提示“周任务完成，＋1200经验”。再次打开保留勾和到账状态，不重复加经验，也不增加一键领取数量。 | J75: 首次完成自动加经验，短提示“周任务完成，＋1200经验”。再次打开保留勾和到账状态，不重复加经验，也不增加一键领取数量。 | K75: 首次完成自动加经验，短提示“周任务完成，＋1200经验”。再次打开保留勾和到账状态，不重复加经验，也不增加一键领取数量。 | L75: 首次完成自动加经验，短提示“周任务完成，＋1200经验”。再次打开保留勾和到账状态，不重复加经验，也不增加一键领取数量。
G76: 首次完成自动加经验，短提示“周任务完成，＋1200经验”。再次打开保留勾和到账状态，不重复加经验，也不增加一键领取数量。 | H76: 首次完成自动加经验，短提示“周任务完成，＋1200经验”。再次打开保留勾和到账状态，不重复加经验，也不增加一键领取数量。 | I76: 首次完成自动加经验，短提示“周任务完成，＋1200经验”。再次打开保留勾和到账状态，不重复加经验，也不增加一键领取数量。 | J76: 首次完成自动加经验，短提示“周任务完成，＋1200经验”。再次打开保留勾和到账状态，不重复加经验，也不增加一键领取数量。 | K76: 首次完成自动加经验，短提示“周任务完成，＋1200经验”。再次打开保留勾和到账状态，不重复加经验，也不增加一键领取数量。 | L76: 首次完成自动加经验，短提示“周任务完成，＋1200经验”。再次打开保留勾和到账状态，不重复加经验，也不增加一键领取数量。
... G82: 新周开放后该组完成状态与进度保留。未完成项根据同类跨周优先规则继续补做，具体对象由游戏内容决定；补做页面见5.5。 | H82: 新周开放后该组完成状态与进度保留。未完成项根据同类跨周优先规则继续补做，具体对象由游戏内容决定；补做页面见5.5。 | I82: 新周开放后该组完成状态与进度保留。未完成项根据同类跨周优先规则继续补做，具体对象由游戏内容决定；补做页面见5.5。 | J82: 新周开放后该组完成状态与进度保留。未完成项根据同类跨周优先规则继续补做，具体对象由游戏内容决定；补做页面见5.5。 | K82: 新周开放后该组完成状态与进度保留。未完成项根据同类跨周优先规则继续补做，具体对象由游戏内容决定；补做页面见5.5。 | L82: 新周开放后该组完成状态与进度保留。未完成项根据同类跨周优先规则继续补做，具体对象由游戏内容决定；补做页面见5.5。
B84: 5.5 历史任务补做 | C84: 5.5 历史任务补做 | D84: 5.5 历史任务补做 | E84: 5.5 历史任务补做 | F84: 5.5 历史任务补做 | G84: 5.5 历史任务补做 | H84: 5.5 历史任务补做 | I84: 5.5 历史任务补做 | J84: 5.5 历史任务补做 | K84: 5.5 历史任务补做 | L84: 5.5 历史任务补做
G85: 5.5.1 图中情景 | H85: 5.5.1 图中情景 | I85: 5.5.1 图中情景 | J85: 5.5.1 图中情景 | K85: 5.5.1 图中情景 | L85: 5.5.1 图中情景
G86: 左图查看第1周历史任务：五项依次2/4、2/2、1/2、1/2、0/2。概要显示“保留进度·重合时当前周优先”，第2项已到账，其余继续保留。 | H86: 左图查看第1周历史任务：五项依次2/4、2/2、1/2、1/2、0/2。概要显示“保留进度·重合时当前周优先”，第2项已到账，其余继续保留。 | I86: 左图查看第1周历史任务：五项依次2/4、2/2、1/2、1/2、0/2。概要显示“保留进度·重合时当前周优先”，第2项已到账，其余继续保留。 | J86: 左图查看第1周历史任务：五项依次2/4、2/2、1/2、1/2、0/2。概要显示“保留进度·重合时当前周优先”，第2项已到账，其余继续保留。 | K86: 左图查看第1周历史任务：五项依次2/4、2/2、1/2、1/2、0/2。概要显示“保留进度·重合时当前周优先”，第2项已到账，其余继续保留。 | L86: 左图查看第1周历史任务：五项依次2/4、2/2、1/2、1/2、0/2。概要显示“保留进度·重合时当前周优先”，第2项已到账，其余继续保留。
G87: 左图查看第1周历史任务：五项依次2/4、2/2、1/2、1/2、0/2。概要显示“保留进度·重合时当前周优先”，第2项已到账，其余继续保留。 | H87: 左图查看第1周历史任务：五项依次2/4、2/2、1/2、1/2、0/2。概要显示“保留进度·重合时当前周优先”，第2项已到账，其余继续保留。 | I87: 左图查看第1周历史任务：五项依次2/4、2/2、1/2、1/2、0/2。概要显示“保留进度·重合时当前周优先”，第2项已到账，其余继续保留。 | J87: 左图查看第1周历史任务：五项依次2/4、2/2、1/2、1/2、0/2。概要显示“保留进度·重合时当前周优先”，第2项已到账，其余继续保留。 | K87: 左图查看第1周历史任务：五项依次2/4、2/2、1/2、1/2、0/2。概要显示“保留进度·重合时当前周优先”，第2项已到账，其余继续保留。 | L87: 左图查看第1周历史任务：五项依次2/4、2/2、1/2、1/2、0/2。概要显示“保留进度·重合时当前周优先”，第2项已到账，其余继续保留。
G88: 5.5.2 未完成项 | H88: 5.5.2 未完成项 | I88: 5.5.2 未完成项 | J88: 5.5.2 未完成项 | K88: 5.5.2 未完成项 | L88: 5.5.2 未完成项
G89: 原进度、空框与前往入口保留。第3、4项还需各1场，第5项需2场；实际内容根据游戏确定。行为只满足旧目标时直接推进旧项，条件重合时遵循当前周优先规则。 | H89: 原进度、空框与前往入口保留。第3、4项还需各1场，第5项需2场；实际内容根据游戏确定。行为只满足旧目标时直接推进旧项，条件重合时遵循当前周优先规则。 | I89: 原进度、空框与前往入口保留。第3、4项还需各1场，第5项需2场；实际内容根据游戏确定。行为只满足旧目标时直接推进旧项，条件重合时遵循当前周优先规则。 | J89: 原进度、空框与前往入口保留。第3、4项还需各1场，第5项需2场；实际内容根据游戏确定。行为只满足旧目标时直接推进旧项，条件重合时遵循当前周优先规则。 | K89: 原进度、空框与前往入口保留。第3、4项还需各1场，第5项需2场；实际内容根据游戏确定。行为只满足旧目标时直接推进旧项，条件重合时遵循当前周优先规则。 | L89: 原进度、空框与前往入口保留。第3、4项还需各1场，第5项需2场；实际内容根据游戏确定。行为只满足旧目标时直接推进旧项，条件重合时遵循当前周优先规则。
G90: 原进度、空框与前往入口保留。第3、4项还需各1场，第5项需2场；实际内容根据游戏确定。行为只满足旧目标时直接推进旧项，条件重合时遵循当前周优先规则。 | H90: 原进度、空框与前往入口保留。第3、4项还需各1场，第5项需2场；实际内容根据游戏确定。行为只满足旧目标时直接推进旧项，条件重合时遵循当前周优先规则。 | I90: 原进度、空框与前往入口保留。第3、4项还需各1场，第5项需2场；实际内容根据游戏确定。行为只满足旧目标时直接推进旧项，条件重合时遵循当前周优先规则。 | J90: 原进度、空框与前往入口保留。第3、4项还需各1场，第5项需2场；实际内容根据游戏确定。行为只满足旧目标时直接推进旧项，条件重合时遵循当前周优先规则。 | K90: 原进度、空框与前往入口保留。第3、4项还需各1场，第5项需2场；实际内容根据游戏确定。行为只满足旧目标时直接推进旧项，条件重合时遵循当前周优先规则。 | L90: 原进度、空框与前往入口保留。第3、4项还需各1场，第5项需2场；实际内容根据游戏确定。行为只满足旧目标时直接推进旧项，条件重合时遵循当前周优先规则。
G91: 5.5.3 已完成项 | H91: 5.5.3 已完成项 | I91: 5.5.3 已完成项 | J91: 5.5.3 已完成项 | K91: 5.5.3 已完成项 | L91: 5.5.3 已完成项
G92: 第2项保留勾、满进度与灰色“经验已到账”。继续满足该行为不会再次发第1周这项经验，而按规则推进其他未完成的同类项。 | H92: 第2项保留勾、满进度与灰色“经验已到账”。继续满足该行为不会再次发第1周这项经验，而按规则推进其他未完成的同类项。 | I92: 第2项保留勾、满进度与灰色“经验已到账”。继续满足该行为不会再次发第1周这项经验，而按规则推进其他未完成的同类项。 | J92: 第2项保留勾、满进度与灰色“经验已到账”。继续满足该行为不会再次发第1周这项经验，而按规则推进其他未完成的同类项。 | K92: 第2项保留勾、满进度与灰色“经验已到账”。继续满足该行为不会再次发第1周这项经验，而按规则推进其他未完成的同类项。 | L92: 第2项保留勾、满进度与灰色“经验已到账”。继续满足该行为不会再次发第1周这项经验，而按规则推进其他未完成的同类项。
G93: 第2项保留勾、满进度与灰色“经验已到账”。继续满足该行为不会再次发第1周这项经验，而按规则推进其他未完成的同类项。 | H93: 第2项保留勾、满进度与灰色“经验已到账”。继续满足该行为不会再次发第1周这项经验，而按规则推进其他未完成的同类项。 | I93: 第2项保留勾、满进度与灰色“经验已到账”。继续满足该行为不会再次发第1周这项经验，而按规则推进其他未完成的同类项。 | J93: 第2项保留勾、满进度与灰色“经验已到账”。继续满足该行为不会再次发第1周这项经验，而按规则推进其他未完成的同类项。 | K93: 第2项保留勾、满进度与灰色“经验已到账”。继续满足该行为不会再次发第1周这项经验，而按规则推进其他未完成的同类项。 | L93: 第2项保留勾、满进度与灰色“经验已到账”。继续满足该行为不会再次发第1周这项经验，而按规则推进其他未完成的同类项。
G94: 5.5.4 与本周的关系 | H94: 5.5.4 与本周的关系 | I94: 5.5.4 与本周的关系 | J94: 5.5.4 与本周的关系 | K94: 5.5.4 与本周的关系 | L94: 5.5.4 与本周的关系
G95: 查看历史不暂停当前周。行为同时满足多周同类条件时，优先当前周未完成项，再计最早历史项；同场不复制计数。不同类型可按实际条件同时推进，旧任务无需等整组本周全部做完。 | H95: 查看历史不暂停当前周。行为同时满足多周同类条件时，优先当前周未完成项，再计最早历史项；同场不复制计数。不同类型可按实际条件同时推进，旧任务无需等整组本周全部做完。 | I95: 查看历史不暂停当前周。行为同时满足多周同类条件时，优先当前周未完成项，再计最早历史项；同场不复制计数。不同类型可按实际条件同时推进，旧任务无需等整组本周全部做完。 | J95: 查看历史不暂停当前周。行为同时满足多周同类条件时，优先当前周未完成项，再计最早历史项；同场不复制计数。不同类型可按实际条件同时推进，旧任务无需等整组本周全部做完。 | K95: 查看历史不暂停当前周。行为同时满足多周同类条件时，优先当前周未完成项，再计最早历史项；同场不复制计数。不同类型可按实际条件同时推进，旧任务无需等整组本周全部做完。 | L95: 查看历史不暂停当前周。行为同时满足多周同类条件时，优先当前周未完成项，再计最早历史项；同场不复制计数。不同类型可按实际条件同时推进，旧任务无需等整组本周全部做完。
G96: 查看历史不暂停当前周。行为同时满足多周同类条件时，优先当前周未完成项，再计最早历史项；同场不复制计数。不同类型可按实际条件同时推进，旧任务无需等整组本周全部做完。 | H96: 查看历史不暂停当前周。行为同时满足多周同类条件时，优先当前周未完成项，再计最早历史项；同场不复制计数。不同类型可按实际条件同时推进，旧任务无需等整组本周全部做完。 | I96: 查看历史不暂停当前周。行为同时满足多周同类条件时，优先当前周未完成项，再计最早历史项；同场不复制计数。不同类型可按实际条件同时推进，旧任务无需等整组本周全部做完。 | J96: 查看历史不暂停当前周。行为同时满足多周同类条件时，优先当前周未完成项，再计最早历史项；同场不复制计数。不同类型可按实际条件同时推进，旧任务无需等整组本周全部做完。 | K96: 查看历史不暂停当前周。行为同时满足多周同类条件时，优先当前周未完成项，再计最早历史项；同场不复制计数。不同类型可按实际条件同时推进，旧任务无需等整组本周全部做完。 | L96: 查看历史不暂停当前周。行为同时满足多周同类条件时，优先当前周未完成项，再计最早历史项；同场不复制计数。不同类型可按实际条件同时推进，旧任务无需等整组本周全部做完。
... G99: 季末才停止计数，未完成卡变“赛季已结束”并禁用前往。已完成勾与到账结果保留，已达等级未领主路线奖励按3.4自动补发。 | H99: 季末才停止计数，未完成卡变“赛季已结束”并禁用前往。已完成勾与到账结果保留，已达等级未领主路线奖励按3.4自动补发。 | I99: 季末才停止计数，未完成卡变“赛季已结束”并禁用前往。已完成勾与到账结果保留，已达等级未领主路线奖励按3.4自动补发。 | J99: 季末才停止计数，未完成卡变“赛季已结束”并禁用前往。已完成勾与到账结果保留，已达等级未领主路线奖励按3.4自动补发。 | K99: 季末才停止计数，未完成卡变“赛季已结束”并禁用前往。已完成勾与到账结果保留，已达等级未领主路线奖励按3.4自动补发。 | L99: 季末才停止计数，未完成卡变“赛季已结束”并禁用前往。已完成勾与到账结果保留，已达等级未领主路线奖励按3.4自动补发。
B101: 5.6 新周开放提醒 | C101: 5.6 新周开放提醒 | D101: 5.6 新周开放提醒 | E101: 5.6 新周开放提醒 | F101: 5.6 新周开放提醒 | G101: 5.6 新周开放提醒 | H101: 5.6 新周开放提醒 | I101: 5.6 新周开放提醒 | J101: 5.6 新周开放提醒 | K101: 5.6 新周开放提醒 | L101: 5.6 新周开放提醒
G102: 5.6.1 图中情景 | H102: 5.6.1 图中情景 | I102: 5.6.1 图中情景 | J102: 5.6.1 图中情景 | K102: 5.6.1 图中情景 | L102: 5.6.1 图中情景
G103: 左图为第5周新组首次打开：顶部短提示“第5周任务已开放”，每周分类右上角显示“新”。五项初始进度依次0/4、0/2、0/2、0/2、0/2；旧任务原进度保留。 | H103: 左图为第5周新组首次打开：顶部短提示“第5周任务已开放”，每周分类右上角显示“新”。五项初始进度依次0/4、0/2、0/2、0/2、0/2；旧任务原进度保留。 | I103: 左图为第5周新组首次打开：顶部短提示“第5周任务已开放”，每周分类右上角显示“新”。五项初始进度依次0/4、0/2、0/2、0/2、0/2；旧任务原进度保留。 | J103: 左图为第5周新组首次打开：顶部短提示“第5周任务已开放”，每周分类右上角显示“新”。五项初始进度依次0/4、0/2、0/2、0/2、0/2；旧任务原进度保留。 | K103: 左图为第5周新组首次打开：顶部短提示“第5周任务已开放”，每周分类右上角显示“新”。五项初始进度依次0/4、0/2、0/2、0/2、0/2；旧任务原进度保留。 | L103: 左图为第5周新组首次打开：顶部短提示“第5周任务已开放”，每周分类右上角显示“新”。五项初始进度依次0/4、0/2、0/2、0/2、0/2；旧任务原进度保留。
G104: 左图为第5周新组首次打开：顶部短提示“第5周任务已开放”，每周分类右上角显示“新”。五项初始进度依次0/4、0/2、0/2、0/2、0/2；旧任务原进度保留。 | H104: 左图为第5周新组首次打开：顶部短提示“第5周任务已开放”，每周分类右上角显示“新”。五项初始进度依次0/4、0/2、0/2、0/2、0/2；旧任务原进度保留。 | I104: 左图为第5周新组首次打开：顶部短提示“第5周任务已开放”，每周分类右上角显示“新”。五项初始进度依次0/4、0/2、0/2、0/2、0/2；旧任务原进度保留。 | J104: 左图为第5周新组首次打开：顶部短提示“第5周任务已开放”，每周分类右上角显示“新”。五项初始进度依次0/4、0/2、0/2、0/2、0/2；旧任务原进度保留。 | K104: 左图为第5周新组首次打开：顶部短提示“第5周任务已开放”，每周分类右上角显示“新”。五项初始进度依次0/4、0/2、0/2、0/2、0/2；旧任务原进度保留。 | L104: 左图为第5周新组首次打开：顶部短提示“第5周任务已开放”，每周分类右上角显示“新”。五项初始进度依次0/4、0/2、0/2、0/2、0/2；旧任务原进度保留。
G105: 5.6.2 新字位置 | H105: 5.6.2 新字位置 | I105: 5.6.2 新字位置 | J105: 5.6.2 新字位置 | K105: 5.6.2 新字位置 | L105: 5.6.2 新字位置
G106: “新”放在每周分类按钮右上角，使用浅灰底、深灰文字的小方标，和按钮边缘留空。它提示新内容，使用文字标识，与奖励可领取的红点区分。 | H106: “新”放在每周分类按钮右上角，使用浅灰底、深灰文字的小方标，和按钮边缘留空。它提示新内容，使用文字标识，与奖励可领取的红点区分。 | I106: “新”放在每周分类按钮右上角，使用浅灰底、深灰文字的小方标，和按钮边缘留空。它提示新内容，使用文字标识，与奖励可领取的红点区分。 | J106: “新”放在每周分类按钮右上角，使用浅灰底、深灰文字的小方标，和按钮边缘留空。它提示新内容，使用文字标识，与奖励可领取的红点区分。 | K106: “新”放在每周分类按钮右上角，使用浅灰底、深灰文字的小方标，和按钮边缘留空。它提示新内容，使用文字标识，与奖励可领取的红点区分。 | L106: “新”放在每周分类按钮右上角，使用浅灰底、深灰文字的小方标，和按钮边缘留空。它提示新内容，使用文字标识，与奖励可领取的红点区分。
G107: “新”放在每周分类按钮右上角，使用浅灰底、深灰文字的小方标，和按钮边缘留空。它提示新内容，使用文字标识，与奖励可领取的红点区分。 | H107: “新”放在每周分类按钮右上角，使用浅灰底、深灰文字的小方标，和按钮边缘留空。它提示新内容，使用文字标识，与奖励可领取的红点区分。 | I107: “新”放在每周分类按钮右上角，使用浅灰底、深灰文字的小方标，和按钮边缘留空。它提示新内容，使用文字标识，与奖励可领取的红点区分。 | J107: “新”放在每周分类按钮右上角，使用浅灰底、深灰文字的小方标，和按钮边缘留空。它提示新内容，使用文字标识，与奖励可领取的红点区分。 | K107: “新”放在每周分类按钮右上角，使用浅灰底、深灰文字的小方标，和按钮边缘留空。它提示新内容，使用文字标识，与奖励可领取的红点区分。 | L107: “新”放在每周分类按钮右上角，使用浅灰底、深灰文字的小方标，和按钮边缘留空。它提示新内容，使用文字标识，与奖励可领取的红点区分。
G108: 5.6.3 出现条件 | H108: 5.6.3 出现条件 | I108: 5.6.3 出现条件 | J108: 5.6.3 出现条件 | K108: 5.6.3 出现条件 | L108: 5.6.3 出现条件
G109: 当前周新组开放且尚未成功查看时出现。任务页默认定位第5周，历史组不会重新显示“新”；赛季尚未开放的未来组也不提前提醒。 | H109: 当前周新组开放且尚未成功查看时出现。任务页默认定位第5周，历史组不会重新显示“新”；赛季尚未开放的未来组也不提前提醒。 | I109: 当前周新组开放且尚未成功查看时出现。任务页默认定位第5周，历史组不会重新显示“新”；赛季尚未开放的未来组也不提前提醒。 | J109: 当前周新组开放且尚未成功查看时出现。任务页默认定位第5周，历史组不会重新显示“新”；赛季尚未开放的未来组也不提前提醒。 | K109: 当前周新组开放且尚未成功查看时出现。任务页默认定位第5周，历史组不会重新显示“新”；赛季尚未开放的未来组也不提前提醒。 | L109: 当前周新组开放且尚未成功查看时出现。任务页默认定位第5周，历史组不会重新显示“新”；赛季尚未开放的未来组也不提前提醒。
G110: 当前周新组开放且尚未成功查看时出现。任务页默认定位第5周，历史组不会重新显示“新”；赛季尚未开放的未来组也不提前提醒。 | H110: 当前周新组开放且尚未成功查看时出现。任务页默认定位第5周，历史组不会重新显示“新”；赛季尚未开放的未来组也不提前提醒。 | I110: 当前周新组开放且尚未成功查看时出现。任务页默认定位第5周，历史组不会重新显示“新”；赛季尚未开放的未来组也不提前提醒。 | J110: 当前周新组开放且尚未成功查看时出现。任务页默认定位第5周，历史组不会重新显示“新”；赛季尚未开放的未来组也不提前提醒。 | K110: 当前周新组开放且尚未成功查看时出现。任务页默认定位第5周，历史组不会重新显示“新”；赛季尚未开放的未来组也不提前提醒。 | L110: 当前周新组开放且尚未成功查看时出现。任务页默认定位第5周，历史组不会重新显示“新”；赛季尚未开放的未来组也不提前提醒。
G111: 5.6.4 清除条件 | H111: 5.6.4 清除条件 | I111: 5.6.4 清除条件 | J111: 5.6.4 清除条件 | K111: 5.6.4 清除条件 | L111: 5.6.4 清除条件
G112: 当前周五张任务卡首次成功加载并可正常查看后清除“新”；顶部短提示约2秒淡出。仅点标签但加载失败时保留，切换到旧周不清除当前周标记。 | H112: 当前周五张任务卡首次成功加载并可正常查看后清除“新”；顶部短提示约2秒淡出。仅点标签但加载失败时保留，切换到旧周不清除当前周标记。 | I112: 当前周五张任务卡首次成功加载并可正常查看后清除“新”；顶部短提示约2秒淡出。仅点标签但加载失败时保留，切换到旧周不清除当前周标记。 | J112: 当前周五张任务卡首次成功加载并可正常查看后清除“新”；顶部短提示约2秒淡出。仅点标签但加载失败时保留，切换到旧周不清除当前周标记。 | K112: 当前周五张任务卡首次成功加载并可正常查看后清除“新”；顶部短提示约2秒淡出。仅点标签但加载失败时保留，切换到旧周不清除当前周标记。 | L112: 当前周五张任务卡首次成功加载并可正常查看后清除“新”；顶部短提示约2秒淡出。仅点标签但加载失败时保留，切换到旧周不清除当前周标记。
G113: 当前周五张任务卡首次成功加载并可正常查看后清除“新”；顶部短提示约2秒淡出。仅点标签但加载失败时保留，切换到旧周不清除当前周标记。 | H113: 当前周五张任务卡首次成功加载并可正常查看后清除“新”；顶部短提示约2秒淡出。仅点标签但加载失败时保留，切换到旧周不清除当前周标记。 | I113: 当前周五张任务卡首次成功加载并可正常查看后清除“新”；顶部短提示约2秒淡出。仅点标签但加载失败时保留，切换到旧周不清除当前周标记。 | J113: 当前周五张任务卡首次成功加载并可正常查看后清除“新”；顶部短提示约2秒淡出。仅点标签但加载失败时保留，切换到旧周不清除当前周标记。 | K113: 当前周五张任务卡首次成功加载并可正常查看后清除“新”；顶部短提示约2秒淡出。仅点标签但加载失败时保留，切换到旧周不清除当前周标记。 | L113: 当前周五张任务卡首次成功加载并可正常查看后清除“新”；顶部短提示约2秒淡出。仅点标签但加载失败时保留，切换到旧周不清除当前周标记。
... G116: 同一周成功查看后不再次显示“新”或开放短提示。下一周开放重新出现，完成任务只显示到账反馈，不重新触发新周提醒。 | H116: 同一周成功查看后不再次显示“新”或开放短提示。下一周开放重新出现，完成任务只显示到账反馈，不重新触发新周提醒。 | I116: 同一周成功查看后不再次显示“新”或开放短提示。下一周开放重新出现，完成任务只显示到账反馈，不重新触发新周提醒。 | J116: 同一周成功查看后不再次显示“新”或开放短提示。下一周开放重新出现，完成任务只显示到账反馈，不重新触发新周提醒。 | K116: 同一周成功查看后不再次显示“新”或开放短提示。下一周开放重新出现，完成任务只显示到账反馈，不重新触发新周提醒。 | L116: 同一周成功查看后不再次显示“新”或开放短提示。下一周开放重新出现，完成任务只显示到账反馈，不重新触发新周提醒。
B118: 5.7 奖励卡状态与红点 | C118: 5.7 奖励卡状态与红点 | D118: 5.7 奖励卡状态与红点 | E118: 5.7 奖励卡状态与红点 | F118: 5.7 奖励卡状态与红点 | G118: 5.7 奖励卡状态与红点 | H118: 5.7 奖励卡状态与红点 | I118: 5.7 奖励卡状态与红点 | J118: 5.7 奖励卡状态与红点 | K118: 5.7 奖励卡状态与红点 | L118: 5.7 奖励卡状态与红点
G119: 5.7.1 图中情景 | H119: 5.7.1 图中情景 | I119: 5.7.1 图中情景 | J119: 5.7.1 图中情景 | K119: 5.7.1 图中情景 | L119: 5.7.1 图中情景
G120: 左图同一段轨道显示免费25级已领取、26级可领取、27级未解锁，并保留未购买的付费路线，直观对比状态。 | H120: 左图同一段轨道显示免费25级已领取、26级可领取、27级未解锁，并保留未购买的付费路线，直观对比状态。 | I120: 左图同一段轨道显示免费25级已领取、26级可领取、27级未解锁，并保留未购买的付费路线，直观对比状态。 | J120: 左图同一段轨道显示免费25级已领取、26级可领取、27级未解锁，并保留未购买的付费路线，直观对比状态。 | K120: 左图同一段轨道显示免费25级已领取、26级可领取、27级未解锁，并保留未购买的付费路线，直观对比状态。 | L120: 左图同一段轨道显示免费25级已领取、26级可领取、27级未解锁，并保留未购买的付费路线，直观对比状态。
G121: 左图同一段轨道显示免费25级已领取、26级可领取、27级未解锁，并保留未购买的付费路线，直观对比状态。 | H121: 左图同一段轨道显示免费25级已领取、26级可领取、27级未解锁，并保留未购买的付费路线，直观对比状态。 | I121: 左图同一段轨道显示免费25级已领取、26级可领取、27级未解锁，并保留未购买的付费路线，直观对比状态。 | J121: 左图同一段轨道显示免费25级已领取、26级可领取、27级未解锁，并保留未购买的付费路线，直观对比状态。 | K121: 左图同一段轨道显示免费25级已领取、26级可领取、27级未解锁，并保留未购买的付费路线，直观对比状态。 | L121: 左图同一段轨道显示免费25级已领取、26级可领取、27级未解锁，并保留未购买的付费路线，直观对比状态。
G122: 5.7.2 已领取勾 | H122: 5.7.2 已领取勾 | I122: 5.7.2 已领取勾 | J122: 5.7.2 已领取勾 | K122: 5.7.2 已领取勾 | L122: 5.7.2 已领取勾
G123: 已领卡右上角显示勾，底部写“已领取”。其边框恢复普通灰色，不显示红点。打开详情可继续查看物品，但不能再次领取。 | H123: 已领卡右上角显示勾，底部写“已领取”。其边框恢复普通灰色，不显示红点。打开详情可继续查看物品，但不能再次领取。 | I123: 已领卡右上角显示勾，底部写“已领取”。其边框恢复普通灰色，不显示红点。打开详情可继续查看物品，但不能再次领取。 | J123: 已领卡右上角显示勾，底部写“已领取”。其边框恢复普通灰色，不显示红点。打开详情可继续查看物品，但不能再次领取。 | K123: 已领卡右上角显示勾，底部写“已领取”。其边框恢复普通灰色，不显示红点。打开详情可继续查看物品，但不能再次领取。 | L123: 已领卡右上角显示勾，底部写“已领取”。其边框恢复普通灰色，不显示红点。打开详情可继续查看物品，但不能再次领取。
G124: 已领卡右上角显示勾，底部写“已领取”。其边框恢复普通灰色，不显示红点。打开详情可继续查看物品，但不能再次领取。 | H124: 已领卡右上角显示勾，底部写“已领取”。其边框恢复普通灰色，不显示红点。打开详情可继续查看物品，但不能再次领取。 | I124: 已领卡右上角显示勾，底部写“已领取”。其边框恢复普通灰色，不显示红点。打开详情可继续查看物品，但不能再次领取。 | J124: 已领卡右上角显示勾，底部写“已领取”。其边框恢复普通灰色，不显示红点。打开详情可继续查看物品，但不能再次领取。 | K124: 已领卡右上角显示勾，底部写“已领取”。其边框恢复普通灰色，不显示红点。打开详情可继续查看物品，但不能再次领取。 | L124: 已领卡右上角显示勾，底部写“已领取”。其边框恢复普通灰色，不显示红点。打开详情可继续查看物品，但不能再次领取。
G125: 5.7.3 可领取红点 | H125: 5.7.3 可领取红点 | I125: 5.7.3 可领取红点 | J125: 5.7.3 可领取红点 | K125: 5.7.3 可领取红点 | L125: 5.7.3 可领取红点
G126: 图中26级卡右上角显示红点，边框加深，底部写“可领取”。达到等级、拥有必要权益、尚未领取时出现；打开详情不清除，成功领取后清除并改为勾。 | H126: 图中26级卡右上角显示红点，边框加深，底部写“可领取”。达到等级、拥有必要权益、尚未领取时出现；打开详情不清除，成功领取后清除并改为勾。 | I126: 图中26级卡右上角显示红点，边框加深，底部写“可领取”。达到等级、拥有必要权益、尚未领取时出现；打开详情不清除，成功领取后清除并改为勾。 | J126: 图中26级卡右上角显示红点，边框加深，底部写“可领取”。达到等级、拥有必要权益、尚未领取时出现；打开详情不清除，成功领取后清除并改为勾。 | K126: 图中26级卡右上角显示红点，边框加深，底部写“可领取”。达到等级、拥有必要权益、尚未领取时出现；打开详情不清除，成功领取后清除并改为勾。 | L126: 图中26级卡右上角显示红点，边框加深，底部写“可领取”。达到等级、拥有必要权益、尚未领取时出现；打开详情不清除，成功领取后清除并改为勾。
G127: 图中26级卡右上角显示红点，边框加深，底部写“可领取”。达到等级、拥有必要权益、尚未领取时出现；打开详情不清除，成功领取后清除并改为勾。 | H127: 图中26级卡右上角显示红点，边框加深，底部写“可领取”。达到等级、拥有必要权益、尚未领取时出现；打开详情不清除，成功领取后清除并改为勾。 | I127: 图中26级卡右上角显示红点，边框加深，底部写“可领取”。达到等级、拥有必要权益、尚未领取时出现；打开详情不清除，成功领取后清除并改为勾。 | J127: 图中26级卡右上角显示红点，边框加深，底部写“可领取”。达到等级、拥有必要权益、尚未领取时出现；打开详情不清除，成功领取后清除并改为勾。 | K127: 图中26级卡右上角显示红点，边框加深，底部写“可领取”。达到等级、拥有必要权益、尚未领取时出现；打开详情不清除，成功领取后清除并改为勾。 | L127: 图中26级卡右上角显示红点，边框加深，底部写“可领取”。达到等级、拥有必要权益、尚未领取时出现；打开详情不清除，成功领取后清除并改为勾。
G128: 5.7.4 等级与权益锁 | H128: 5.7.4 等级与权益锁 | I128: 5.7.4 等级与权益锁 | J128: 5.7.4 等级与权益锁 | K128: 5.7.4 等级与权益锁 | L128: 5.7.4 等级与权益锁
G129: 未达等级卡右上角显示灰锁，底部写“N级解锁”；已达等级但未购买的付费卡写“解锁付费”。两种锁定状态均不显示可领取红点。 | H129: 未达等级卡右上角显示灰锁，底部写“N级解锁”；已达等级但未购买的付费卡写“解锁付费”。两种锁定状态均不显示可领取红点。 | I129: 未达等级卡右上角显示灰锁，底部写“N级解锁”；已达等级但未购买的付费卡写“解锁付费”。两种锁定状态均不显示可领取红点。 | J129: 未达等级卡右上角显示灰锁，底部写“N级解锁”；已达等级但未购买的付费卡写“解锁付费”。两种锁定状态均不显示可领取红点。 | K129: 未达等级卡右上角显示灰锁，底部写“N级解锁”；已达等级但未购买的付费卡写“解锁付费”。两种锁定状态均不显示可领取红点。 | L129: 未达等级卡右上角显示灰锁，底部写“N级解锁”；已达等级但未购买的付费卡写“解锁付费”。两种锁定状态均不显示可领取红点。
G130: 未达等级卡右上角显示灰锁，底部写“N级解锁”；已达等级但未购买的付费卡写“解锁付费”。两种锁定状态均不显示可领取红点。 | H130: 未达等级卡右上角显示灰锁，底部写“N级解锁”；已达等级但未购买的付费卡写“解锁付费”。两种锁定状态均不显示可领取红点。 | I130: 未达等级卡右上角显示灰锁，底部写“N级解锁”；已达等级但未购买的付费卡写“解锁付费”。两种锁定状态均不显示可领取红点。 | J130: 未达等级卡右上角显示灰锁，底部写“N级解锁”；已达等级但未购买的付费卡写“解锁付费”。两种锁定状态均不显示可领取红点。 | K130: 未达等级卡右上角显示灰锁，底部写“N级解锁”；已达等级但未购买的付费卡写“解锁付费”。两种锁定状态均不显示可领取红点。 | L130: 未达等级卡右上角显示灰锁，底部写“N级解锁”；已达等级但未购买的付费卡写“解锁付费”。两种锁定状态均不显示可领取红点。
... G136: 领取失败保留可领取状态和红点，显示重试。确认中暂时禁用重复点击；到账成功后更新节点与一键领取数量，避免仅关闭窗口就清除提醒。 | H136: 领取失败保留可领取状态和红点，显示重试。确认中暂时禁用重复点击；到账成功后更新节点与一键领取数量，避免仅关闭窗口就清除提醒。 | I136: 领取失败保留可领取状态和红点，显示重试。确认中暂时禁用重复点击；到账成功后更新节点与一键领取数量，避免仅关闭窗口就清除提醒。 | J136: 领取失败保留可领取状态和红点，显示重试。确认中暂时禁用重复点击；到账成功后更新节点与一键领取数量，避免仅关闭窗口就清除提醒。 | K136: 领取失败保留可领取状态和红点，显示重试。确认中暂时禁用重复点击；到账成功后更新节点与一键领取数量，避免仅关闭窗口就清除提醒。 | L136: 领取失败保留可领取状态和红点，显示重试。确认中暂时禁用重复点击；到账成功后更新节点与一键领取数量，避免仅关闭窗口就清除提醒。
...

Sheet 附表A 数值设定
A1: 附表A. 数值设定 | B1: 附表A. 数值设定 | C1: 附表A. 数值设定 | D1: 附表A. 数值设定 | E1: 附表A. 数值设定
A2: 黄色为建议输入，蓝色为公式。对局经验不封顶，因此测算均为参与情景，不是经验供给上限。 | B2: 黄色为建议输入，蓝色为公式。对局经验不封顶，因此测算均为参与情景，不是经验供给上限。 | C2: 黄色为建议输入，蓝色为公式。对局经验不封顶，因此测算均为参与情景，不是经验供给上限。 | D2: 黄色为建议输入，蓝色为公式。对局经验不封顶，因此测算均为参与情景，不是经验供给上限。 | E2: 黄色为建议输入，蓝色为公式。对局经验不封顶，因此测算均为参与情景，不是经验供给上限。
A7: 编号 | B7: 设定项 | C7: 数值 | D7: 单位 | E7: 说明
A8: A01 | B8: 赛季周期 | C8: 56 | D8: 天 | E8: 示例为8周，按赛季开始时刻每7天解锁1组周任务
A9: A02 | B9: 等级上限 | C9: 50 | D9: 级 | E9: 初始1级；奖励节点按50级提供
A10: A03 | B10: 账号开放等级 | C10: 5 | D10: 级 | E10: 另需完成新手引导
A11: A04 | B11: 日任务刷新时刻 | C11: 5 | D11: 北京时间小时 | E11: 以北京时间05:00刷新日划分
A12: A05 | B12: 每级需求 | C12: 1000 | D12: 经验 | E12: 等额门槛，共49次升级
A13: A06 | B13: 每场结算经验 | C13: 100 | D13: 经验/场 | E13: 正常完成结算即获得，不设每日或每周上限
A14: A07 | B14: 单项每日任务经验 | C14: 200 | D14: 经验/项 | E14: 3项完成自动到账
A15: A08 | B15: 每日任务数量 | C15: 3 | D15: 项/日 | E15: 完成1场、10分钟、2场
A16: A09 | B16: 单项每周任务经验 | C16: 1200 | D16: 经验/项 | E16: 开放后全季保留，每项只发放一次
A17: A10 | B17: 每周任务数量 | C17: 5 | D17: 项/周 | E17: 五类设计原理；具体目标根据游戏内容确定
A18: A11 | B18: 单组最低达标场数 | C18: 4 | D18: 场/组 | E18: 情境A、B各2场，两个情境在同一场中互斥；单场最多推进3项
A19: A12 | B19: 满级后每补给级经验 | C19: 1000 | D19: 经验/级 | E19: 50级后继续累计，无补给等级上限
... A38: A31 | B38: 单场时长上限 | C38: 15 | D38: 分钟/场 | E38: 参与耗时的假设上限
A40: 参与画像与商品测算 | B40: 参与画像与商品测算 | C40: 参与画像与商品测算 | D40: 参与画像与商品测算 | E40: 参与画像与商品测算
A41: 赛季周数 | C41: ='附表A 数值设定'!$C$8/7 -> 8 | D41: 周 | E41: 逐周开放组数
A42: 达到50级所需经验 | C42: =('附表A 数值设定'!$C$9-1)*'附表A 数值设定'!$C$12 -> 49000 | D42: 经验 | E42: 初始1级，共49次升级
A43: 每日任务全完成经验 | C43: ='附表A 数值设定'!$C$14*'附表A 数值设定'!$C$15 -> 600 | D43: 经验/日 | E43: 只指3项任务奖励，对局经验不限场
A44: 常规每参与日经验 | C44: ='附表A 数值设定'!$C$22*'附表A 数值设定'!$C$13+C43 -> 800 | D44: 经验/日 | E44: 2场对局+全部日任务
A45: 轻度每参与日经验 | C45: ='附表A 数值设定'!$C$25*'附表A 数值设定'!$C$13+C43 -> 800 | D45: 经验/日 | E45: 2场且满足10分钟目标
A46: 晚加入每参与日经验 | C46: ='附表A 数值设定'!$C$29*'附表A 数值设定'!$C$13+C43 -> 800 | D46: 经验/日 | E46: 晚加入场数参数，不是上限
A47: 全部周任务总奖励 | C47: =C41*'附表A 数值设定'!$C$17*'附表A 数值设定'!$C$16 -> 48000 | D47: 经验 | E47: 8组共40项，每项1200
A48: 常规画像经验 | C48: =C41*'附表A 数值设定'!$C$21*C44+C41*'附表A 数值设定'!$C$23*'附表A 数值设定'!$C$16 -> 67200 | D48: 经验 | E48: 每周3天/每天2场/每周5项任务
A49: 轻度画像经验 | C49: =C41*'附表A 数值设定'!$C$24*C45+C41*'附表A 数值设定'!$C$26*'附表A 数值设定'!$C$16 -> 60800 | D49: 经验 | E49: 每周4场，A/B各2场，行为全部达标
A50: 晚加入画像经验 | C50: ='附表A 数值设定'!$C$27*'附表A 数值设定'!$C$28*C46+C57*'附表A 数值设定'!$C$16 -> 45600 | D50: 经验 | E50: 两种情境合理分配，实际完成当前与历史项
A51: 高参与情景经验 | C51: ='附表A 数值设定'!$C$8*('附表A 数值设定'!$C$30*'附表A 数值设定'!$C$13+C43)+C47 -> 104000 | D51: 经验 | E51: 每日4场+日任务+全部周任务；不是上限
A52: 常规最终等级 | C52: =MIN('附表A 数值设定'!$C$9,1+INT(C48/'附表A 数值设定'!$C$12)) -> 50 | D52: 级 | E52: 固定需求曲线
A53: 常规画像门槛余量 | C53: =C48-C42 -> 18200 | D53: 经验 | E53: 正值覆盖满级，满级后进入补给经验
A54: 常规周任务经验占比 | C54: =C41*'附表A 数值设定'!$C$23*'附表A 数值设定'!$C$16/C48 -> 0.71428571 | D54: 比例 | E54: 周任务承担阶段成长
A55: 标准升级补差 | C55: ='附表A 数值设定'!$C$32-'附表A 数值设定'!$C$31 -> 60 | D55: 元 | E55: 高级价减标准价
A56: 晚加入可完成组数 | C56: =MIN(C41,INT('附表A 数值设定'!$C$27*'附表A 数值设定'!$C$28*'附表A 数值设定'!$C$29/'附表A 数值设定'!$C$18)) -> 6 | D56: 组 | E56: 每组4场，A/B各2场均达标；这是理想情景
A57: 晚加入可完成周任务数 | C57: =C56*'附表A 数值设定'!$C$17 -> 30 | D57: 项 | E57: 包括已开放的历史组，不按剩余周数截断
A60: 参与画像等级 | B60: 参与画像等级 | C60: 参与画像等级 | D60: 参与画像等级 | E60: 参与画像等级
A62: 画像 | B62: 参与周数 | C62: 经验 | D62: 最终等级 | E62: 条件
A63: 常规 | B63: =C41 -> 8 | C63: =C48 -> 67200 | D63: =MIN('附表A 数值设定'!$C$9,1+INT(C63/'附表A 数值设定'!$C$12)) -> 50 | E63: 3天/周、2场/日，完成8组不同内容任务
A64: 轻度 | B64: =C41 -> 8 | C64: =C49 -> 60800 | D64: =MIN('附表A 数值设定'!$C$9,1+INT(C64/'附表A 数值设定'!$C$12)) -> 50 | E64: 2天/周、2场/日，完成8组不同内容任务
A65: 晚加入 | B65: ='附表A 数值设定'!$C$27 -> 4 | C65: =C50 -> 45600 | D65: =MIN('附表A 数值设定'!$C$9,1+INT(C65/'附表A 数值设定'!$C$12)) -> 46 | E65: 剩4周共24场，完成30项；实际均达标
A66: 高参与 | B66: =C41 -> 8 | C66: =C51 -> 104000 | D66: =MIN('附表A 数值设定'!$C$9,1+INT(C66/'附表A 数值设定'!$C$12)) -> 50 | E66: 每日4场+日任务+全部周任务，仅为情景
A70: 参与负担与完成余量 | B70: 参与负担与完成余量 | C70: 参与负担与完成余量 | D70: 参与负担与完成余量 | E70: 参与负担与完成余量
A72: 情景 | C72: 结果 | D72: 单位 | E72: 条件
A73: 轻度每周耗时下限 | C73: ='附表A 数值设定'!$C$24*'附表A 数值设定'!$C$25*'附表A 数值设定'!$C$37 -> 40 | D73: 分钟/周 | E73: 2天，每天2场，按每场10分钟
A74: 轻度每周耗时上限 | C74: ='附表A 数值设定'!$C$24*'附表A 数值设定'!$C$25*'附表A 数值设定'!$C$38 -> 60 | D74: 分钟/周 | E74: 同上，按每场15分钟
A75: 常规每周耗时下限 | C75: ='附表A 数值设定'!$C$21*'附表A 数值设定'!$C$22*'附表A 数值设定'!$C$37 -> 60 | D75: 分钟/周 | E75: 3天，每天2场，按每场10分钟
A76: 常规每周耗时上限 | C76: ='附表A 数值设定'!$C$21*'附表A 数值设定'!$C$22*'附表A 数值设定'!$C$38 -> 90 | D76: 分钟/周 | E76: 同上，按每场15分钟
A77: 轻度满级经验余量 | C77: =C49-C42 -> 11800 | D77: 经验 | E77: 全部周任务真实达成
A78: 漏一周且不补任务经验 | C78: =C49-'附表A 数值设定'!$C$24*C45-'附表A 数值设定'!$C$26*'附表A 数值设定'!$C$16 -> 53200 | D78: 经验 | E78: 未补该组任务，仍覆盖满级门槛
A79: 晚加入两天/周经验 | C79: ='附表A 数值设定'!$C$27*'附表A 数值设定'!$C$24*C46+MIN(C41,INT('附表A 数值设定'!$C$27*'附表A 数值设定'!$C$24*'附表A 数值设定'!$C$29/'附表A 数值设定'!$C$18))*'附表A 数值设定'!$C$17*'附表A 数值设定'!$C$16 -> 30400 | D79: 经验 | E79: 剩4周共16场，A/B合理分配，完成20项
A81: 任务目标可重合，因此耗时按对局估算，不能把五项任务时间相加。画像是假设值；对局时长与任务达成率变化时，应重新检验完成余量。 | B81: 任务目标可重合，因此耗时按对局估算，不能把五项任务时间相加。画像是假设值；对局时长与任务达成率变化时，应重新检验完成余量。 | C81: 任务目标可重合，因此耗时按对局估算，不能把五项任务时间相加。画像是假设值；对局时长与任务达成率变化时，应重新检验完成余量。 | D81: 任务目标可重合，因此耗时按对局估算，不能把五项任务时间相加。画像是假设值；对局时长与任务达成率变化时，应重新检验完成余量。 | E81: 任务目标可重合，因此耗时按对局估算，不能把五项任务时间相加。画像是假设值；对局时长与任务达成率变化时，应重新检验完成余量。
A82: 任务目标可重合，因此耗时按对局估算，不能把五项任务时间相加。画像是假设值；对局时长与任务达成率变化时，应重新检验完成余量。 | B82: 任务目标可重合，因此耗时按对局估算，不能把五项任务时间相加。画像是假设值；对局时长与任务达成率变化时，应重新检验完成余量。 | C82: 任务目标可重合，因此耗时按对局估算，不能把五项任务时间相加。画像是假设值；对局时长与任务达成率变化时，应重新检验完成余量。 | D82: 任务目标可重合，因此耗时按对局估算，不能把五项任务时间相加。画像是假设值；对局时长与任务达成率变化时，应重新检验完成余量。 | E82: 任务目标可重合，因此耗时按对局估算，不能把五项任务时间相加。画像是假设值；对局时长与任务达成率变化时，应重新检验完成余量。
A83: 任务目标可重合，因此耗时按对局估算，不能把五项任务时间相加。画像是假设值；对局时长与任务达成率变化时，应重新检验完成余量。 | B83: 任务目标可重合，因此耗时按对局估算，不能把五项任务时间相加。画像是假设值；对局时长与任务达成率变化时，应重新检验完成余量。 | C83: 任务目标可重合，因此耗时按对局估算，不能把五项任务时间相加。画像是假设值；对局时长与任务达成率变化时，应重新检验完成余量。 | D83: 任务目标可重合，因此耗时按对局估算，不能把五项任务时间相加。画像是假设值；对局时长与任务达成率变化时，应重新检验完成余量。 | E83: 任务目标可重合，因此耗时按对局估算，不能把五项任务时间相加。画像是假设值；对局时长与任务达成率变化时，应重新检验完成余量。
A87: 满级补给测算 | B87: 满级补给测算 | C87: 满级补给测算 | D87: 满级补给测算 | E87: 满级补给测算
A88: 以下情景未购买赠级。达到50级后的经验按每补给级发资源A，循环资源不计入主路线固定数量。 | B88: 以下情景未购买赠级。达到50级后的经验按每补给级发资源A，循环资源不计入主路线固定数量。 | C88: 以下情景未购买赠级。达到50级后的经验按每补给级发资源A，循环资源不计入主路线固定数量。 | D88: 以下情景未购买赠级。达到50级后的经验按每补给级发资源A，循环资源不计入主路线固定数量。 | E88: 以下情景未购买赠级。达到50级后的经验按每补给级发资源A，循环资源不计入主路线固定数量。
A90: 情景 | B90: 累计经验 | C90: 补给等级 | D90: 补给资源A | E90: 补给余量
A91: 常规 | B91: =C48 -> 67200 | C91: =INT(MAX(0,B91-C42)/'附表A 数值设定'!$C$19) -> 18 | D91: =C91*'附表A 数值设定'!$C$20 -> 900 | E91: =MOD(MAX(0,B91-C42),'附表A 数值设定'!$C$19) -> 200
A92: 轻度 | B92: =C49 -> 60800 | C92: =INT(MAX(0,B92-C42)/'附表A 数值设定'!$C$19) -> 11 | D92: =C92*'附表A 数值设定'!$C$20 -> 550 | E92: =MOD(MAX(0,B92-C42),'附表A 数值设定'!$C$19) -> 800
A93: 晚加入 | B93: =C50 -> 45600 | C93: =INT(MAX(0,B93-C42)/'附表A 数值设定'!$C$19) -> 0 | D93: =C93*'附表A 数值设定'!$C$20 -> 0 | E93: =MOD(MAX(0,B93-C42),'附表A 数值设定'!$C$19) -> 0
A94: 高参与 | B94: =C51 -> 104000 | C94: =INT(MAX(0,B94-C42)/'附表A 数值设定'!$C$19) -> 55 | D94: =C94*'附表A 数值设定'!$C$20 -> 2750 | E94: =MOD(MAX(0,B94-C42),'附表A 数值设定'!$C$19) -> 0

Sheet 附表B 等级测算
A1: 附表B. 等级测算 | B1: 附表B. 等级测算 | C1: 附表B. 等级测算 | D1: 附表B. 等级测算 | E1: 附表B. 等级测算 | F1: 附表B. 等级测算 | G1: 附表B. 等级测算
A2: 每级经验引用数值设定；每周预测仅为常规画像。购买即时S0不占等级节点。 | B2: 每级经验引用数值设定；每周预测仅为常规画像。购买即时S0不占等级节点。 | C2: 每级经验引用数值设定；每周预测仅为常规画像。购买即时S0不占等级节点。 | D2: 每级经验引用数值设定；每周预测仅为常规画像。购买即时S0不占等级节点。 | E2: 每级经验引用数值设定；每周预测仅为常规画像。购买即时S0不占等级节点。 | F2: 每级经验引用数值设定；每周预测仅为常规画像。购买即时S0不占等级节点。 | G2: 每级经验引用数值设定；每周预测仅为常规画像。购买即时S0不占等级节点。
A7: 等级 | B7: 升下一级经验 | C7: 达到本级累计经验 | D7: 免费节点 | E7: 付费节点 | F7: 节点 | G7: 说明
A8: 1 | B8: =IF(A8>='附表A 数值设定'!$C$9,'附表A 数值设定'!$C$19,'附表A 数值设定'!$C$12) -> 1000 | C8: =0 -> 0 | D8: F01 | E8: P01 | F8: 普通节点 | G8: 初始1级
A9: 2 | B9: =IF(A9>='附表A 数值设定'!$C$9,'附表A 数值设定'!$C$19,'附表A 数值设定'!$C$12) -> 1000 | C9: =C8+B8 -> 1000 | D9: F02 | E9: P02 | F9: 普通节点 | G9: 免费与付费共用等级
A10: 3 | B10: =IF(A10>='附表A 数值设定'!$C$9,'附表A 数值设定'!$C$19,'附表A 数值设定'!$C$12) -> 1000 | C10: =C9+B9 -> 2000 | D10: F03 | E10: P03 | F10: 普通节点 | G10: 免费与付费共用等级
A11: 4 | B11: =IF(A11>='附表A 数值设定'!$C$9,'附表A 数值设定'!$C$19,'附表A 数值设定'!$C$12) -> 1000 | C11: =C10+B10 -> 3000 | D11: F04 | E11: P04 | F11: 普通节点 | G11: 免费与付费共用等级
A12: 5 | B12: =IF(A12>='附表A 数值设定'!$C$9,'附表A 数值设定'!$C$19,'附表A 数值设定'!$C$12) -> 1000 | C12: =C11+B11 -> 4000 | D12: F05 | E12: P05 | F12: 阶段节点 | G12: 免费与付费共用等级
A13: 6 | B13: =IF(A13>='附表A 数值设定'!$C$9,'附表A 数值设定'!$C$19,'附表A 数值设定'!$C$12) -> 1000 | C13: =C12+B12 -> 5000 | D13: F06 | E13: P06 | F13: 普通节点 | G13: 免费与付费共用等级
A14: 7 | B14: =IF(A14>='附表A 数值设定'!$C$9,'附表A 数值设定'!$C$19,'附表A 数值设定'!$C$12) -> 1000 | C14: =C13+B13 -> 6000 | D14: F07 | E14: P07 | F14: 普通节点 | G14: 免费与付费共用等级
A15: 8 | B15: =IF(A15>='附表A 数值设定'!$C$9,'附表A 数值设定'!$C$19,'附表A 数值设定'!$C$12) -> 1000 | C15: =C14+B14 -> 7000 | D15: F08 | E15: P08 | F15: 普通节点 | G15: 免费与付费共用等级
A16: 9 | B16: =IF(A16>='附表A 数值设定'!$C$9,'附表A 数值设定'!$C$19,'附表A 数值设定'!$C$12) -> 1000 | C16: =C15+B15 -> 8000 | D16: F09 | E16: P09 | F16: 普通节点 | G16: 免费与付费共用等级
A17: 10 | B17: =IF(A17>='附表A 数值设定'!$C$9,'附表A 数值设定'!$C$19,'附表A 数值设定'!$C$12) -> 1000 | C17: =C16+B16 -> 9000 | D17: F10 | E17: P10 | F17: 阶段节点 | G17: 免费与付费共用等级
A18: 11 | B18: =IF(A18>='附表A 数值设定'!$C$9,'附表A 数值设定'!$C$19,'附表A 数值设定'!$C$12) -> 1000 | C18: =C17+B17 -> 10000 | D18: F11 | E18: P11 | F18: 普通节点 | G18: 免费与付费共用等级
A19: 12 | B19: =IF(A19>='附表A 数值设定'!$C$9,'附表A 数值设定'!$C$19,'附表A 数值设定'!$C$12) -> 1000 | C19: =C18+B18 -> 11000 | D19: F12 | E19: P12 | F19: 普通节点 | G19: 免费与付费共用等级
A20: 13 | B20: =IF(A20>='附表A 数值设定'!$C$9,'附表A 数值设定'!$C$19,'附表A 数值设定'!$C$12) -> 1000 | C20: =C19+B19 -> 12000 | D20: F13 | E20: P13 | F20: 普通节点 | G20: 免费与付费共用等级
... A57: 50 | B57: =IF(A57>='附表A 数值设定'!$C$9,'附表A 数值设定'!$C$19,'附表A 数值设定'!$C$12) -> 1000 | C57: =C56+B56 -> 49000 | D57: F50 | E57: P50 | F57: 阶段节点 | G57: 主路线终点，随后每补给级发资源A
A60: 常规画像逐周预测 | B60: 常规画像逐周预测 | C60: 常规画像逐周预测 | D60: 常规画像逐周预测 | E60: 常规画像逐周预测 | F60: 常规画像逐周预测 | G60: 常规画像逐周预测
A61: 每周3参与日，每日2场并完成3项日任务，每周完成5项周任务。按周末累计预测：第6周达到50级。 | B61: 每周3参与日，每日2场并完成3项日任务，每周完成5项周任务。按周末累计预测：第6周达到50级。 | C61: 每周3参与日，每日2场并完成3项日任务，每周完成5项周任务。按周末累计预测：第6周达到50级。 | D61: 每周3参与日，每日2场并完成3项日任务，每周完成5项周任务。按周末累计预测：第6周达到50级。 | E61: 每周3参与日，每日2场并完成3项日任务，每周完成5项周任务。按周末累计预测：第6周达到50级。 | F61: 每周3参与日，每日2场并完成3项日任务，每周完成5项周任务。按周末累计预测：第6周达到50级。 | G61: 每周3参与日，每日2场并完成3项日任务，每周完成5项周任务。按周末累计预测：第6周达到50级。
A62: 每周3参与日，每日2场并完成3项日任务，每周完成5项周任务。按周末累计预测：第6周达到50级。 | B62: 每周3参与日，每日2场并完成3项日任务，每周完成5项周任务。按周末累计预测：第6周达到50级。 | C62: 每周3参与日，每日2场并完成3项日任务，每周完成5项周任务。按周末累计预测：第6周达到50级。 | D62: 每周3参与日，每日2场并完成3项日任务，每周完成5项周任务。按周末累计预测：第6周达到50级。 | E62: 每周3参与日，每日2场并完成3项日任务，每周完成5项周任务。按周末累计预测：第6周达到50级。 | F62: 每周3参与日，每日2场并完成3项日任务，每周完成5项周任务。按周末累计预测：第6周达到50级。 | G62: 每周3参与日，每日2场并完成3项日任务，每周完成5项周任务。按周末累计预测：第6周达到50级。
A64: 周次 | B64: 对局经验 | C64: 每日任务经验 | D64: 每周任务经验 | E64: 累计经验 | F64: 预测等级 | G64: 说明
A65: 1 | B65: ='附表A 数值设定'!$C$21*'附表A 数值设定'!$C$22*'附表A 数值设定'!$C$13 -> 600 | C65: ='附表A 数值设定'!$C$21*'附表A 数值设定'!C43 -> 1800 | D65: ='附表A 数值设定'!$C$23*'附表A 数值设定'!$C$16 -> 6000 | E65: =0+SUM(B65:D65) -> 8400 | F65: =MIN('附表A 数值设定'!$C$9,1+INT(E65/'附表A 数值设定'!$C$12)) -> 9 | G65: 条件预测，不是真实行为数据
A66: 2 | B66: ='附表A 数值设定'!$C$21*'附表A 数值设定'!$C$22*'附表A 数值设定'!$C$13 -> 600 | C66: ='附表A 数值设定'!$C$21*'附表A 数值设定'!C43 -> 1800 | D66: ='附表A 数值设定'!$C$23*'附表A 数值设定'!$C$16 -> 6000 | E66: =E65+SUM(B66:D66) -> 16800 | F66: =MIN('附表A 数值设定'!$C$9,1+INT(E66/'附表A 数值设定'!$C$12)) -> 17 | G66: 条件预测，不是真实行为数据
A67: 3 | B67: ='附表A 数值设定'!$C$21*'附表A 数值设定'!$C$22*'附表A 数值设定'!$C$13 -> 600 | C67: ='附表A 数值设定'!$C$21*'附表A 数值设定'!C43 -> 1800 | D67: ='附表A 数值设定'!$C$23*'附表A 数值设定'!$C$16 -> 6000 | E67: =E66+SUM(B67:D67) -> 25200 | F67: =MIN('附表A 数值设定'!$C$9,1+INT(E67/'附表A 数值设定'!$C$12)) -> 26 | G67: 条件预测，不是真实行为数据
A68: 4 | B68: ='附表A 数值设定'!$C$21*'附表A 数值设定'!$C$22*'附表A 数值设定'!$C$13 -> 600 | C68: ='附表A 数值设定'!$C$21*'附表A 数值设定'!C43 -> 1800 | D68: ='附表A 数值设定'!$C$23*'附表A 数值设定'!$C$16 -> 6000 | E68: =E67+SUM(B68:D68) -> 33600 | F68: =MIN('附表A 数值设定'!$C$9,1+INT(E68/'附表A 数值设定'!$C$12)) -> 34 | G68: 条件预测，不是真实行为数据
A69: 5 | B69: ='附表A 数值设定'!$C$21*'附表A 数值设定'!$C$22*'附表A 数值设定'!$C$13 -> 600 | C69: ='附表A 数值设定'!$C$21*'附表A 数值设定'!C43 -> 1800 | D69: ='附表A 数值设定'!$C$23*'附表A 数值设定'!$C$16 -> 6000 | E69: =E68+SUM(B69:D69) -> 42000 | F69: =MIN('附表A 数值设定'!$C$9,1+INT(E69/'附表A 数值设定'!$C$12)) -> 43 | G69: 条件预测，不是真实行为数据
A70: 6 | B70: ='附表A 数值设定'!$C$21*'附表A 数值设定'!$C$22*'附表A 数值设定'!$C$13 -> 600 | C70: ='附表A 数值设定'!$C$21*'附表A 数值设定'!C43 -> 1800 | D70: ='附表A 数值设定'!$C$23*'附表A 数值设定'!$C$16 -> 6000 | E70: =E69+SUM(B70:D70) -> 50400 | F70: =MIN('附表A 数值设定'!$C$9,1+INT(E70/'附表A 数值设定'!$C$12)) -> 50 | G70: 条件预测，不是真实行为数据
A71: 7 | B71: ='附表A 数值设定'!$C$21*'附表A 数值设定'!$C$22*'附表A 数值设定'!$C$13 -> 600 | C71: ='附表A 数值设定'!$C$21*'附表A 数值设定'!C43 -> 1800 | D71: ='附表A 数值设定'!$C$23*'附表A 数值设定'!$C$16 -> 6000 | E71: =E70+SUM(B71:D71) -> 58800 | F71: =MIN('附表A 数值设定'!$C$9,1+INT(E71/'附表A 数值设定'!$C$12)) -> 50 | G71: 条件预测，不是真实行为数据
A72: 8 | B72: ='附表A 数值设定'!$C$21*'附表A 数值设定'!$C$22*'附表A 数值设定'!$C$13 -> 600 | C72: ='附表A 数值设定'!$C$21*'附表A 数值设定'!C43 -> 1800 | D72: ='附表A 数值设定'!$C$23*'附表A 数值设定'!$C$16 -> 6000 | E72: =E71+SUM(B72:D72) -> 67200 | F72: =MIN('附表A 数值设定'!$C$9,1+INT(E72/'附表A 数值设定'!$C$12)) -> 50 | G72: 条件预测，不是真实行为数据

Sheet 附表C 任务原则
A1: 附表C. 任务原则 | B1: 附表C. 任务原则 | C1: 附表C. 任务原则 | D1: 附表C. 任务原则 | E1: 附表C. 任务原则 | F1: 附表C. 任务原则 | G1: 附表C. 任务原则 | H1: 附表C. 任务原则 | I1: 附表C. 任务原则 | J1: 附表C. 任务原则
A2: 3项每日目标与5项周任务设计模板；每周实例内容根据游戏决定。耗时重合不相加，历史保留，同类跨周不重复计数。 | B2: 3项每日目标与5项周任务设计模板；每周实例内容根据游戏决定。耗时重合不相加，历史保留，同类跨周不重复计数。 | C2: 3项每日目标与5项周任务设计模板；每周实例内容根据游戏决定。耗时重合不相加，历史保留，同类跨周不重复计数。 | D2: 3项每日目标与5项周任务设计模板；每周实例内容根据游戏决定。耗时重合不相加，历史保留，同类跨周不重复计数。 | E2: 3项每日目标与5项周任务设计模板；每周实例内容根据游戏决定。耗时重合不相加，历史保留，同类跨周不重复计数。 | F2: 3项每日目标与5项周任务设计模板；每周实例内容根据游戏决定。耗时重合不相加，历史保留，同类跨周不重复计数。 | G2: 3项每日目标与5项周任务设计模板；每周实例内容根据游戏决定。耗时重合不相加，历史保留，同类跨周不重复计数。 | H2: 3项每日目标与5项周任务设计模板；每周实例内容根据游戏决定。耗时重合不相加，历史保留，同类跨周不重复计数。 | I2: 3项每日目标与5项周任务设计模板；每周实例内容根据游戏决定。耗时重合不相加，历史保留，同类跨周不重复计数。 | J2: 3项每日目标与5项周任务设计模板；每周实例内容根据游戏决定。耗时重合不相加，历史保留，同类跨周不重复计数。
A7: 任务编号 | B7: 分类 | C7: 周期 | D7: 统计内容 | E7: 目标值 | F7: 奖励经验 | G7: 开放时刻 | H7: 保留/刷新 | I7: 设计原理 | J7: 耗时、并行与计数
A8: D01 | B8: 每日 | C8: 每日 | D8: 正常结算场次 | E8: 1 | F8: ='附表A 数值设定'!$C$14 -> 200 | G8: 系统开放 | H8: 每日05:00重置 | I8: 完成1场正常对局 | J8: 正常结算，完成自动到账
A9: D02 | B9: 每日 | C9: 每日 | D9: 有效参与分钟 | E9: 10 | F9: ='附表A 数值设定'!$C$14 -> 200 | G9: 系统开放 | H9: 每日05:00重置 | I9: 累计参与10分钟 | J9: 有效参与时长，排除等待和挂机
A10: D03 | B10: 每日 | C10: 每日 | D10: 正常结算场次 | E10: 2 | F10: ='附表A 数值设定'!$C$14 -> 200 | G10: 系统开放 | H10: 每日05:00重置 | I10: 完成2场正常对局 | J10: 正常结算，完成自动到账
A11: W01 | B11: 每周 | C11: 每周 | D11: 基础参与结算局 | E11: 4 | F11: ='附表A 数值设定'!$C$16 -> 1200 | G11: 每7天开放新一组 | H11: 开放后保留至赛季结束 | I11: 基础参与：承接自然游玩；正常完成4场，不附加胜利、排名或高难门槛。 | J11: 整组40–60分钟；可与其余四项一起推进；单场最多1次；同类跨周只计一个未完成任务
A12: W02 | B12: 每周 | C12: 每周 | D12: 情境A体验达标局 | E12: 2 | F12: ='附表A 数值设定'!$C$16 -> 1200 | G12: 每7天开放新一组 | H12: 开放后保留至赛季结束 | I12: 玩法体验：引导体验本周情境A；具体玩法或内容范围根据游戏内容确定。 | J12: 2场约20–30分钟；与第1、3项同时推进；单场最多1次；同类跨周只计一个未完成任务
A13: W03 | B13: 每周 | C13: 每周 | D13: 情境A机制达标局 | E13: 2 | F13: ='附表A 数值设定'!$C$16 -> 1200 | G13: 每7天开放新一组 | H13: 开放后保留至赛季结束 | I13: 机制应用：在情境A中完成低难度有效行为；行为和单场门槛根据游戏内容确定，避免空操作计数。 | J13: 2场约20–30分钟；与第1、2项同时推进；单场最多1次；同类跨周只计一个未完成任务
A14: W04 | B14: 每周 | C14: 每周 | D14: 情境B操作达标局 | E14: 2 | F14: ='附表A 数值设定'!$C$16 -> 1200 | G14: 每7天开放新一组 | H14: 开放后保留至赛季结束 | I14: 操作拓展：引导进入不同于A的情境B并完成另一类有效操作；目标根据游戏内容确定。 | J14: 2场约20–30分钟；与第1、5项同时推进；单场最多1次；同类跨周只计一个未完成任务
A15: W05 | B15: 每周 | C15: 每周 | D15: 情境B主题达标局 | E15: 2 | F15: ='附表A 数值设定'!$C$16 -> 1200 | G15: 每7天开放新一组 | H15: 开放后保留至赛季结束 | I15: 赛季主题：在情境B中体验本季内容；主题目标根据游戏内容确定，优先尝试而非稀有成果。 | J15: 2场约20–30分钟；与第1、4项同时推进；单场最多1次；同类跨周只计一个未完成任务

Sheet 附表D 奖励清单
A1: 附表D. 奖励清单 | B1: 附表D. 奖励清单 | C1: 附表D. 奖励清单 | D1: 附表D. 奖励清单 | E1: 附表D. 奖励清单 | F1: 附表D. 奖励清单 | G1: 附表D. 奖励清单 | H1: 附表D. 奖励清单 | I1: 附表D. 奖励清单 | J1: 附表D. 奖励清单 | K1: 附表D. 奖励清单
A2: 100节点混排资源A/B、装饰A/B与S1/S2。S0和高级装饰属于购买即时奖励，另列下方。 | B2: 100节点混排资源A/B、装饰A/B与S1/S2。S0和高级装饰属于购买即时奖励，另列下方。 | C2: 100节点混排资源A/B、装饰A/B与S1/S2。S0和高级装饰属于购买即时奖励，另列下方。 | D2: 100节点混排资源A/B、装饰A/B与S1/S2。S0和高级装饰属于购买即时奖励，另列下方。 | E2: 100节点混排资源A/B、装饰A/B与S1/S2。S0和高级装饰属于购买即时奖励，另列下方。 | F2: 100节点混排资源A/B、装饰A/B与S1/S2。S0和高级装饰属于购买即时奖励，另列下方。 | G2: 100节点混排资源A/B、装饰A/B与S1/S2。S0和高级装饰属于购买即时奖励，另列下方。 | H2: 100节点混排资源A/B、装饰A/B与S1/S2。S0和高级装饰属于购买即时奖励，另列下方。 | I2: 100节点混排资源A/B、装饰A/B与S1/S2。S0和高级装饰属于购买即时奖励，另列下方。 | J2: 100节点混排资源A/B、装饰A/B与S1/S2。S0和高级装饰属于购买即时奖励，另列下方。 | K2: 100节点混排资源A/B、装饰A/B与S1/S2。S0和高级装饰属于购买即时奖励，另列下方。
A7: 节点编号 | B7: 等级 | C7: 路线 | D7: 奖励编号 | E7: 名称 | F7: 类型 | G7: 数量 | H7: 领取条件 | I7: 叠加规则 | J7: 重复转资源B | K7: 节点
A8: F01 | B8: 1 | C8: 免费 | D8: RA | E8: 资源A | F8: 资源A | G8: 100 | H8: 达到等级 | I8: 可叠加 | J8: 0 | K8: 普通奖励
A9: P01 | B9: 1 | C9: 付费 | D9: RB | E9: 资源B | F9: 资源B | G9: 80 | H9: 达到等级且有付费权益 | I9: 可叠加 | J9: 0 | K9: 普通奖励
A10: F02 | B10: 2 | C10: 免费 | D10: RA | E10: 资源A | F10: 资源A | G10: 100 | H10: 达到等级 | I10: 可叠加 | J10: 0 | K10: 普通奖励
A11: P02 | B11: 2 | C11: 付费 | D11: RB | E11: 资源B | F11: 资源B | G11: 80 | H11: 达到等级且有付费权益 | I11: 可叠加 | J11: 0 | K11: 普通奖励
A12: F03 | B12: 3 | C12: 免费 | D12: RB | E12: 资源B | F12: 资源B | G12: 20 | H12: 达到等级 | I12: 可叠加 | J12: 0 | K12: 普通奖励
A13: P03 | B13: 3 | C13: 付费 | D13: RB | E13: 资源B | F13: 资源B | G13: 80 | H13: 达到等级且有付费权益 | I13: 可叠加 | J13: 0 | K13: 普通奖励
A14: F04 | B14: 4 | C14: 免费 | D14: RA | E14: 资源A | F14: 资源A | G14: 100 | H14: 达到等级 | I14: 可叠加 | J14: 0 | K14: 普通奖励
A15: P04 | B15: 4 | C15: 付费 | D15: RA | E15: 资源A | F15: 资源A | G15: 300 | H15: 达到等级且有付费权益 | I15: 可叠加 | J15: 0 | K15: 普通奖励
A16: F05 | B16: 5 | C16: 免费 | D16: V01 | E16: 装饰A-01 | F16: 装饰A | G16: 1 | H16: 达到等级 | I16: 唯一 | J16: 80 | K16: 阶段奖励
A17: P05 | B17: 5 | C17: 付费 | D17: V10 | E17: 装饰A-08 | F17: 装饰A | G17: 1 | H17: 达到等级且有付费权益 | I17: 唯一 | J17: 80 | K17: 阶段奖励
A18: F06 | B18: 6 | C18: 免费 | D18: RB | E18: 资源B | F18: 资源B | G18: 20 | H18: 达到等级 | I18: 可叠加 | J18: 0 | K18: 普通奖励
A19: P06 | B19: 6 | C19: 付费 | D19: RB | E19: 资源B | F19: 资源B | G19: 80 | H19: 达到等级且有付费权益 | I19: 可叠加 | J19: 0 | K19: 普通奖励
... A107: P50 | B107: 50 | C107: 付费 | D107: V19 | E107: 皮肤S2 | F107: 皮肤 | G107: 1 | H107: 达到等级且有付费权益 | I107: 唯一 | J107: 500 | K107: 阶段奖励
A110: 奖励类型说明 | B110: 奖励类型说明 | C110: 奖励类型说明 | D110: 奖励类型说明 | E110: 奖励类型说明 | F110: 奖励类型说明 | G110: 奖励类型说明 | H110: 奖励类型说明 | I110: 奖励类型说明 | J110: 奖励类型说明 | K110: 奖励类型说明
A112: 类型 | B112: 类型 | C112: 用途 | D112: 用途 | E112: 数量口径 | F112: 数量口径 | G112: 转换/边界 | H112: 转换/边界 | I112: 转换/边界 | J112: 类型示例 | K112: 类型示例
A113: 资源A | B113: 资源A | C113: 常规可叠加经济资源 | D113: 常规可叠加经济资源 | E113: 免费100、付费300 | F113: 免费100、付费300 | G113: 普通资源不设重复转换 | H113: 普通资源不设重复转换 | I113: 普通资源不设重复转换 | J113: 经济资源 | K113: 经济资源
A114: 资源B | B114: 资源B | C114: 外观兑换资源 | D114: 外观兑换资源 | E114: 免费20、付费80 | F114: 免费20、付费80 | G114: 重复与提级溢出单列 | H114: 重复与提级溢出单列 | I114: 重复与提级溢出单列 | J114: 外观兑换资源 | K114: 外观兑换资源
A115: 装饰A | B115: 装饰A | C115: 头像、名片、边框等 | D115: 头像、名片、边框等 | E115: 13款各1件 | F115: 13款各1件 | G115: 重复80B | H115: 重复80B | I115: 重复80B | J115: 二维装饰 | K115: 二维装饰
A116: 装饰B | B116: 装饰B | C116: 动作/挂件/展示等 | D116: 动作/挂件/展示等 | E116: 5款各1件 | F116: 5款各1件 | G116: 重复120B | H116: 重复120B | I116: 重复120B | J116: 展示外观 | K116: 展示外观
A117: 皮肤 | B117: 皮肤 | C117: 购买S0 30级S1，50级S2 | D117: 购买S0 30级S1，50级S2 | E117: 3件各1 | F117: 3件各1 | G117: S0重复200B，S1/S2重复500B | H117: S0重复200B，S1/S2重复500B | I117: S0重复200B，S1/S2重复500B | J117: 角色皮肤 | K117: 角色皮肤
A120: 21款外观奖励 | B120: 21款外观奖励 | C120: 21款外观奖励 | D120: 21款外观奖励 | E120: 21款外观奖励 | F120: 21款外观奖励 | G120: 21款外观奖励 | H120: 21款外观奖励 | I120: 21款外观奖励 | J120: 21款外观奖励 | K120: 21款外观奖励
A122: 外观编号 | B122: 外观编号 | C122: 名称 | D122: 名称 | E122: 类别 | F122: 数量 | G122: 重复转换B | H122: 重复转换B | I122: 取得条件 | J122: 取得条件 | K122: 形式
A123: V01 | B123: V01 | C123: 装饰A-01 | D123: 装饰A-01 | E123: 装饰A | F123: 1 | G123: 80 | H123: 80 | I123: 免费5级 | J123: 免费5级 | K123: 二维装饰
A124: V02 | B124: V02 | C124: 装饰A-02 | D124: 装饰A-02 | E124: 装饰A | F124: 1 | G124: 80 | H124: 80 | I124: 免费10级 | J124: 免费10级 | K124: 二维装饰
A125: V03 | B125: V03 | C125: 装饰B-01 | D125: 装饰B-01 | E125: 装饰B | F125: 1 | G125: 120 | H125: 120 | I125: 免费15级 | J125: 免费15级 | K125: 展示外观
A126: V04 | B126: V04 | C126: 装饰A-03 | D126: 装饰A-03 | E126: 装饰A | F126: 1 | G126: 80 | H126: 80 | I126: 免费20级 | J126: 免费20级 | K126: 二维装饰
A127: V05 | B127: V05 | C127: 装饰A-04 | D127: 装饰A-04 | E127: 装饰A | F127: 1 | G127: 80 | H127: 80 | I127: 免费25级 | J127: 免费25级 | K127: 二维装饰
A128: V06 | B128: V06 | C128: 装饰A-05 | D128: 装饰A-05 | E128: 装饰A | F128: 1 | G128: 80 | H128: 80 | I128: 免费30级 | J128: 免费30级 | K128: 二维装饰
A129: V07 | B129: V07 | C129: 装饰B-02 | D129: 装饰B-02 | E129: 装饰B | F129: 1 | G129: 120 | H129: 120 | I129: 免费35级 | J129: 免费35级 | K129: 展示外观
A130: V08 | B130: V08 | C130: 装饰A-06 | D130: 装饰A-06 | E130: 装饰A | F130: 1 | G130: 80 | H130: 80 | I130: 免费40级 | J130: 免费40级 | K130: 二维装饰
A131: V09 | B131: V09 | C131: 装饰A-07 | D131: 装饰A-07 | E131: 装饰A | F131: 1 | G131: 80 | H131: 80 | I131: 免费50级 | J131: 免费50级 | K131: 二维装饰
A132: V10 | B132: V10 | C132: 装饰A-08 | D132: 装饰A-08 | E132: 装饰A | F132: 1 | G132: 80 | H132: 80 | I132: 付费5级 | J132: 付费5级 | K132: 二维装饰
A133: V11 | B133: V11 | C133: 装饰B-03 | D133: 装饰B-03 | E133: 装饰B | F133: 1 | G133: 120 | H133: 120 | I133: 付费10级 | J133: 付费10级 | K133: 展示外观
A134: V12 | B134: V12 | C134: 装饰A-09 | D134: 装饰A-09 | E134: 装饰A | F134: 1 | G134: 80 | H134: 80 | I134: 付费15级 | J134: 付费15级 | K134: 二维装饰
... A143: V21 | B143: V21 | C143: 装饰A-高级款 | D143: 装饰A-高级款 | E143: 装饰A | F143: 1 | G143: 80 | H143: 80 | I143: 高级直购/补差时直接发放 | J143: 高级直购/补差时直接发放 | K143: 二维装饰
A146: 等级奖励数量汇总 | B146: 等级奖励数量汇总 | C146: 等级奖励数量汇总 | D146: 等级奖励数量汇总 | E146: 等级奖励数量汇总 | F146: 等级奖励数量汇总 | G146: 等级奖励数量汇总 | H146: 等级奖励数量汇总 | I146: 等级奖励数量汇总 | J146: 等级奖励数量汇总 | K146: 等级奖励数量汇总
A148: 路线 | B148: 类型 | C148: 节点数 | D148: 总数量
A149: 免费 | B149: 资源A | C149: =COUNTIFS(C8:C107,A149,F8:F107,B149) -> 27 | D149: =SUMIFS(G8:G107,C8:C107,A149,F8:F107,B149) -> 2700 | F149: S0×1和装饰A高级款×1为购买即时奖励，不计上述100节点。满级补给资源A按实际补给等级另计；重复转换与赠级溢出资源B按玩家状态另计。 | G149: S0×1和装饰A高级款×1为购买即时奖励，不计上述100节点。满级补给资源A按实际补给等级另计；重复转换与赠级溢出资源B按玩家状态另计。 | H149: S0×1和装饰A高级款×1为购买即时奖励，不计上述100节点。满级补给资源A按实际补给等级另计；重复转换与赠级溢出资源B按玩家状态另计。 | I149: S0×1和装饰A高级款×1为购买即时奖励，不计上述100节点。满级补给资源A按实际补给等级另计；重复转换与赠级溢出资源B按玩家状态另计。 | J149: S0×1和装饰A高级款×1为购买即时奖励，不计上述100节点。满级补给资源A按实际补给等级另计；重复转换与赠级溢出资源B按玩家状态另计。 | K149: S0×1和装饰A高级款×1为购买即时奖励，不计上述100节点。满级补给资源A按实际补给等级另计；重复转换与赠级溢出资源B按玩家状态另计。
A150: 免费 | B150: 资源B | C150: =COUNTIFS(C8:C107,A150,F8:F107,B150) -> 14 | D150: =SUMIFS(G8:G107,C8:C107,A150,F8:F107,B150) -> 280 | F150: S0×1和装饰A高级款×1为购买即时奖励，不计上述100节点。满级补给资源A按实际补给等级另计；重复转换与赠级溢出资源B按玩家状态另计。 | G150: S0×1和装饰A高级款×1为购买即时奖励，不计上述100节点。满级补给资源A按实际补给等级另计；重复转换与赠级溢出资源B按玩家状态另计。 | H150: S0×1和装饰A高级款×1为购买即时奖励，不计上述100节点。满级补给资源A按实际补给等级另计；重复转换与赠级溢出资源B按玩家状态另计。 | I150: S0×1和装饰A高级款×1为购买即时奖励，不计上述100节点。满级补给资源A按实际补给等级另计；重复转换与赠级溢出资源B按玩家状态另计。 | J150: S0×1和装饰A高级款×1为购买即时奖励，不计上述100节点。满级补给资源A按实际补给等级另计；重复转换与赠级溢出资源B按玩家状态另计。 | K150: S0×1和装饰A高级款×1为购买即时奖励，不计上述100节点。满级补给资源A按实际补给等级另计；重复转换与赠级溢出资源B按玩家状态另计。
A151: 免费 | B151: 装饰A | C151: =COUNTIFS(C8:C107,A151,F8:F107,B151) -> 7 | D151: =SUMIFS(G8:G107,C8:C107,A151,F8:F107,B151) -> 7 | F151: S0×1和装饰A高级款×1为购买即时奖励，不计上述100节点。满级补给资源A按实际补给等级另计；重复转换与赠级溢出资源B按玩家状态另计。 | G151: S0×1和装饰A高级款×1为购买即时奖励，不计上述100节点。满级补给资源A按实际补给等级另计；重复转换与赠级溢出资源B按玩家状态另计。 | H151: S0×1和装饰A高级款×1为购买即时奖励，不计上述100节点。满级补给资源A按实际补给等级另计；重复转换与赠级溢出资源B按玩家状态另计。 | I151: S0×1和装饰A高级款×1为购买即时奖励，不计上述100节点。满级补给资源A按实际补给等级另计；重复转换与赠级溢出资源B按玩家状态另计。 | J151: S0×1和装饰A高级款×1为购买即时奖励，不计上述100节点。满级补给资源A按实际补给等级另计；重复转换与赠级溢出资源B按玩家状态另计。 | K151: S0×1和装饰A高级款×1为购买即时奖励，不计上述100节点。满级补给资源A按实际补给等级另计；重复转换与赠级溢出资源B按玩家状态另计。
A152: 免费 | B152: 装饰B | C152: =COUNTIFS(C8:C107,A152,F8:F107,B152) -> 2 | D152: =SUMIFS(G8:G107,C8:C107,A152,F8:F107,B152) -> 2 | F152: S0×1和装饰A高级款×1为购买即时奖励，不计上述100节点。满级补给资源A按实际补给等级另计；重复转换与赠级溢出资源B按玩家状态另计。 | G152: S0×1和装饰A高级款×1为购买即时奖励，不计上述100节点。满级补给资源A按实际补给等级另计；重复转换与赠级溢出资源B按玩家状态另计。 | H152: S0×1和装饰A高级款×1为购买即时奖励，不计上述100节点。满级补给资源A按实际补给等级另计；重复转换与赠级溢出资源B按玩家状态另计。 | I152: S0×1和装饰A高级款×1为购买即时奖励，不计上述100节点。满级补给资源A按实际补给等级另计；重复转换与赠级溢出资源B按玩家状态另计。 | J152: S0×1和装饰A高级款×1为购买即时奖励，不计上述100节点。满级补给资源A按实际补给等级另计；重复转换与赠级溢出资源B按玩家状态另计。 | K152: S0×1和装饰A高级款×1为购买即时奖励，不计上述100节点。满级补给资源A按实际补给等级另计；重复转换与赠级溢出资源B按玩家状态另计。
A153: 免费 | B153: 皮肤 | C153: =COUNTIFS(C8:C107,A153,F8:F107,B153) -> 0 | D153: =SUMIFS(G8:G107,C8:C107,A153,F8:F107,B153) -> 0 | F153: S0×1和装饰A高级款×1为购买即时奖励，不计上述100节点。满级补给资源A按实际补给等级另计；重复转换与赠级溢出资源B按玩家状态另计。 | G153: S0×1和装饰A高级款×1为购买即时奖励，不计上述100节点。满级补给资源A按实际补给等级另计；重复转换与赠级溢出资源B按玩家状态另计。 | H153: S0×1和装饰A高级款×1为购买即时奖励，不计上述100节点。满级补给资源A按实际补给等级另计；重复转换与赠级溢出资源B按玩家状态另计。 | I153: S0×1和装饰A高级款×1为购买即时奖励，不计上述100节点。满级补给资源A按实际补给等级另计；重复转换与赠级溢出资源B按玩家状态另计。 | J153: S0×1和装饰A高级款×1为购买即时奖励，不计上述100节点。满级补给资源A按实际补给等级另计；重复转换与赠级溢出资源B按玩家状态另计。 | K153: S0×1和装饰A高级款×1为购买即时奖励，不计上述100节点。满级补给资源A按实际补给等级另计；重复转换与赠级溢出资源B按玩家状态另计。
A154: 付费 | B154: 资源A | C154: =COUNTIFS(C8:C107,A154,F8:F107,B154) -> 10 | D154: =SUMIFS(G8:G107,C8:C107,A154,F8:F107,B154) -> 3000
A155: 付费 | B155: 资源B | C155: =COUNTIFS(C8:C107,A155,F8:F107,B155) -> 30 | D155: =SUMIFS(G8:G107,C8:C107,A155,F8:F107,B155) -> 2400
A156: 付费 | B156: 装饰A | C156: =COUNTIFS(C8:C107,A156,F8:F107,B156) -> 5 | D156: =SUMIFS(G8:G107,C8:C107,A156,F8:F107,B156) -> 5
A157: 付费 | B157: 装饰B | C157: =COUNTIFS(C8:C107,A157,F8:F107,B157) -> 3 | D157: =SUMIFS(G8:G107,C8:C107,A157,F8:F107,B157) -> 3
A158: 付费 | B158: 皮肤 | C158: =COUNTIFS(C8:C107,A158,F8:F107,B158) -> 2 | D158: =SUMIFS(G8:G107,C8:C107,A158,F8:F107,B158) -> 2
A162: 满级补给基础奖励 | B162: 满级补给基础奖励 | C162: 满级补给基础奖励 | D162: 满级补给基础奖励 | E162: 满级补给基础奖励 | F162: 满级补给基础奖励 | G162: 满级补给基础奖励 | H162: 满级补给基础奖励 | I162: 满级补给基础奖励 | J162: 满级补给基础奖励 | K162: 满级补给基础奖励
A164: 补给每级经验 | B164: 补给每级经验 | C164: 奖励名称 | D164: 奖励名称 | E164: 每级数量 | F164: 每级数量 | G164: 发放方式 | H164: 发放方式 | I164: 发放方式 | J164: 发放方式 | K164: 发放方式
A165: ='附表A 数值设定'!$C$19 -> 1000 | C165: 资源A | D165: 资源A | E165: ='附表A 数值设定'!$C$20 -> 50 | G165: 升级自动到账 | H165: 升级自动到账 | I165: 升级自动到账 | J165: 升级自动到账 | K165: 升级自动到账
A167: 补给等级无上限，免费与付费一致。仅给资源A，不新增皮肤或装饰，不生成待领红点。数量随实际获得经验变化，测算见附表A。 | B167: 补给等级无上限，免费与付费一致。仅给资源A，不新增皮肤或装饰，不生成待领红点。数量随实际获得经验变化，测算见附表A。 | C167: 补给等级无上限，免费与付费一致。仅给资源A，不新增皮肤或装饰，不生成待领红点。数量随实际获得经验变化，测算见附表A。 | D167: 补给等级无上限，免费与付费一致。仅给资源A，不新增皮肤或装饰，不生成待领红点。数量随实际获得经验变化，测算见附表A。 | E167: 补给等级无上限，免费与付费一致。仅给资源A，不新增皮肤或装饰，不生成待领红点。数量随实际获得经验变化，测算见附表A。 | F167: 补给等级无上限，免费与付费一致。仅给资源A，不新增皮肤或装饰，不生成待领红点。数量随实际获得经验变化，测算见附表A。 | G167: 补给等级无上限，免费与付费一致。仅给资源A，不新增皮肤或装饰，不生成待领红点。数量随实际获得经验变化，测算见附表A。 | H167: 补给等级无上限，免费与付费一致。仅给资源A，不新增皮肤或装饰，不生成待领红点。数量随实际获得经验变化，测算见附表A。 | I167: 补给等级无上限，免费与付费一致。仅给资源A，不新增皮肤或装饰，不生成待领红点。数量随实际获得经验变化，测算见附表A。 | J167: 补给等级无上限，免费与付费一致。仅给资源A，不新增皮肤或装饰，不生成待领红点。数量随实际获得经验变化，测算见附表A。 | K167: 补给等级无上限，免费与付费一致。仅给资源A，不新增皮肤或装饰，不生成待领红点。数量随实际获得经验变化，测算见附表A。
A168: 补给等级无上限，免费与付费一致。仅给资源A，不新增皮肤或装饰，不生成待领红点。数量随实际获得经验变化，测算见附表A。 | B168: 补给等级无上限，免费与付费一致。仅给资源A，不新增皮肤或装饰，不生成待领红点。数量随实际获得经验变化，测算见附表A。 | C168: 补给等级无上限，免费与付费一致。仅给资源A，不新增皮肤或装饰，不生成待领红点。数量随实际获得经验变化，测算见附表A。 | D168: 补给等级无上限，免费与付费一致。仅给资源A，不新增皮肤或装饰，不生成待领红点。数量随实际获得经验变化，测算见附表A。 | E168: 补给等级无上限，免费与付费一致。仅给资源A，不新增皮肤或装饰，不生成待领红点。数量随实际获得经验变化，测算见附表A。 | F168: 补给等级无上限，免费与付费一致。仅给资源A，不新增皮肤或装饰，不生成待领红点。数量随实际获得经验变化，测算见附表A。 | G168: 补给等级无上限，免费与付费一致。仅给资源A，不新增皮肤或装饰，不生成待领红点。数量随实际获得经验变化，测算见附表A。 | H168: 补给等级无上限，免费与付费一致。仅给资源A，不新增皮肤或装饰，不生成待领红点。数量随实际获得经验变化，测算见附表A。 | I168: 补给等级无上限，免费与付费一致。仅给资源A，不新增皮肤或装饰，不生成待领红点。数量随实际获得经验变化，测算见附表A。 | J168: 补给等级无上限，免费与付费一致。仅给资源A，不新增皮肤或装饰，不生成待领红点。数量随实际获得经验变化，测算见附表A。 | K168: 补给等级无上限，免费与付费一致。仅给资源A，不新增皮肤或装饰，不生成待领红点。数量随实际获得经验变化，测算见附表A。
A169: 补给等级无上限，免费与付费一致。仅给资源A，不新增皮肤或装饰，不生成待领红点。数量随实际获得经验变化，测算见附表A。 | B169: 补给等级无上限，免费与付费一致。仅给资源A，不新增皮肤或装饰，不生成待领红点。数量随实际获得经验变化，测算见附表A。 | C169: 补给等级无上限，免费与付费一致。仅给资源A，不新增皮肤或装饰，不生成待领红点。数量随实际获得经验变化，测算见附表A。 | D169: 补给等级无上限，免费与付费一致。仅给资源A，不新增皮肤或装饰，不生成待领红点。数量随实际获得经验变化，测算见附表A。 | E169: 补给等级无上限，免费与付费一致。仅给资源A，不新增皮肤或装饰，不生成待领红点。数量随实际获得经验变化，测算见附表A。 | F169: 补给等级无上限，免费与付费一致。仅给资源A，不新增皮肤或装饰，不生成待领红点。数量随实际获得经验变化，测算见附表A。 | G169: 补给等级无上限，免费与付费一致。仅给资源A，不新增皮肤或装饰，不生成待领红点。数量随实际获得经验变化，测算见附表A。 | H169: 补给等级无上限，免费与付费一致。仅给资源A，不新增皮肤或装饰，不生成待领红点。数量随实际获得经验变化，测算见附表A。 | I169: 补给等级无上限，免费与付费一致。仅给资源A，不新增皮肤或装饰，不生成待领红点。数量随实际获得经验变化，测算见附表A。 | J169: 补给等级无上限，免费与付费一致。仅给资源A，不新增皮肤或装饰，不生成待领红点。数量随实际获得经验变化，测算见附表A。 | K169: 补给等级无上限，免费与付费一致。仅给资源A，不新增皮肤或装饰，不生成待领红点。数量随实际获得经验变化，测算见附表A。

Sheet 附表E 商品比较
A1: 附表E. 商品比较 | B1: 附表E. 商品比较 | C1: 附表E. 商品比较 | D1: 附表E. 商品比较 | E1: 附表E. 商品比较 | F1: 附表E. 商品比较 | G1: 附表E. 商品比较 | H1: 附表E. 商品比较 | I1: 附表E. 商品比较
A2: 两个档位和补差升级。成长不依赖购买，价格为本案设定。 | B2: 两个档位和补差升级。成长不依赖购买，价格为本案设定。 | C2: 两个档位和补差升级。成长不依赖购买，价格为本案设定。 | D2: 两个档位和补差升级。成长不依赖购买，价格为本案设定。 | E2: 两个档位和补差升级。成长不依赖购买，价格为本案设定。 | F2: 两个档位和补差升级。成长不依赖购买，价格为本案设定。 | G2: 两个档位和补差升级。成长不依赖购买，价格为本案设定。 | H2: 两个档位和补差升级。成长不依赖购买，价格为本案设定。 | I2: 两个档位和补差升级。成长不依赖购买，价格为本案设定。
A7: 档位 | B7: 价格 | C7: 单位 | D7: 购买条件 | E7: 内容 | F7: 赠级 | G7: 边界 | H7: 即时奖励 | I7: 等级奖励
A8: 标准 | B8: ='附表A 数值设定'!$C$31 -> 68 | C8: 元 | D8: 未购买标准/高级 | E8: S0+付费路线 | F8: 0 | G8: 当前等级不变 | H8: 立即获得S0 | I8: 达到等级后主动领取
A9: 高级 | B9: ='附表A 数值设定'!$C$32 -> 128 | C9: 元 | D9: 尚未拥有高级 | E9: 标准内容+高级装饰+10级 | F9: ='附表A 数值设定'!$C$33 -> 10 | G9: 赠级超出转资源B | H9: S0和高级装饰立即获得 | I9: 达到等级后主动领取
A10: 标准升高级 | B10: ='附表A 数值设定'!$C$32-'附表A 数值设定'!$C$31 -> 60 | C10: 元 | D10: 已标准，尚未高级 | E10: 高级装饰+10级；S0不重复 | F10: ='附表A 数值设定'!$C$33 -> 10 | G10: 每溢出级转80资源B | H10: 仅高级装饰新增 | I10: 原领取状态保留
A14: 45级高级赠级示例 | B14: 45级高级赠级示例 | C14: 45级高级赠级示例 | D14: 45级高级赠级示例 | E14: 45级高级赠级示例 | F14: 45级高级赠级示例 | G14: 45级高级赠级示例 | H14: 45级高级赠级示例 | I14: 45级高级赠级示例
A16: 字段 | B16: 值 | C16: 单位 | D16: 说明
A17: 当前等级 | B17: 45 | C17: 级 | D17: 黄色可改
A18: 赠送等级 | B18: ='附表A 数值设定'!$C$33 -> 10 | C18: 级 | D18: 高级内容
A19: 实际提升 | B19: =MIN(B18,MAX(0,'附表A 数值设定'!$C$9-B17)) -> 5 | C19: 级 | D19: 不超过50级
A20: 溢出等级 | B20: =B18-B19 -> 5 | C20: 级 | D20: 赠送减实际
A21: 转换资源 | B21: =B20*'附表A 数值设定'!$C$34 -> 400 | C21: 资源B | D21: 每级80B
A22: 最终等级 | B22: =B17+B19 -> 50 | C22: 级 | D22: 当前加实际
A25: 不同购买方式的新增内容 | B25: 不同购买方式的新增内容 | C25: 不同购买方式的新增内容 | D25: 不同购买方式的新增内容 | E25: 不同购买方式的新增内容 | F25: 不同购买方式的新增内容 | G25: 不同购买方式的新增内容 | H25: 不同购买方式的新增内容 | I25: 不同购买方式的新增内容
A27: 购买方式 | B27: 皮肤S0 | C27: 皮肤S0 | D27: 高级装饰A | E27: 赠级 | F27: 付费路线 | G27: 付费路线 | H27: S0重复转换资源B | I27: S0重复转换资源B
A28: 标准购买 | B28: 1 | C28: 1 | D28: 0 | E28: 0 | F28: 开放 | G28: 开放 | H28: ='附表A 数值设定'!$C$35 -> 200
A29: 高级购买 | B29: 1 | C29: 1 | D29: 1 | E29: ='附表A 数值设定'!$C$33 -> 10 | F29: 开放 | G29: 开放 | H29: ='附表A 数值设定'!$C$35 -> 200
A30: 标准补差 | B30: 0 | C30: 0 | D30: 1 | E30: ='附表A 数值设定'!$C$33 -> 10 | F30: 保持已开放 | G30: 保持已开放 | H30: 0 | I30: 0
